Workbook

Sheet Sumário

Sheet Base de Alunos
B1: Base de alunos
B2: Sumário
B4: # de estudantes | C4: ='Histórico Ebitda LTM'!C4 -> 1T18 | D4: ='Histórico Ebitda LTM'!D4 -> 2T18 | E4: ='Histórico Ebitda LTM'!E4 -> 3T18 | F4: ='Histórico Ebitda LTM'!F4 -> 4T18 | G4: ='Histórico Ebitda LTM'!G4 -> 1T19 | H4: ='Histórico Ebitda LTM'!H4 -> 2T19 | I4: ='Histórico Ebitda LTM'!I4 -> 3T19 | J4: ='Histórico Ebitda LTM'!J4 -> 4T19 | ... AJ4: ='Histórico Ebitda LTM'!AJ4 -> 2T26
B5: Graduação | C5: n/a | D5: n/a | E5: n/a | F5: n/a | G5: n/a | H5: n/a | I5: n/a | J5: n/a | K5: 120447 | L5: 113654 | M5: 114257 | N5: 108827 | O5: 133791 | P5: 316334 | Q5: 306700 | R5: 318323 | S5: 330108 | T5: 326535 | U5: 327002 | V5: 331812 | W5: 348516 | X5: 353218 | Y5: 334326 | Z5: 343168 | AA5: 336828 | AB5: =SUM(AB6:AB8) -> 342307 | AC5: =SUM(AC6:AC8) -> 323127 | AD5: 324846 | AE5: =SUM(AE6:AE8) -> 334069 | AF5: =SUM(AF6:AF8) -> 332865 | AG5: =SUM(AG6:AG8) -> 312408 | AH5: =SUM(AH6:AH8) -> 310748 | AI5: =SUM(AI6:AI8) -> 313352 | AJ5: =SUM(AJ6:AJ8) -> 302394
B6: Ânima Core | C6: n/a | D6: n/a | E6: n/a | F6: n/a | G6: n/a | H6: n/a | I6: n/a | J6: n/a | K6: 118481 | L6: 111068 | M6: 111582 | N6: 106120 | O6: 125158 | P6: 247638 | Q6: 239722 | R6: 232890 | S6: 239282 | T6: 224013 | U6: 221827 | V6: 213697 | W6: 229419 | X6: 220287 | Y6: 213334 | Z6: 205273 | AA6: 208939 | AB6: 202681 | AC6: 196647 | AD6: 191351 | AE6: 207429 | AF6: 199991 | AG6: 194838 | AH6: 187378 | AI6: 207330 | AJ6: 193582
B7: Ensino Digital | C7: n/a | D7: n/a | E7: n/a | F7: n/a | G7: n/a | H7: n/a | I7: n/a | J7: n/a | K7: 381 | L7: 441 | M7: 232 | N7: 283 | O7: 3793 | P7: 58711 | Q7: 57117 | R7: 75506 | S7: 80072 | T7: 91503 | U7: 94371 | V7: 107278 | W7: 107176 | X7: 120893 | Y7: 109547 | Z7: 126361 | AA7: 115906 | AB7: 127408 | AC7: 114854 | AD7: 121879 | AE7: 114564 | AF7: 120681 | AG7: 105349 | AH7: 111181 | AI7: 93428 | AJ7: 96195
B8: Inspirali | C8: n/a | D8: n/a | E8: n/a | F8: n/a | G8: n/a | H8: n/a | I8: n/a | J8: n/a | K8: 1585 | L8: 2145 | M8: 2443 | N8: 2424 | O8: 4840 | P8: 9985 | Q8: 9861 | R8: 9927 | S8: 10754 | T8: 11019 | U8: 10804 | V8: 10837 | W8: 11921 | X8: 12038 | Y8: 11445 | Z8: 11534 | AA8: 11983 | AB8: 12218 | AC8: 11626 | AD8: 11616 | AE8: 12076 | AF8: 12193 | AG8: 12221 | AH8: 12189 | AI8: 12594 | AJ8: 12617
B9: Outros | C9: n/a | D9: n/a | E9: n/a | F9: n/a | G9: n/a | H9: n/a | I9: n/a | J9: n/a | K9: 1409 | L9: 1358 | M9: 1420 | N9: 1405 | O9: 1822 | P9: 3930 | Q9: 3862 | R9: 2698 | S9: 2701 | T9: 2651 | U9: 2542 | V9: 2159 | W9: 1864 | X9: 1848 | Y9: 1914 | Z9: 2080 | AA9: 2025 | AB9: =AB10 -> 1997 | AC9: =AC10 -> 1707 | AD9: 1718 | AE9: =AE10 -> 1853 | AF9: =AF10 -> 1847 | AG9: =AG10 -> 1580 | AH9: =AH10 -> 1619 | AI9: =AI10 -> 1717 | AJ9: =AJ10 -> 1697
B10: Ânima Core | C10: n/a | D10: n/a | E10: n/a | F10: n/a | G10: n/a | H10: n/a | I10: n/a | J10: n/a | K10: 1409 | L10: 1358 | M10: 1420 | N10: 1405 | O10: 1822 | P10: 3930 | Q10: 3862 | R10: 2698 | S10: 2701 | T10: 2651 | U10: 2542 | V10: 2159 | W10: 1864 | X10: 1848 | Y10: 1914 | Z10: 2080 | AA10: 2025 | AB10: 1997 | AC10: 1707 | AD10: 1718 | AE10: 1853 | AF10: 1847 | AG10: 1580 | AH10: 1619 | AI10: 1717 | AJ10: 1697
B11: Ensino Acadêmico | C11: n/a | D11: n/a | E11: n/a | F11: n/a | G11: n/a | H11: n/a | I11: n/a | J11: n/a | K11: 121856 | L11: 115012 | M11: 115677 | N11: 110232 | O11: 135613 | P11: 320264 | Q11: 310562 | R11: 321021 | S11: 332809 | T11: 329186 | U11: 329544 | V11: 333971 | W11: 350380 | X11: 355066 | Y11: 336240 | Z11: 345248 | AA11: 338853 | AB11: =SUM(AB5,AB9) -> 344304 | AC11: =SUM(AC5,AC9) -> 324834 | AD11: 326564 | AE11: =SUM(AE5,AE9) -> 335922 | AF11: =SUM(AF5,AF9) -> 334712 | AG11: =SUM(AG5,AG9) -> 313988 | AH11: =SUM(AH5,AH9) -> 312367 | AI11: =SUM(AI5,AI9) -> 315069 | AJ11: =SUM(AJ5,AJ9) -> 304091
B13: Ânima Core | C13: n/a | D13: n/a | E13: n/a | F13: n/a | G13: n/a | H13: n/a | I13: n/a | J13: n/a | K13: 18380 | L13: 18932 | M13: 23054 | N13: 31692 | O13: 30420 | P13: 36946 | Q13: 33181 | R13: 29974 | S13: 28985 | T13: 26037 | U13: 28353 | V13: 27493 | W13: 28033 | X13: 28041 | Y13: 29262 | Z13: 37131 | AA13: 22515 | AB13: 16261 | AC13: 28215.333 | AD13: 12196 | AE13: 10680 | AF13: 8562 | AG13: 7388 | AH13: 7078 | AI13: 6558 | AJ13: 5802
B14: Ensino Digital | C14: n/a | D14: n/a | E14: n/a | F14: n/a | G14: n/a | H14: n/a | I14: n/a | J14: n/a | K14: 0 | L14: 0 | M14: 0 | N14: 0 | O14: 2172 | P14: 32567 | Q14: 26543 | R14: 38534 | S14: 31695 | T14: 36524 | U14: 28808 | V14: 31083 | W14: 21106 | X14: 30795 | Y14: 21920 | Z14: 25456 | AA14: 21943 | AB14: 24504 | AC14: 17619 | AD14: 23349 | AE14: 27140 | AF14: 31975 | AG14: 31384 | AH14: 32012 | AI14: 31359 | AJ14: 28902
B15: Inspirali | C15: n/a | D15: n/a | E15: n/a | F15: n/a | G15: n/a | H15: n/a | I15: n/a | J15: n/a | K15: 0 | L15: 0 | M15: 0 | N15: 0 | O15: 0 | P15: 0 | Q15: 0 | R15: 2258 | S15: 2420 | T15: 2398 | U15: 2582 | V15: 2797 | W15: 3096 | X15: 3399 | Y15: 3609 | Z15: 3169 | AA15: 3366 | AB15: 3492 | AC15: 3733 | AD15: 7151 | AE15: 7570 | AF15: 7574 | AG15: 8066 | AH15: 8963 | AI15: 8492 | AJ15: 9326
B16: Lifelong Learning | C16: n/a | D16: n/a | E16: n/a | F16: n/a | G16: n/a | H16: n/a | I16: n/a | J16: n/a | K16: 18380 | L16: 18932 | M16: 23054 | N16: 31692 | O16: 32592 | P16: 69513 | Q16: 59724 | R16: 70766 | S16: 63100 | T16: 64959 | U16: 59743 | V16: 61373 | W16: 52235 | X16: 62235 | Y16: 54791 | Z16: 65756 | AA16: 47824 | AB16: =SUM(AB13:AB15) -> 44257 | AC16: =SUM(AC13:AC15) -> 49567.333 | AD16: 42696 | AE16: =SUM(AE13:AE15) -> 45390 | AF16: =SUM(AF13:AF15) -> 48111 | AG16: =SUM(AG13:AG15) -> 46838 | AH16: =SUM(AH13:AH15) -> 48053 | AI16: =SUM(AI13:AI15) -> 46409 | AJ16: =SUM(AJ13:AJ15) -> 44030
B18: Base de Alunos Total | C18: n/a | D18: n/a | E18: n/a | F18: n/a | G18: n/a | H18: n/a | I18: n/a | J18: n/a | K18: 140236 | L18: 133944 | M18: 138731 | N18: 141924 | O18: 168205 | P18: 389777 | Q18: 370286 | R18: 391787 | S18: 395909 | T18: 394145 | U18: 389287 | V18: 395344 | W18: 402615 | X18: 417301 | Y18: 391031 | Z18: 411004 | AA18: 386677 | AB18: =SUM(AB11,AB16) -> 388561 | AC18: =SUM(AC11,AC16) -> 374401.33 | AD18: 369260 | AE18: =SUM(AE11,AE16) -> 381312 | AF18: =SUM(AF11,AF16) -> 382823 | AG18: =SUM(AG11,AG16) -> 360826 | AH18: =SUM(AH11,AH16) -> 360420 | AI18: =SUM(AI11,AI16) -> 361478 | AJ18: =SUM(AJ11,AJ16) -> 348121

Sheet Fluxo da Graduação
B1: Fluxo da graduação
B2: Sumário
B4: # de estudantes | C4: ='Histórico Ebitda LTM'!C4 -> 1T18 | D4: ='Histórico Ebitda LTM'!D4 -> 2T18 | E4: ='Histórico Ebitda LTM'!E4 -> 3T18 | F4: ='Histórico Ebitda LTM'!F4 -> 4T18 | G4: ='Histórico Ebitda LTM'!G4 -> 1T19 | H4: ='Histórico Ebitda LTM'!H4 -> 2T19 | I4: ='Histórico Ebitda LTM'!I4 -> 3T19 | J4: ='Histórico Ebitda LTM'!J4 -> 4T19 | ... AJ4: ='Histórico Ebitda LTM'!AJ4 -> 2T26
B5: Ânima Core | C5: ='Histórico Ebitda LTM'!C4 -> 1T18 | D5: ='Histórico Ebitda LTM'!D4 -> 2T18 | E5: ='Histórico Ebitda LTM'!E4 -> 3T18 | F5: ='Histórico Ebitda LTM'!F4 -> 4T18 | G5: ='Histórico Ebitda LTM'!G4 -> 1T19 | H5: ='Histórico Ebitda LTM'!H4 -> 2T19 | I5: ='Histórico Ebitda LTM'!I4 -> 3T19 | J5: ='Histórico Ebitda LTM'!J4 -> 4T19 | ... N5: ='Histórico Ebitda LTM'!N4 -> 4T20
B6: Base Anterior | C6: n/a | D6: n/a | E6: n/a | F6: n/a | G6: n/a | H6: n/a | I6: n/a | J6: n/a | K6: n/a | L6: n/a | M6: n/a | N6: n/a | O6: 106120 | P6: 125158 | Q6: 247638 | R6: 239722 | S6: 232890 | T6: 239282 | U6: 224013 | V6: 221827 | W6: 213697 | X6: 229419 | Y6: 220287 | Z6: 213334 | AA6: 205273 | AB6: 208939 | AC6: =AB12 -> 202681 | AD6: 196647 | AE6: =AD12 -> 191351 | AF6: =AE12 -> 207429 | AG6: =AF12 -> 199991 | AH6: =AG12 -> 194838 | AI6: =AH12 -> 187378 | AJ6: =AI12 -> 207330
B7: Formaturas | C7: n/a | D7: n/a | E7: n/a | F7: n/a | G7: n/a | H7: n/a | I7: n/a | J7: n/a | K7: n/a | L7: n/a | M7: n/a | N7: n/a | O7: -12481 | P7: 0 | Q7: -17548 | R7: 0 | S7: -28846 | T7: 0 | U7: -15216 | V7: 0 | W7: -28722 | X7: 0 | Y7: -15309 | Z7: 0 | AA7: -26716 | AB7: 0 | AC7: -13662 | AD7: 0 | AE7: -23863 | AF7: 0 | AG7: -13165 | AH7: 0 | AI7: -22085 | AJ7: 0
B8: Evasão | C8: n/a | D8: n/a | E8: n/a | F8: n/a | G8: n/a | H8: n/a | I8: n/a | J8: n/a | K8: n/a | L8: n/a | M8: n/a | N8: n/a | O8: -7516 | P8: -7392 | Q8: -24345 | R8: -14801 | S8: -29035 | T8: -15269 | U8: -25267 | V8: -8130 | W8: -23909 | X8: -12197 | Y8: -29161 | Z8: -8386 | AA8: -25255 | AB8: -8706 | AC8: -23890 | AD8: -5588 | AE8: -20736 | AF8: -9537 | AG8: -25203 | AH8: -7670 | AI8: -23321 | AJ8: -14613
B9: % Evasão | C9: n/a | D9: n/a | E9: n/a | F9: n/a | G9: n/a | H9: n/a | I9: n/a | J9: n/a | K9: n/a | L9: n/a | M9: n/a | N9: n/a | O9: -0.070825481 | P9: -0.059061346 | Q9: -0.098308822 | R9: -0.061742352 | S9: -0.12467259 | T9: -0.063811737 | U9: -0.11279256 | V9: -0.036650182 | W9: -0.11188271 | X9: -0.053164734 | Y9: -0.13237731 | Z9: -0.039309252 | AA9: -0.12303128 | AB9: -0.041667664 | AC9: =AC8/AC6 -> -0.11786995 | AD9: -0.028416401 | AE9: =AE8/AE6 -> -0.1083663 | AF9: =AF8/AF6 -> -0.045977178 | AG9: =AG8/AG6 -> -0.12602067 | AH9: =AH8/AH6 -> -0.039366037 | AI9: =AI8/AI6 -> -0.12445965 | AJ9: =AJ8/AJ6 -> -0.070481841
B10: Entradas | C10: n/a | D10: n/a | E10: n/a | F10: n/a | G10: n/a | H10: n/a | I10: n/a | J10: n/a | K10: n/a | L10: n/a | M10: n/a | N10: n/a | O10: 30327 | P10: 0 | Q10: 33977 | R10: 7969 | S10: 64273 | T10: 0 | U10: 38297 | V10: 0 | W10: 68353 | X10: 3065 | Y10: 37517 | Z10: 325 | AA10: 55637 | AB10: 2448 | AC10: 31518 | AD10: 292 | AE10: 60677 | AF10: 2099 | AG10: 33215 | AH10: 210 | AI10: 65358 | AJ10: 865
B11: Aquisições | C11: n/a | D11: n/a | E11: n/a | F11: n/a | G11: n/a | H11: n/a | I11: n/a | J11: n/a | K11: n/a | L11: n/a | M11: n/a | N11: n/a | O11: 8708 | P11: 129872 | Q11: 0 | R11: 0 | S11: 0 | T11: 0 | U11: 0 | V11: 0 | W11: 0 | X11: 0 | Y11: 0 | Z11: 0 | AA11: 0 | AB11: 0 | AC11: 0 | AD11: 0 | AE11: 0 | AF11: 0 | AG11: 0 | AH11: 0 | AI11: 0 | AJ11: 0
B12: Base Atual | C12: n/a | D12: n/a | E12: n/a | F12: n/a | G12: n/a | H12: n/a | I12: n/a | J12: n/a | K12: n/a | L12: n/a | M12: n/a | N12: n/a | O12: 125158 | P12: 247638 | Q12: 239722 | R12: 232890 | S12: 239282 | T12: 224013 | U12: 221827 | V12: 213697 | W12: 229419 | X12: 220287 | Y12: 213334 | Z12: 205273 | AA12: 208939 | AB12: 202681 | AC12: =SUM(AC6:AC8,AC10:AC11) -> 196647 | AD12: 191351 | AE12: =SUM(AE6:AE8,AE10:AE11) -> 207429 | AF12: =SUM(AF6:AF8,AF10:AF11) -> 199991 | AG12: =SUM(AG6:AG8,AG10:AG11) -> 194838 | AH12: =SUM(AH6:AH8,AH10:AH11) -> 187378 | AI12: =SUM(AI6:AI8,AI10:AI11) -> 207330 | AJ12: =SUM(AJ6:AJ8,AJ10:AJ11) -> 193582
B14: Ensino Digital | C14: ='Histórico Ebitda LTM'!C4 -> 1T18 | D14: ='Histórico Ebitda LTM'!D4 -> 2T18 | E14: ='Histórico Ebitda LTM'!E4 -> 3T18 | F14: ='Histórico Ebitda LTM'!F4 -> 4T18 | G14: ='Histórico Ebitda LTM'!G4 -> 1T19 | H14: ='Histórico Ebitda LTM'!H4 -> 2T19 | I14: ='Histórico Ebitda LTM'!I4 -> 3T19 | J14: ='Histórico Ebitda LTM'!J4 -> 4T19 | ... N14: ='Histórico Ebitda LTM'!N4 -> 4T20
B15: Base Anterior | C15: n/a | D15: n/a | E15: n/a | F15: n/a | G15: n/a | H15: n/a | I15: n/a | J15: n/a | K15: n/a | L15: n/a | M15: n/a | N15: n/a | O15: n/a | P15: n/a | Q15: 58711 | R15: 57117 | S15: 75506 | T15: 80072 | U15: 91503 | V15: 94371 | W15: 107278 | X15: 107176 | Y15: 120893 | Z15: 109547 | AA15: 126361 | AB15: 115906 | AC15: =AB21 -> 127408 | AD15: 114854 | AE15: =AD21 -> 121879 | AF15: =AE21 -> 114564 | AG15: =AF21 -> 120681 | AH15: =AG21 -> 105349 | AI15: =AH21 -> 111181 | AJ15: =AI21 -> 93428
B16: Formaturas | C16: n/a | D16: n/a | E16: n/a | F16: n/a | G16: n/a | H16: n/a | I16: n/a | J16: n/a | K16: n/a | L16: n/a | M16: n/a | N16: n/a | O16: n/a | P16: n/a | Q16: -2083 | R16: 0 | S16: -3727 | U16: -3067 | V16: 0 | W16: -4427 | X16: 0 | Y16: -5269 | Z16: 0 | AA16: -5909 | AB16: 0 | AC16: -7100 | AD16: 0 | AE16: -9520 | AF16: 0 | AG16: -10399 | AH16: 0 | AI16: -9073 | AJ16: 0
B17: Evasão | C17: n/a | D17: n/a | E17: n/a | F17: n/a | G17: n/a | H17: n/a | I17: n/a | J17: n/a | K17: n/a | L17: n/a | M17: n/a | N17: n/a | O17: n/a | P17: n/a | Q17: -16496 | R17: -1348 | S17: -18781 | T17: -5118 | U17: -24583 | V17: -5137 | W17: -30437 | X17: -5685 | Y17: -31780 | Z17: -2065 | AA17: -32709 | AB17: -6814 | AC17: -30525 | AD17: -4103 | AE17: -29735 | AF17: -5066 | AG17: -26501 | AH17: -2555 | AI17: -27145 | AJ17: -1525
B18: % Evasão | C18: n/a | D18: n/a | E18: n/a | F18: n/a | G18: n/a | H18: n/a | I18: n/a | J18: n/a | K18: n/a | L18: n/a | M18: n/a | N18: n/a | O18: n/a | P18: n/a | Q18: -0.28096949 | R18: -0.023600679 | S18: -0.2487352 | T18: -0.063917474 | U18: -0.26865786 | V18: -0.054434095 | W18: -0.2837208 | X18: -0.053043592 | Y18: -0.26287709 | Z18: -0.018850356 | AA18: -0.2588536 | AB18: -0.058789019 | AC18: =AC17/AC15 -> -0.23958464 | AD18: -0.035723614 | AE18: =AE17/AE15 -> -0.24397148 | AF18: =AF17/AF15 -> -0.044219825 | AG18: =AG17/AG15 -> -0.21959546 | AH18: =AH17/AH15 -> -0.024252722 | AI18: =AI17/AI15 -> -0.24415143 | AJ18: =AJ17/AJ15 -> -0.01632273
B19: Entradas | C19: n/a | D19: n/a | E19: n/a | F19: n/a | G19: n/a | H19: n/a | I19: n/a | J19: n/a | K19: n/a | L19: n/a | M19: n/a | N19: n/a | O19: n/a | P19: n/a | Q19: 16985 | R19: 19737 | S19: 27074 | T19: 16549 | U19: 30518 | V19: 18044 | W19: 34762 | X19: 19402 | Y19: 25703 | Z19: 18879 | AA19: 28163 | AB19: 18316 | AC19: 25071 | AD19: 11128 | AE19: 31940 | AF19: 11183 | AG19: 21568 | AH19: 8387 | AI19: 18465 | AJ19: 4292
B20: Aquisições | C20: n/a | D20: n/a | E20: n/a | F20: n/a | G20: n/a | H20: n/a | I20: n/a | J20: n/a | K20: n/a | L20: n/a | M20: n/a | N20: n/a | O20: n/a | P20: n/a | Q20: 0 | R20: 0 | S20: 0 | T20: 0 | U20: 0 | V20: 0 | W20: 0 | X20: 0 | Y20: 0 | Z20: 0 | AA20: 0 | AB20: 0 | AC20: 0 | AD20: 0 | AE20: 0 | AF20: 0 | AG20: 0 | AH20: 0 | AI20: 0 | AJ20: 0
B21: Base Atual | C21: n/a | D21: n/a | E21: n/a | F21: n/a | G21: n/a | H21: n/a | I21: n/a | J21: n/a | K21: n/a | L21: n/a | M21: n/a | N21: n/a | O21: n/a | P21: n/a | Q21: 57117 | R21: 75506 | S21: 80072 | T21: 91503 | U21: 94371 | V21: 107278 | W21: 107176 | X21: 120893 | Y21: 109547 | Z21: 126361 | AA21: 115906 | AB21: 127408 | AC21: =SUM(AC15:AC17,AC19:AC20) -> 114854 | AD21: 121879 | AE21: =SUM(AE15:AE17,AE19:AE20) -> 114564 | AF21: =SUM(AF15:AF17,AF19:AF20) -> 120681 | AG21: =SUM(AG15:AG17,AG19:AG20) -> 105349 | AH21: =SUM(AH15:AH17,AH19:AH20) -> 111181 | AI21: =SUM(AI15:AI17,AI19:AI20) -> 93428 | AJ21: =SUM(AJ15:AJ17,AJ19:AJ20) -> 96195

Sheet Balanço IFRS
B1: Balanço Consolidado IFRS
B2: Sumário
B4: R$ milhões | C4: 1T18 | D4: 2T18 | E4: 3T18 | F4: 4T18 | G4: 1T19 | H4: 2T19 | I4: 3T19 | J4: 4T19 | K4: 1T20 | L4: 2T20 | M4: 3T20 | N4: 4T20 | O4: 1T21 | P4: 2T21 | Q4: 3T21 | R4: 4T21 | S4: 1T22 | T4: 2T22 | U4: 3T22 | V4: 4T22 | W4: 1T23 | X4: 2T23 | Y4: 3T23 | Z4: 4T23 | AA4: 1T24 | AB4: 2T24 | AC4: 3T24 | AD4: 4T24 | AE4: 1T25 | AF4: 2T25 | AG4: 3T25 | AH4: 4T25 | AI4: 1T26 | AJ4: 2T26
B5: Ativo Circulante | C5: 432.861 | D5: 542.01115 | E5: 498.98367 | F5: 408.19357 | G5: 389.25848 | H5: 360.947 | I5: 369.73111 | J5: 455.92088 | K5: 1281.063 | L5: 1312.3783 | M5: 1309.3986 | N5: 2106.4135 | O5: =SUM(O6:O17) -> 1860.921 | P5: =SUM(P6:P17) -> 1618.499 | Q5: =SUM(Q6:Q17) -> 1615.157 | R5: =SUM(R6:R17) -> 1311.929 | S5: =SUM(S6:S17) -> 2245.964 | T5: =SUM(T6:T17) -> 2117.333 | U5: =SUM(U6:U17) -> 2067.6899 | V5: =SUM(V6:V17) -> 2379.5891 | ... AC5: =SUM(AC6:AC17) -> 2388.248 | AD5: 2084.6531 | AE5: 2324.269 | AF5: =SUM(AF6:AF17) -> 2358.349 | AG5: =SUM(AG6:AG17) -> 2547.889 | AH5: =SUM(AH6:AH17) -> 2588.253 | AI5: =SUM(AI6:AI17) -> 2713.585 | AJ5: =SUM(AJ6:AJ17) -> 2749.743
B6: Caixa e equivalentes de caixa | C6: 26.337 | D6: 246.552 | E6: 23.345 | F6: 99.507 | G6: 44.502 | H6: 30.307 | I6: 27.956 | J6: 31.552 | K6: 36.443 | L6: 41.915 | M6: 84.332 | N6: 73.183 | O6: 62.233 | P6: 141.182 | Q6: 174.919 | R6: 169.248 | S6: 229.109 | T6: 146.241 | U6: 192.315 | V6: 422.431 | W6: 419.777 | X6: 61.462 | Y6: 445.741 | Z6: 139.411 | AA6: 146.471 | AB6: 172.419 | AC6: 100.228 | AD6: 99.600576 | AE6: 125.35214 | AF6: 103.14965 | AG6: 112.989 | AH6: 220.007 | AI6: 105.086 | AJ6: 105.305
B7: Aplicações financeiras | C7: 74.34 | D7: 46.941 | E7: 222.874 | F7: 85.924 | G7: 92.223 | H7: 55.402 | I7: 79.944 | J7: 151.042 | K7: 895.451 | L7: 751.389 | M7: 705.427 | N7: 1204.671 | O7: 1161.156 | P7: 496.839 | Q7: 584.552 | R7: 346.053 | S7: 1172.202 | T7: 1068.326 | U7: 912.282 | V7: 988.199 | W7: 840.518 | X7: 923.049 | Y7: 600.827 | Z7: 765.834 | AA7: 382.004 | AB7: 1007.622 | AC7: 1374.94 | AD7: 1152.3796 | AE7: 1266.569 | AF7: 1341.1299 | AG7: 1563.474 | AH7: 1485.408 | AI7: 1627.078 | AJ7: 1671.602
B8: Contas a receber | C8: 290.528 | D8: 197.56 | E8: 203.574 | F8: 174.083 | G8: 210.759 | H8: 235.44 | I8: 224.399 | J8: 213.346 | K8: 272.865 | L8: 302.431 | M8: 318.364 | N8: 343.602 | O8: 365.439 | P8: 614.25 | Q8: 640.966 | R8: 603.855 | S8: 656.435 | T8: 724.655 | U8: 803.43607 | V8: 791.593 | W8: 873.866 | X8: 808.006 | Y8: 705.582 | Z8: 722.121 | AA8: 822.617 | AB8: 840.904 | AC8: 804.654 | AD8: 740.573 | AE8: 808.37109 | AF8: 784.47605 | AG8: 759.143 | AH8: 771.91 | AI8: 850.649 | AJ8: 821.873
B9: Conta a receber com partes relacionadas | C9: 0 | D9: 0 | E9: 0 | F9: 0 | G9: 0 | H9: 0 | I9: 0 | J9: 0 | K9: 0 | L9: 0 | M9: 0 | N9: 0 | O9: 0 | P9: 0 | Q9: 0 | R9: 0 | S9: 0 | T9: 0 | U9: 0 | V9: 0.33511558 | W9: 0.632 | X9: 0.336 | Y9: 0.336 | Z9: 0.336 | AA9: 0.336 | AB9: 0.76 | AC9: 0.76 | AD9: 0.76018843 | AE9: 0.94 | AF9: 0.43756744 | AG9: 0.441 | AH9: 0.441 | AI9: 0.441 | AJ9: 0.441
B10: Adiantamentos diversos | C10: 19.481 | D10: 27.465 | E10: 21.095 | F10: 31.559 | G10: 21.336 | H10: 20.153 | I10: 17.38 | J10: 27.77 | K10: 18.166 | L10: 19.462 | M10: 12.904 | N10: 24.985 | O10: 12.76 | P10: 23.436 | Q10: 17.57 | R10: 44.202 | S10: 24.303 | T10: 36.6 | U10: 28.258 | V10: 55.26 | W10: 17.465 | X10: 26.712 | Y10: 27.576 | Z10: 31.489 | AA10: 18.094 | AB10: 25.564 | AC10: 18.503 | AD10: 30.094734 | AE10: 25.309406 | AF10: 0 | AG10: 0 | AH10: 0 | AI10: 0 | AJ10: 0
B11: Impostos e contribuições a recuperar | C11: 8.995 | D11: 9.807 | E11: 10.256 | F11: 9.669 | G11: 6.227 | H11: 7.614 | I11: 6.228 | J11: 4.087 | K11: 4.839 | L11: 6.011 | M11: 4.815 | N11: 5.88 | O11: 6.847 | P11: 78.294 | Q11: 81.588 | R11: 88.617 | S11: 83.441 | T11: 83.384 | U11: 81.562 | V11: 77.156 | W11: 74.695 | X11: 75.765 | Y11: 94.929 | Z11: 62.673 | AA11: 68.065 | AB11: 61.63 | AC11: 58.485 | AD11: 44.339104 | AE11: 47.121239 | AF11: 52.59745 | AG11: 52.84 | AH11: 64.372 | AI11: 58.329 | AJ11: 77.845
B12: Derivativos | C12: 0.07000424 | D12: 2.5461454 | E12: 3.319673 | F12: 1.8495748 | G12: 1.5954784 | H12: 0 | I12: 4.0841053 | J12: 2.390878 | K12: 0 | L12: 0 | M12: 0 | N12: 0 | O12: 0.717 | P12: 0 | Q12: 0 | R12: 0 | S12: 0 | T12: 0 | U12: 0 | V12: 0 | W12: 0 | X12: 0 | Y12: 0 | Z12: 0 | AA12: 0 | AB12: 0 | AC12: 0 | AD12: 0 | AE12: 0 | AF12: 0 | AG12: 0 | AH12: 0 | AI12: 0 | AJ12: 0
B13: Direitos e empréstimos para aquisições | C13: 0 | D13: 0 | E13: 0 | F13: 0 | G13: 0 | H13: 0 | I13: 0 | J13: 20.05 | K13: 40.115 | L13: 177.13727 | M13: 172.0416 | N13: 0 | O13: 0 | P13: 0 | Q13: 0 | R13: 0 | S13: 0 | T13: 0 | U13: 0 | V13: 0 | W13: 0 | X13: 0 | Y13: 0 | Z13: 0 | AA13: 0 | AB13: 0 | AC13: 0 | AD13: 0 | AE13: 0 | AF13: 0 | AG13: 0 | AH13: 0 | AI13: 0 | AJ13: 0
B14: Despesas antecipadas | C14: 0 | D14: 0 | E14: 0 | F14: 0 | G14: 0 | H14: 0 | I14: 0 | J14: 0 | K14: 0 | L14: 0 | M14: 0 | N14: 0 | O14: 0 | P14: 0 | Q14: 0 | R14: 0 | S14: 0 | T14: 0 | U14: 0 | V14: 35.991 | W14: 60.37 | X14: 0 | Y14: 0 | Z14: 0 | AA14: 0 | AB14: 0 | AC14: 0 | AD14: 0 | AE14: 0 | AF14: 0 | AG14: 0 | AH14: 0 | AI14: 0 | AJ14: 0
B15: Outros ativos circulantes | C15: 13.11 | D15: 11.14 | E15: 14.52 | F15: 5.602 | G15: 12.616 | H15: 12.031 | I15: 9.74 | J15: 5.683 | K15: 13.184 | L15: 14.033 | M15: 10.192 | N15: 40.894 | O15: 71.502 | P15: 109.827 | Q15: 114.314 | R15: 58.559 | S15: 78.806 | T15: 54.23 | U15: 47.808797 | V15: 5.557 | W15: 1.662 | X15: 41.121 | Y15: 29.968 | Z15: 16.577 | AA15: 37.823 | AB15: 31.357 | AC15: 30.678 | AD15: 16.905884 | AE15: 50.606079 | AF15: =46.84458593+29.71378728 -> 76.558373 | AG15: 59.002 | AH15: 46.115 | AI15: 72.002 | AJ15: 72.677
B16: Direitos a receber por aquisições | C16: 0 | D16: 0 | E16: 0 | F16: 0 | G16: 0 | H16: 0 | I16: 0 | J16: 0 | K16: 0 | L16: 0 | M16: 1.323 | N16: 413.19854 | O16: 180.267 | P16: 1.649 | Q16: 1.248 | R16: 1.395 | S16: 1.668 | T16: 3.897 | U16: 2.028 | V16: 3.067 | W16: 1.76 | X16: 1.227 | Y16: 2.015 | Z16: 0.043 | AA16: 0 | AB16: 0 | AC16: 0 | AD16: 0 | AE16: 0 | AF16: 0 | AG16: 0 | AH16: 0 | AI16: 0 | AJ16: 0
B17: Ativos disponíveis para venda | C17: 0 | D17: 0 | E17: 0 | F17: 0 | G17: 0 | H17: 0 | I17: 0 | J17: 0 | K17: 0 | L17: 0 | M17: 0 | N17: 0 | O17: 0 | P17: 153.022 | Q17: 0 | R17: 0 | S17: 0 | T17: 0 | U17: 0 | V17: 0 | W17: 0 | X17: 0 | Y17: 0 | Z17: 32 | AA17: 32 | AB17: 0 | AC17: 0 | AD17: 0 | AE17: 0 | AF17: 0 | AG17: 0 | AH17: 0 | AI17: 0 | AJ17: 0
B18: Ativo Não Circulante | C18: 935.731 | D18: 949.615 | E18: 999.012 | F18: 1038.276 | G18: 1614.286 | H18: 1609.671 | I18: 1791.22 | J18: 1944.1 | K18: 2075.837 | L18: 2132.886 | M18: 2393.203 | N18: 2476.025 | O18: =SUM(O19:O34) -> 3121.483 | P18: =SUM(P19:P34) -> 8573.798 | Q18: =SUM(Q19:Q34) -> 8701.857 | R18: =SUM(R19:R34) -> 8570.749 | S18: =SUM(S19:S34) -> 8572.535 | T18: =SUM(T19:T34) -> 8360.5 | U18: =SUM(U19:U34) -> 8351.7957 | V18: =SUM(V19:V34) -> 8352.408 | ... AC18: =SUM(AC19:AC34) -> 7566.4 | AD18: 7604.2198 | AE18: 7641.7302 | AF18: =SUM(AF19:AF34) -> 7641.6621 | AG18: =SUM(AG19:AG34) -> 7542.388 | AH18: =SUM(AH19:AH34) -> 7585.459 | AI18: =SUM(AI19:AI34) -> 7842.422 | AJ18: =SUM(AJ19:AJ34) -> 7844.571
B19: Aplicações financeiras | C19: 0 | D19: 0 | E19: 0 | F19: 0 | G19: 0 | H19: 0 | I19: 0 | J19: 0 | K19: 0 | L19: 0 | M19: 0 | N19: 0 | O19: 0 | P19: 0 | Q19: 0 | R19: 0 | S19: 0 | T19: 0 | U19: 0 | V19: 66 | W19: 66.011 | X19: 69.423 | Y19: 79.223 | Z19: 79.223 | AA19: 0 | AB19: 0 | AC19: 0 | AD19: 0 | AE19: 0 | AF19: 0 | AG19: 0 | AH19: 0 | AI19: 25.729 | AJ19: 26.396
B20: Contas a Receber | C20: 0.135 | D20: 0.134 | E20: 0 | F20: 0 | G20: 0 | H20: 0 | I20: 0 | J20: 0 | K20: 0 | L20: 26.307 | M20: 35.056 | N20: 35.376 | O20: 39.058 | P20: 55.342 | Q20: 51.373 | R20: 56.092 | S20: 73.697 | T20: 57.203 | U20: 59.457 | V20: 57.486 | W20: 74.468 | X20: 67.237 | Y20: 46.799 | Z20: 44.4 | AA20: 73.047 | AB20: 68.071 | AC20: 87.012 | AD20: 96.289985 | AE20: 113.74734 | AF20: 140.92254 | AG20: 141.012 | AH20: 115.59 | AI20: 164.281 | AJ20: 198.196
B21: Adiantamentos diversos | C21: 10.613 | D21: 9.674 | E21: 8.521 | F21: 7.233 | G21: 5.968 | H21: 0.096 | I21: 0.013 | J21: 0 | K21: 0 | L21: 0 | M21: 0 | N21: 0 | O21: 0 | P21: 0 | Q21: 0 | R21: 0 | S21: 0 | T21: 0 | U21: 0 | V21: 0 | W21: 0 | X21: 0 | Y21: 0 | Z21: 0 | AA21: 0 | AB21: 0 | AC21: 0 | AD21: 0 | AE21: 0 | AF21: 0 | AG21: 0 | AH21: 0 | AI21: 0 | AJ21: 0
B22: Depositos judiciais | C22: 40.219 | D22: 43.637 | E22: 45.864 | F22: 50.324 | G22: 53.634 | H22: 55.96 | I22: 57.82 | J22: 61.062 | K22: 60.683 | L22: 63.462 | M22: 62.804 | N22: 63.359 | O22: 65.052 | P22: 142.97 | Q22: 140.408 | R22: 141.873 | S22: 144.14 | T22: 146.23 | U22: 139.954 | V22: 143.801 | W22: 146.887 | X22: 156.145 | Y22: 162.929 | Z22: 149.504 | AA22: 152.115 | AB22: 154.067 | AC22: 159.292 | AD22: 157.17188 | AE22: 158.13127 | AF22: 153.2774 | AG22: 147.59 | AH22: 143.631 | AI22: 145.062 | AJ22: 147.962
B23: Direitos a receber por aquisições | C23: 0 | D23: 0 | E23: 0 | F23: 0 | G23: 0 | H23: 0 | I23: 0 | J23: 0 | K23: 0 | L23: 0 | M23: 102.015 | N23: 103.242 | O23: 0 | P23: 156.399 | Q23: 225.58 | R23: 229.925 | S23: 236.051 | T23: 238.025 | U23: 239.705 | V23: 248.616 | W23: 248.599 | X23: 254.377 | Y23: 257.391 | Z23: 256.322 | AA23: 248.413 | AB23: 247.493 | AC23: 232.639 | AD23: 224.28003 | AE23: 226.06208 | AF23: =230.89895286+1.05383506 -> 231.95279 | AG23: 151.086 | AH23: 249.119 | AI23: 241.648 | AJ23: 248.783
B24: Créditos com partes relacionadas | C24: 0.159 | D24: 0.169 | E24: 0.539 | F24: 9.524 | G24: 9.689 | H24: 9.82 | I24: 9.967 | J24: 9.796 | K24: 9.951 | L24: 10.462 | M24: 10.571 | N24: 10.843 | O24: 11.468 | P24: 11.736 | Q24: 11.952 | R24: 12.46 | S24: 14.43 | T24: 23.263 | U24: 25.784688 | V24: 36.189 | W24: 38.822 | X24: 18.617 | Y24: 18.669 | Z24: 13.055 | AA24: 5.875 | AB24: 5.937 | AC24: 0.059 | AD24: 0.05251059 | AE24: 0.05269449 | AF24: 3.2400134 | AG24: 1.624 | AH24: 1.699 | AI24: 1.859 | AJ24: 4.644
B25: Impostos e contribuições a recuperar | C25: 15.367 | D25: 14.017 | E25: 12.785 | F25: 12.239 | G25: 14.082 | H25: 11.99 | I25: 12.134 | J25: 12.849 | K25: 13.491 | L25: 13.192 | M25: 14.855 | N25: 15.243 | O25: 14.506 | P25: 17.087 | Q25: 15.795 | R25: 17.509 | S25: 18.188 | T25: 19.556 | U25: 26.208 | V25: 27.328 | W25: 32.924 | X25: 39.066 | Y25: 24.036 | Z25: 49.042 | AA25: 48.757 | AB25: 55.344 | AC25: 31.55 | AD25: 47.290686 | AE25: 41.752036 | AF25: 39.587999 | AG25: 29.029 | AH25: 31.764 | AI25: 31.628 | AJ25: 37.094
B26: Imposto de renda e contribuição social diferidos | C26: 1.584 | D26: 1.584 | E26: 1.584 | F26: 1.584 | G26: 1.584 | H26: 1.584 | I26: 1.584 | J26: 1.584 | K26: 1.54 | L26: 1.527 | M26: 1.514 | N26: 1.501 | O26: 1.488 | P26: 148.253 | Q26: 149.243 | R26: 1.462 | S26: 0 | T26: 0 | U26: 0 | V26: 0 | W26: 0 | X26: 0 | Y26: 0 | Z26: 0 | AA26: 0 | AB26: 0 | AC26: 0 | AD26: 0 | AE26: 0 | AF26: 0 | AG26: 0 | AH26: 0 | AI26: 0 | AJ26: 0
B27: Derivativos | C27: 0 | D27: 2.613 | E27: 2.39 | F27: 0.901 | G27: 1.37 | H27: 0 | I27: 0 | J27: 0 | K27: 0 | L27: 0 | M27: 0 | N27: 0 | O27: 3.81 | P27: 0 | Q27: 0 | R27: 0 | S27: 0 | T27: 0 | U27: 0 | V27: 0 | W27: 0 | X27: 0 | Y27: 0 | Z27: 0 | AA27: 0 | AB27: 0 | AC27: 0 | AD27: 0 | AE27: 0 | AF27: 0 | AG27: 0 | AH27: 0 | AI27: 0 | AJ27: 0
B28: Adiantamento p/ futuro aumento de capital | C28: 0 | D28: 0 | E28: 0 | F28: 0 | G28: 0 | H28: 0 | I28: 0 | J28: 0 | K28: 0 | L28: 0 | M28: 0 | N28: 0 | O28: 0 | P28: 0 | Q28: 0 | R28: 0 | S28: 0 | T28: 0 | U28: 0 | V28: 0 | W28: 0 | X28: 0 | Y28: 0 | Z28: 0 | AA28: 0 | AB28: 0 | AC28: 0 | AD28: 0 | AE28: 0 | AF28: 0 | AG28: 0 | AH28: 0 | AI28: 0 | AJ28: 0
B29: Direitos e empréstimos para aquisições | C29: 0 | D29: 0 | E29: 0 | F29: 0 | G29: 0 | H29: 0 | I29: 0 | J29: 100.126 | K29: 116.487 | L29: 0 | M29: 11.352 | N29: 0 | O29: 104.131 | P29: 0 | Q29: 0 | R29: 0 | S29: 0 | T29: 0 | U29: 0 | V29: 0 | W29: 0 | X29: 0 | Y29: 0 | Z29: 0 | AA29: 0 | AB29: 0 | AC29: 0 | AD29: 0 | AE29: 0 | AF29: 0 | AG29: 0 | AH29: 0 | AI29: 0 | AJ29: 0
B30: Outros ativos não circulantes | C30: 31.458 | D30: 35.27 | E30: 35.615 | F30: 37.332 | G30: 36.573 | H30: 36.402 | I30: 39.675 | J30: 41.117 | K30: 39.739 | L30: 38.807 | M30: 4.996 | N30: 7.022 | O30: 7.091 | P30: 65.225 | Q30: 62.606 | R30: 50.82 | S30: 50.872 | T30: 6.318 | U30: 6.083 | V30: 5.779 | W30: 6.374 | X30: 6.52 | Y30: 6.67 | Z30: 6.773 | AA30: 8.022 | AB30: 6.935 | AC30: 10.513 | AD30: 9.2058422 | AE30: 11.032918 | AF30: 9.3062845 | AG30: 9.348 | AH30: 11.09 | AI30: 11.291 | AJ30: 12.891
B31: Investimentos | C31: 2.402 | D31: 1.842 | E31: 1.449 | F31: 0.184 | G31: 0 | H31: 0 | I31: 0 | J31: 0 | K31: 0 | L31: 0 | M31: 0.049 | N31: 10.824 | O31: 12.515 | P31: 10.461 | Q31: 42.634 | R31: 42.316 | S31: 8.573 | T31: 11.673 | U31: 49.822 | V31: 42.545 | W31: 50.793 | X31: 36.028 | Y31: 36.232 | Z31: 36.072 | AA31: 30.859 | AB31: 33.119 | AC31: 34.249 | AD31: 34.87837 | AE31: 39.110067 | AF31: 55.218196 | AG31: 57.33 | AH31: 73.978 | AI31: 74.171 | AJ31: 74.244
B32: Direito de uso de arrendamentos | C32: 0 | D32: 0 | E32: 0 | F32: 0 | G32: 540.89204 | H32: 533.64299 | I32: 541.30465 | J32: 531.538 | K32: 562 | L32: 553.613 | M32: 604.232 | N32: 608.708 | O32: 759.93 | P32: 1276.937 | Q32: 1419.609 | R32: 1382.681 | S32: 1396.496 | T32: 1330.149 | U32: 1352.856 | V32: 1310.352 | W32: 1236.554 | X32: 1136.576 | Y32: 1096.82 | Z32: 1073.872 | AA32: 1041.947 | AB32: 1001.461 | AC32: 974.869 | AD32: 953.0908 | AE32: 989.00177 | AF32: 968.53534 | AG32: 972.083 | AH32: 933.395 | AI32: 1130.156 | AJ32: 1087.664
B33: Imobilizado | C33: 263.127 | D33: 269.467 | E33: 282.658 | F33: 301.823 | G33: 305.07896 | H33: 335.42201 | I33: 369.74535 | J33: 367.087 | K33: 386.045 | L33: 391.539 | M33: 372.812 | N33: 370.899 | O33: 381.036 | P33: 694.007 | Q33: 671.236 | R33: 661.593 | S33: 653.847 | T33: 641.393 | U33: 629.31 | V33: 618.658 | W33: 623.635 | X33: 617.175 | Y33: 611.09 | Z33: 552.507 | AA33: 539.727 | AB33: 520.537 | AC33: 515.761 | AD33: 514.96548 | AE33: 517.32191 | AF33: 511.55503 | AG33: 507.287 | AH33: 501.241 | AI33: 502.381 | AJ33: 497.401
B34: Intangível | C34: 570.667 | D34: 571.208 | E34: 607.607 | F34: 617.132 | G34: 645.415 | H34: 624.754 | I34: 758.977 | J34: 818.941 | K34: 885.901 | L34: 1033.977 | M34: 1172.947 | N34: 1249.008 | O34: 1721.398 | P34: 5995.381 | Q34: 5911.421 | R34: 5974.018 | S34: 5976.241 | T34: 5886.69 | U34: 5822.616 | V34: 5795.654 | W34: 5756.188 | X34: 5717.142 | Y34: 5674.594 | Z34: 5624.223 | AA34: 5578.887 | AB34: 5541.661 | AC34: 5520.456 | AD34: 5566.9942 | AE34: 5545.5181 | AF34: 5528.0665 | AG34: 5525.999 | AH34: 5523.952 | AI34: 5514.216 | AJ34: 5509.296
B35: Total do Ativo | C35: 1368.592 | D35: 1491.6261 | E35: 1497.9957 | F35: 1446.4696 | G35: 2003.5445 | H35: 1970.618 | I35: 2160.9511 | J35: 2400.0209 | K35: 3356.9 | L35: 3445.2636 | M35: 3702.6016 | N35: 4582.4385 | O35: =SUM(O5,O18) -> 4982.404 | P35: =SUM(P5,P18) -> 10192.297 | Q35: =SUM(Q5,Q18) -> 10317.014 | R35: =SUM(R5,R18) -> 9882.678 | S35: =SUM(S5,S18) -> 10818.499 | T35: =SUM(T5,T18) -> 10477.833 | U35: =SUM(U5,U18) -> 10419.486 | V35: =SUM(V5,V18) -> 10731.997 | ... AC35: =SUM(AC5,AC18) -> 9954.648 | AD35: 9688.8729 | AE35: =AE18+AE5 -> 9965.9992 | AF35: =AF18+AF5 -> 10000.011 | AG35: =AG18+AG5 -> 10090.277 | AH35: =AH18+AH5 -> 10173.712 | AI35: =AI18+AI5 -> 10556.007 | AJ35: =AJ18+AJ5 -> 10594.314
B38: R$ milhões | C38: 1T18 | D38: 2T18 | E38: 3T18 | F38: 4T18 | G38: 1T19 | H38: 2T19 | I38: 3T19 | J38: 4T19 | K38: 1T20 | L38: 2T20 | M38: 3T20 | N38: 4T20 | O38: 1T21 | P38: 2T21 | Q38: 3T21 | R38: 4T21 | S38: 1T22 | T38: 2T22 | U38: 3T22 | V38: 4T22 | W38: 1T23 | X38: 2T23 | Y38: 3T23 | Z38: 4T23 | AA38: 1T24 | AB38: 2T24 | AC38: 3T24 | AD38: 4T24 | AE38: =AE4 -> 1T25 | AF38: =AF4 -> 2T25 | AG38: =AG4 -> 3T25 | AH38: =AH4 -> 4T25 | AI38: =AI4 -> 1T26 | AJ38: =AJ4 -> 2T26
B39: Passivo Circulante | C39: =SUM(C40:C51) -> 231.213 | D39: =SUM(D40:D51) -> 221.816 | E39: =SUM(E40:E51) -> 265.535 | F39: =SUM(F40:F51) -> 231.586 | G39: =SUM(G40:G51) -> 251.18736 | H39: =SUM(H40:H51) -> 258.78262 | I39: =SUM(I40:I51) -> 470.65624 | J39: =SUM(J40:J51) -> 339.925 | ... AC39: =SUM(AC40:AC51) -> 1359.837 | AD39: 962.89245 | AE39: 1127.6254 | AF39: =SUM(AF40:AF51) -> 1060.5609 | AG39: =SUM(AG40:AG51) -> 1328.457 | AH39: =SUM(AH40:AH51) -> 1164.141 | AI39: =SUM(AI40:AI51) -> 1427.353 | AJ39: =SUM(AJ40:AJ51) -> 1839.997
B40: Fornecedores | C40: 34.034 | D40: 28.306 | E40: 28.242 | F40: 30.99 | G40: 27.086 | H40: 28.925 | I40: 31.894 | J40: 31.983 | K40: 41.955 | L40: 44.382 | M40: 43.08 | N40: 48.83 | O40: 46.082 | P40: 137.394 | Q40: 141.535 | R40: 185.508 | S40: 196.413 | T40: 158.862 | U40: 188.12752 | V40: 209.813 | W40: 217.269 | X40: 207.91 | Y40: 222.827 | Z40: 176.692 | AA40: 221.567 | AB40: 202.655 | AC40: 195.981 | AD40: 210.39603 | AE40: 237.58896 | AF40: 203.41424 | AG40: 218.292 | AH40: 199.319 | AI40: 239.489 | AJ40: 207.804
B41: Contas a pagar com partes relacionadas | C41: 0 | D41: 0 | E41: 0 | F41: 0 | G41: 0 | H41: 0 | I41: 0 | J41: 0 | K41: 0 | L41: 0 | M41: 0 | N41: 0 | O41: 0 | P41: 0 | Q41: 0 | R41: 0.699 | S41: 0 | T41: 0 | U41: 0 | V41: 0.16710859 | W41: 0.166 | X41: 0.165 | Y41: 0.637 | Z41: 0.168 | AA41: 0.168 | AB41: 0.168 | AC41: 0.168 | AD41: 0.16773929 | AE41: 0.16773929 | AF41: 1.1978712e-14 | AG41: 0 | AH41: 0 | AI41: 0 | AJ41: 0
B42: Empréstimos, financiamentos e debêntures | C42: 56.856 | D42: 63.059 | E42: 75.806 | F42: 80.539 | G42: 78.370253 | H42: 68.157052 | I42: 203.70884 | J42: 103.435 | K42: 90.415 | L42: 78.429 | M42: 87.914 | N42: 129.607 | O42: 130.636 | P42: 562.582 | Q42: 354.932 | R42: 360.449 | S42: 394.987 | T42: 920.969 | U42: 888.979 | V42: 885.446 | W42: 1333.839 | X42: 867.4 | Y42: 715.789 | Z42: 875.973 | AA42: 778.925 | AB42: 361.883 | AC42: 418.593 | AD42: 146.94745 | AE42: 214.14289 | AF42: 241.33499 | AG42: 411.35 | AH42: 345.238 | AI42: 474.772 | AJ42: 997.219
B43: Arrendamentos a pagar | C43: 0 | D43: 0 | E43: 0 | F43: 0 | G43: 27.173105 | H43: 20.594566 | I43: 23.243397 | J43: 24.688 | K43: 29.655 | L43: 32.732 | M43: 35.724 | N43: 40.431 | O43: 45.727 | P43: 148.116 | Q43: 162.221 | R43: 167.448 | S43: 179.051 | T43: 175.879 | U43: 170.761 | V43: 172.747 | W43: 169.589 | X43: 152.011 | Y43: 158.2 | Z43: 144.371 | AA43: 142.703 | AB43: 143.248 | AC43: 137.175 | AD43: 141.42673 | AE43: 139.86204 | AF43: 129.7594 | AG43: 121.56 | AH43: 111.074 | AI43: 132.636 | AJ43: 135.809
B44: Obrigações sociais e salariais | C44: 61.317 | D44: 81.299 | E44: 95.646 | F44: 69.511 | G44: 62.507 | H44: 79.906 | I44: 96.34 | J44: 75.569 | K44: 83.734 | L44: 130.481 | M44: 142.704 | N44: 97.384 | O44: 115.971 | P44: 239.238 | Q44: 257.768 | R44: 209.086 | S44: 200.205 | T44: 216.547 | U44: 238.216 | V44: 168.336 | W44: 167.397 | X44: 256.912 | Y44: 276.821 | Z44: 204.724 | AA44: 228.864 | AB44: 240.414 | AC44: 268.386 | AD44: 175.65606 | AE44: 194.28864 | AF44: 236.03318 | AG44: 261.589 | AH44: 174.848 | AI44: 208.758 | AJ44: 244.157
B45: Obrigações tributárias | C45: 13.27 | D45: 15.652 | E45: 13.17 | F45: 18.82 | G45: 12.916 | H45: 14.806 | I45: 14.339 | J45: 20.594 | K45: 17.242 | L45: 21.868 | M45: 27.629 | N45: 25.316 | O45: 22.678 | P45: 42.496 | Q45: 43.944 | R45: 56.952 | S45: 58.773 | T45: 58.223 | U45: 59.226 | V45: 53.619 | W45: 52.578 | X45: 50.01 | Y45: 45.693 | Z45: 53.347 | AA45: 46.283 | AB45: 45.936 | AC45: 44.558 | AD45: 50.468742 | AE45: 41.502876 | AF45: 42.700252 | AG45: 43.053 | AH45: 48.392 | AI45: 42.192 | AJ45: 37.493
B46: Adiantamentos de clientes | C46: 29.53 | D46: 22.458 | E46: 35.73 | F46: 16.881 | G46: 25.199 | H46: 17.436 | I46: 29.995 | J46: 16.981 | K46: 25.95 | L46: 16.371 | M46: 28.097 | N46: 36.691 | O46: 60.943 | P46: 164.228 | Q46: 124.288 | R46: 80.704 | S46: 111.522 | T46: 92.119 | U46: 130.823 | V46: 108.992 | W46: 153.968 | X46: 89.382 | Y46: 139.828 | Z46: 114.477 | AA46: 169.227 | AB46: 127.394 | AC46: 199.877 | AD46: 105.39205 | AE46: 161.19093 | AF46: 98.323241 | AG46: 164.287 | AH46: 108.336 | AI46: 159.894 | AJ46: 95.043
B47: Parcelamento de impostos e contribuições | C47: 0.097 | D47: 0 | E47: 0 | F47: 0 | G47: 0 | H47: 0 | I47: 0 | J47: 0 | K47: 0 | L47: 0 | M47: 6.414 | N47: 10.119 | O47: 12.701 | P47: 12.074 | Q47: 12.911 | R47: 13.185 | S47: 13.209 | T47: 13.246 | U47: 13.284 | V47: 13.7 | W47: 13.734 | X47: 13.434 | Y47: 13.544 | Z47: 13.54 | AA47: 14.407 | AB47: 16.614 | AC47: 15.876 | AD47: 14.677261 | AE47: 14.384051 | AF47: 14.846004 | AG47: 14.674 | AH47: 16.04 | AI47: 16.111 | AJ47: 16.127
B48: Contas a pagar por aquisições | C48: 9.703 | D48: 9.259 | E48: 15.885 | F48: 13.33 | G48: 16.336 | H48: 16.719 | I48: 70.02 | J48: 65.331 | K48: 45.863 | L48: 51.307 | M48: 64.622 | N48: 46.309 | O48: 54.723 | P48: 209.678 | Q48: 85.288 | R48: 115.408 | S48: 119.736 | T48: 109.848 | U48: 123.933 | V48: 120.925 | W48: 130.79 | X48: 110.849 | Y48: 45.676 | Z48: 28.477 | AA48: 35.879 | AB48: 52.054 | AC48: 32.683 | AD48: 29.173553 | AE48: 30.166955 | AF48: 28.188319 | AG48: 29.403 | AH48: 29.707 | AI48: 25.074 | AJ48: 30.346
B49: Dividendos a pagar | C49: 20.244 | D49: 0.016 | E49: 0.016 | F49: 0.55 | G49: 0.55 | H49: 0 | I49: 0 | J49: 0 | K49: 0 | L49: 0 | M49: 0 | N49: 0 | O49: 0 | P49: 0 | Q49: 0 | R49: 0.012 | S49: 0.012 | T49: 0.012 | U49: 0.012 | V49: 30.209 | W49: 43.441 | X49: 0.659 | Y49: 54.409 | Z49: 21.708 | AA49: 21.708 | AB49: 21.708 | AC49: 0.577 | AD49: 41.809337 | AE49: 41.705881 | AF49: 4.8147267 | AG49: 0.401 | AH49: 56.177 | AI49: 56.177 | AJ49: 2.24
B50: Derivativos | C50: 5.014 | D50: 0.682 | E50: 0 | F50: 0 | G50: 0.054 | H50: 11.286 | I50: 0.169 | J50: 0 | K50: 0 | L50: 0 | M50: 0.127 | N50: 0.276 | O50: 0 | P50: 3.68 | Q50: 1.228 | R50: 1.098 | S50: 4.852 | T50: 3.312 | U50: 1.596 | V50: 2.623 | W50: 1.502 | X50: 4.19 | Y50: 3.264 | Z50: 4.156 | AA50: 3.319 | AB50: 2.191 | AC50: 2.741 | AD50: 1.6580087 | AE50: 7.727483 | AF50: 11.529681 | AG50: 14.741 | AH50: 17.417 | AI50: 20.094 | AJ50: 21.41
B51: Outros passivos circulantes | C51: 1.148 | D51: 1.085 | E51: 1.04 | F51: 0.965 | G51: 0.996 | H51: 0.953 | I51: 0.947 | J51: 1.344 | K51: 1.373 | L51: 6.013 | M51: 6.358 | N51: 6.084 | O51: 6.063 | P51: 17.151 | Q51: 51.171 | R51: 44.569 | S51: 44.379 | T51: 44.007 | U51: 50.606339 | V51: 54.865007 | W51: 50.804 | X51: 53.649 | Y51: 55.448 | Z51: 54.544 | AA51: 61.869 | AB51: 53.276 | AC51: 43.222 | AD51: 45.119484 | AE51: 44.897 | AF51: 49.616865 | AG51: 49.107 | AH51: 57.593 | AI51: 52.156 | AJ51: 52.349
B52: Passivo Não Circulante | C52: =SUM(C53:C63) -> 400.991 | D52: =SUM(D53:D63) -> 548.52 | E52: =SUM(E53:E63) -> 547.964 | F52: =SUM(F53:F63) -> 549.639 | G52: =SUM(G53:G63) -> 1048.9904 | H52: =SUM(H53:H63) -> 1025.387 | I52: =SUM(I53:I63) -> 1006.5337 | J52: =SUM(J53:J63) -> 1369.661 | ... AC52: =SUM(AC53:AC63) -> 5823.069 | AD52: 5945.7454 | AE52: 5918.2427 | AF52: =SUM(AF53:AF63) -> 5987.1214 | AG52: =SUM(AG53:AG63) -> 5855.311 | AH52: =SUM(AH53:AH63) -> 6175.915 | AI52: =SUM(AI53:AI63) -> 6202.025 | AJ52: =SUM(AJ53:AJ63) -> 5775.184
B53: Empréstimos, financiamentos e debêntures | C53: 200.331 | D53: 344.922 | E53: 323.922 | F53: 316.258 | G53: 294.60997 | H53: 789.519 | I53: 247.01832 | J53: 587.031 | K53: 538.846 | L53: 526.739 | M53: 587.994 | N53: 521.169 | O53: 502.426 | P53: 2942.771 | Q53: 3214.112 | R53: 3140.599 | S53: 3137.222 | T53: 2624.681 | U53: 2589.808 | V53: 3224.715 | W53: 2671.07 | X53: 2933.239 | Y53: 3011.425 | Z53: 2921.129 | AA53: 2438.133 | AB53: 3479.906 | AC53: 3781.521 | AD53: 3974.1193 | AE53: 3936.222 | AF53: 4019.7884 | AG53: 3886.995 | AH53: 4175.35 | AI53: 4024.279 | AJ53: 3629.226
B54: Arrendamentos a pagar | C54: 0 | D54: 0 | E54: 0 | F54: 0 | G54: 523.51347 | H54: 0 | I54: 532.23141 | J54: 530.545 | K54: 565.2 | L54: 561.581 | M54: 617.652 | N54: 626.148 | O54: 780.694 | P54: 1268.298 | Q54: 1419.35 | R54: 1389.43 | S54: 1400.754 | T54: 1343.131 | U54: 1370.705 | V54: 1333.951 | W54: 1301.376 | X54: 1200.186 | Y54: 1161.836 | Z54: 1159.595 | AA54: 1131.41 | AB54: 1093.078 | AC54: 1071.344 | AD54: 1047.299 | AE54: 1083.7637 | AF54: 1076.2448 | AG54: 1091.586 | AH54: 1064.789 | AI54: 1243.324 | AJ54: 1208.848
B55: Contas a pagar por aquisições | C55: 62.537 | D55: 64.264 | E55: 79.339 | F55: 85.721 | G55: 84.244 | H55: 85.109 | I55: 76.259 | J55: 75.217 | K55: 75.545 | L55: 141.328 | M55: 169.153 | N55: 189.368 | O55: 241.568 | P55: 247.955 | Q55: 186.338 | R55: 199.332 | S55: 191.887 | T55: 254.054 | U55: 228.405 | V55: 233.92 | W55: 236.396 | X55: 175.085 | Y55: 68.956 | Z55: 65.362 | AA55: 55.097 | AB55: 35.973 | AC55: 34.213 | AD55: 64.7047 | AE55: 65.839116 | AF55: 66.403668 | AG55: 59.432 | AH55: 55.912 | AI55: 60.079 | AJ55: 67.9
B56: Débitos com partes relacionadas | C56: 0.009 | D56: 0.01 | E56: 0.01 | F56: 0.01 | G56: 0.01 | H56: 0.01 | I56: 0.012 | J56: 0.009 | K56: 0.009 | L56: 0.009 | M56: 0.084 | N56: 0.084 | O56: 0.084 | P56: 0.084 | Q56: 0.084 | R56: 0.085 | S56: 0.085 | T56: 0.078 | U56: 0.07468829 | V56: 0.148 | W56: 0.148 | X56: 0.074 | Y56: 0.073 | Z56: 0.073 | AA56: 0.073 | AB56: 0.074 | AC56: 0.074 | AD56: 0.07355 | AE56: 0.07355 | AF56: 0.07355 | AG56: 0.074 | AH56: 0.074 | AI56: 0.074 | AJ56: 0.074
B57: Adiantamentos de clientes | C57: 0 | D57: 0 | E57: 0 | F57: 0 | G57: 0 | H57: 0 | I57: 0 | J57: 0 | K57: 0 | L57: 0 | M57: 7.775 | N57: 6.985 | O57: 15.809 | P57: 15.809 | Q57: 15.809 | R57: 15.809 | S57: 15.809 | T57: 16.906 | U57: 17.893 | V57: 12.968 | W57: 17.007 | X57: 16.864 | Y57: 16.512 | Z57: 16.415 | AA57: 16.222 | AB57: 15.995 | AC57: 15.825 | AD57: 15.694777 | AE57: 15.503562 | AF57: 15.313934 | AG57: 17.083 | AH57: 16.905 | AI57: 16.637 | AJ57: 15.707
B58: Parcelamento de impostos e contribuições | C58: 2.881 | D58: 2.635 | E58: 2.652 | F58: 2.703 | G58: 2.662 | H58: 2.68 | I58: 2.625 | J58: 2.591 | K58: 2.616 | L58: 2.631 | M58: 30.721 | N58: 39.908 | O58: 70.158 | P58: 70.06 | Q58: 64.636 | R58: 62.035 | S58: 59.971 | T58: 58.155 | U58: 56.259 | V58: 54.056 | W58: 52.216 | X58: 50.629 | Y58: 48.337 | Z58: 44.689 | AA58: 43.992 | AB58: 70.652 | AC58: 52.855 | AD58: 50.381549 | AE58: 48.547635 | AF58: 46.923208 | AG58: 45.081 | AH58: 42.581 | AI58: 41.66 | AJ58: 38.959
B59: Imposto de renda e contribuição social diferidos | C59: 40.049 | D59: 41.957 | E59: 43.732 | F59: 44.543 | G59: 44.816 | H59: 46.749 | I59: 48.637 | J59: 70.063 | K59: 71.023 | L59: 72.561 | M59: 74.117 | N59: 111.825 | O59: 169.842 | P59: 707.322 | Q59: 716.242 | R59: 610.761 | S59: 605.663 | T59: 477.244 | U59: 449.884 | V59: 74.44 | W59: 70.044 | X59: 69.362 | Y59: 64.67 | Z59: 64.974 | AA59: 63.838 | AB59: 62.936 | AC59: 62.967 | AD59: 71.736908 | AE59: 64.733542 | AF59: 66.0056 | AG59: 66.709 | AH59: 65.69 | AI59: 65.608 | AJ59: 64.82
B60: Provisão para riscos trabalhistas, tributárias e cíveis | C60: 89.677 | D60: 90.471 | E60: 95.536 | F60: 97.856 | G60: 96.446 | H60: 95.258 | I60: 96.151 | J60: 98.77 | K60: 96.652 | L60: 96.151 | M60: 104.538 | N60: 115 | O60: 120.899 | P60: 753.368 | Q60: 821.35 | R60: 780.203 | S60: 786.324 | T60: 771.479 | U60: 751.429 | V60: 722.002 | W60: 702.422 | X60: 679.719 | Y60: 677.47 | Z60: 665.57 | AA60: 652.925 | AB60: 638.56 | AC60: 631.895 | AD60: 573.72696 | AE60: 548.2653 | AF60: 538.24975 | AG60: 523.181 | AH60: 596.96 | AI60: 588.13 | AJ60: 583.392
B61: Derivativos | C61: 2.321 | D61: 1.353 | E61: 0 | F61: 0 | G61: 0 | H61: 2.814 | I61: 0 | J61: 0 | K61: 0 | L61: 0 | M61: 0.89 | N61: 1.929 | O61: 0 | P61: 25.76 | Q61: 8.593 | R61: 7.689 | S61: 33.961 | T61: 23.187 | U61: 11.17 | V61: 18.366 | W61: 10.518 | X61: 29.329 | Y61: 22.846 | Z61: 29.096 | AA61: 23.231 | AB61: 15.335 | AC61: 19.184 | AD61: 11.606061 | AE61: 16.098947 | AF61: 21.137745 | AG61: 23.339 | AH61: 23.223 | AI61: 21.769 | AJ61: 24.491
B62: Outros passivos não circulantes | C62: 0 | D62: 0 | E62: 0 | F62: 0 | G62: 2.364 | H62: 2.139 | I62: 1.914 | J62: 3.155 | K62: 2.83 | L62: 2.505 | M62: 2.18 | N62: 2.502 | O62: 2.187 | P62: 31.176 | Q62: 29.387 | R62: 29.256 | S62: 29.13 | T62: 29.054 | U62: 24.02 | V62: 34.522 | W62: 33.525 | X62: 32.488 | Y62: 124.107 | Z62: 126.559 | AA62: 128.647 | AB62: 133.51 | AC62: 149.404 | AD62: 132.18816 | AE62: 134.1969 | AF62: 131.20073 | AG62: 135.358 | AH62: 127.29 | AI62: 133.189 | AJ62: 133.571
B63: Provisão para perdas em investimento | C63: 3.186 | D63: 2.908 | E63: 2.773 | F63: 2.548 | G63: 0.325 | H63: 1.109 | I63: 1.686 | J63: 2.28 | K63: 2.854 | L63: 4.111 | M63: 2.293 | N63: 0 | O63: 0 | P63: 0 | Q63: 0 | R63: 0 | S63: 0 | T63: 0 | U63: 0 | V63: 0 | W63: 0 | X63: 9.383 | Y63: 10.201 | Z63: 12.495 | AA63: 2.319 | AB63: 3.402 | AC63: 3.787 | AD63: 4.214357 | AE63: 4.9984698 | AF63: 5.7799649 | AG63: 6.473 | AH63: 7.141 | AI63: 7.276 | AJ63: 8.196
B64: Patrimônio Líquido | C64: =SUM(C65:C74) -> 736.388 | D64: =SUM(D65:D74) -> 721.2901 | E64: =SUM(E65:E74) -> 684.49721 | F64: =SUM(F65:F74) -> 665.24455 | G64: =SUM(G65:G74) -> 703.36668 | H64: =SUM(H65:H74) -> 686.44768 | I64: =SUM(I65:I74) -> 683.76071 | J64: =SUM(J65:J74) -> 690.4347 | ... AC64: =SUM(AC65:AC74) -> 2771.742 | AD64: 2780.235 | AE64: 2920.13 | AF64: =SUM(AF65:AF74) -> 2952.3288 | AG64: =SUM(AG65:AG74) -> 2906.509 | AH64: =SUM(AH65:AH74) -> 2833.656 | AI64: =SUM(AI65:AI74) -> 2926.63 | AJ64: =SUM(AJ65:AJ74) -> 2979.133
B65: Capital Social | C65: 496.411 | D65: 496.411 | E65: 496.411 | F65: 496.411 | G65: 496.411 | H65: 496.411 | I65: 496.411 | J65: 531.41099 | K65: 1631.6246 | L65: 1651.6246 | M65: 1651.6246 | N65: 2569.6246 | O65: 2452.166 | P65: 2451.699 | Q65: 2451.699 | R65: 2451.667 | S65: 2451.66 | T65: 2451.66 | U65: 2451.66 | V65: 2451.66 | W65: 2451.66 | X65: 2451.66 | Y65: 2451.66 | Z65: 2451.66 | AA65: 2451.66 | AB65: 2451.66 | AC65: 2451.66 | AD65: 2451.6598 | AE65: 2451.6598 | AF65: 2451.6598 | AG65: 2451.66 | AH65: 2451.66 | AI65: 2451.66 | AJ65: 2451.66
B66: Gastos com emissão de ações | C66: 0 | D66: 0 | E66: 0 | F66: 0 | G66: 0 | H66: 0 | I66: 0 | J66: -28.639 | K66: 34.314342 | L66: 38.966702 | M66: 34.84458 | N66: 35.23622 | O66: 41.36312 | P66: 0 | Q66: 0 | R66: 0 | S66: 0 | T66: 0 | U66: 0 | V66: 0 | W66: 0 | X66: 0 | Y66: 0 | Z66: 0 | AA66: 0 | AB66: 0 | AC66: 0 | AD66: 0 | AE66: 0 | AF66: 0 | AG66: 0 | AH66: 0 | AI66: 0 | AJ66: 0
B67: Reserva de capital | C67: 6.625 | D67: 6.601 | E67: 6.6011146 | F67: 5.9414531 | G67: 5.9396802 | H67: 5.9396802 | I67: 5.6753416 | J67: 34.314342 | K67: 232.93613 | L67: 232.93392 | M67: 165.51493 | N67: 124.40693 | O67: 124.407 | P67: 35.533412 | Q67: 35.57 | R67: 33.421 | S67: 29.584 | T67: 29.584 | U67: 29.464 | V67: 39.079 | W67: 28.33 | X67: 28.082 | Y67: 25.237 | Z67: 25.163 | AA67: 25.163 | AB67: 25.163 | AC67: 23.137 | AD67: 23.137348 | AE67: 23.137348 | AF67: 23.137348 | AG67: 22.129 | AH67: 22.129 | AI67: 22.129 | AJ67: 22.129
B68: Reservas de lucros | C68: 277.191 | D68: 277.2051 | E68: 246.38343 | F68: 248.10043 | G68: 248.1 | H68: 248.1 | I68: 248.10557 | J68: 244.08809 | K68: -67.575646 | L68: -110.50892 | M68: -38.206252 | N68: -38.206252 | O68: -38.206 | P68: 124.407 | Q68: 124.407 | R68: 36.742 | S68: 36.742 | T68: 36.742 | U68: 36.742 | V68: 592.986 | W68: 592.986 | X68: 592.986 | Y68: 592.986 | Z68: 237.369 | AA68: 263.356 | AB68: 263.356 | AC68: 85.356 | AD68: =65.13430554+85.1456129599982 -> 150.27992 | AE68: 150.28 | AF68: 150.27992 | AG68: 150.28 | AH68: 244.643 | AI68: 244.643 | AJ68: 244.643
B69: Ações em tesouraria | C69: -14.213 | D69: -26.325 | E69: -15.642333 | F69: -15.642333 | G69: -15.642 | H69: -15.642 | I69: -15.5982 | J69: -21.17418 | K69: -69.566 | L69: -69.566 | M69: -69.566 | N69: -69.566 | O69: -69.566 | P69: -31.108921 | Q69: -31.109 | R69: -71.152 | S69: -165.609 | T69: -183.491 | U69: -185.791 | V69: -184.271 | W69: -180.444 | X69: -180.444 | Y69: -178.357 | Z69: -178.283 | AA69: -178.283 | AB69: -178.283 | AC69: -176.257 | AD69: -176.25684 | AE69: -176.25684 | AF69: -176.25684 | AG69: -175.249 | AH69: -175.249 | AI69: -175.249 | AJ69: -175.249
B70: Ajustes de avaliação patrimonial | C70: -69.566 | D70: -69.566 | E70: -69.566 | F70: -69.566 | G70: -69.566 | H70: -69.566 | I70: -69.566 | J70: -69.566 | K70: -18.816549 | L70: -9.8315487 | M70: -8.0035487 | N70: 0 | O70: 49.996 | P70: -69.566 | Q70: -69.566 | R70: -69.566 | S70: 588.916 | T70: -132.543 | U70: -134.3 | V70: -136.107 | W70: -137.964 | X70: -133.325 | Y70: -130.979 | Z70: -131.424 | AA70: -173.536 | AB70: -174.009 | AC70: -174.996 | AD70: -174.5676 | AE70: -174.7956 | AF70: -175.03235 | AG70: -236.198 | AH70: -242.718 | AI70: -260.509 | AJ70: -261.162
B71: Lucros acumulados | C71: 39.94 | D71: 36.964 | E71: 20.31 | F71: 0 | G71: 38.124 | H71: 21.205 | I71: 18.733 | J71: 0.00045133 | K71: 0 | L71: 0.99987011 | M71: 5.7092456 | N71: 20.956264 | O71: 23.052733 | P71: 52.97 | Q71: 66.154 | R71: 0 | S71: 0 | T71: 487.005 | U71: 440.28 | V71: 0 | W71: 0 | X71: 0 | Y71: -209.256 | Z71: 0 | AA71: 64.536 | AB71: 49.847 | AC71: 69.293 | AD71: 0 | AE71: 95.724 | AF71: 105.26304 | AG71: 141.806 | AH71: 0 | AI71: 106.213 | AJ71: 135.341
B72: Prejuízos acumulados | C72: 0 | D72: 0 | E72: 0 | F72: 0 | G72: 0 | H72: 0 | I72: 0 | J72: 0 | K72: 0 | L72: 0 | M72: 0 | N72: 0 | O72: 0 | P72: 0 | Q72: 0 | R72: 0 | S72: -90.113 | T72: 0 | U72: 0 | V72: 0 | W72: -77.21 | X72: -179.021 | Y72: 0 | Z72: 0 | AA72: 0 | AB72: 0 | AC72: 0 | AD72: 0 | AE72: 0 | AF72: 0 | AG72: 0 | AH72: 0 | AI72: 0 | AJ72: 0
B73: Participação dos acionistas não controladores | C73: 0 | D73: 0 | E73: 0 | F73: 0 | G73: 0 | H73: 0 | I73: 0 | J73: 0 | K73: 0 | L73: 0 | M73: 0 | N73: 0 | O73: 0 | P73: 29.123 | Q73: 28.674 | R73: 31.249 | S73: 383.374 | T73: 397.883 | U73: 416.219 | V73: 438.121 | W73: 464.84267 | X73: 473.117 | Y73: 431.567 | Z73: 452.858 | AA73: 501.357 | AB73: 520.185 | AC73: 493.549 | AD73: 505.98238 | AE73: 550.38128 | AF73: 573.27785 | AG73: 552.081 | AH73: 533.191 | AI73: 537.743 | AJ73: 561.771
B74: Obrigações por compra de investimento | C74: 0 | D74: 0 | E74: 0 | F74: 0 | G74: 0 | H74: 0 | I74: 0 | J74: 0 | K74: -77.779 | L74: -78.554 | M74: -79.382 | N74: -115.978 | O74: 0 | P74: 0 | Q74: 0 | R74: 0 | S74: 0 | T74: 0 | U74: 0 | V74: 0 | W74: 0 | X74: 0 | Y74: 0 | Z74: 0 | AA74: 0 | AB74: 0 | AC74: 0 | AD74: 0 | AE74: 0 | AF74: 0 | AG74: 0 | AH74: 0 | AI74: 0 | AJ74: 0
B75: Total do Patrimônio Líquido e Passivo | C75: =SUM(C39,C52,C64) -> 1368.592 | D75: =SUM(D39,D52,D64) -> 1491.6261 | E75: =SUM(E39,E52,E64) -> 1497.9962 | F75: =SUM(F39,F52,F64) -> 1446.4696 | G75: =SUM(G39,G52,G64) -> 2003.5445 | H75: =SUM(H39,H52,H64) -> 1970.6173 | I75: =SUM(I39,I52,I64) -> 2160.9507 | J75: =SUM(J39,J52,J64) -> 2400.0207 | ... AC75: =SUM(AC39,AC52,AC64) -> 9954.648 | AD75: 9688.8729 | AE75: 9965.9981 | AF75: =+AF39+AF52+AF64 -> 10000.011 | AG75: =+AG39+AG52+AG64 -> 10090.277 | AH75: =+AH39+AH52+AH64 -> 10173.712 | AI75: =+AI39+AI52+AI64 -> 10556.008 | AJ75: =+AJ39+AJ52+AJ64 -> 10594.314

Sheet DRE IFRS
B1: DRE IFRS
B2: Sumário
B4: R$ milhões | C4: ='Histórico Ebitda LTM'!C4 -> 1T18 | D4: ='Histórico Ebitda LTM'!D4 -> 2T18 | E4: ='Histórico Ebitda LTM'!E4 -> 3T18 | F4: ='Histórico Ebitda LTM'!F4 -> 4T18 | G4: ='Histórico Ebitda LTM'!G4 -> 1T19 | H4: ='Histórico Ebitda LTM'!H4 -> 2T19 | I4: ='Histórico Ebitda LTM'!I4 -> 3T19 | J4: ='Histórico Ebitda LTM'!J4 -> 4T19 | ... N4: ='Histórico Ebitda LTM'!N4 -> 4T20 | O4: 1T21 | P4: 2T21 | Q4: 3T21 | R4: 4T21 | S4: 1T22 | T4: 2T22 | U4: 3T22 | V4: 4T22 | W4: 1T23 | X4: 2T23 | Y4: 3T23 | Z4: 4T23 | AA4: 1T24 | AB4: 2T24 | AC4: 3T24 | AD4: 4T24 | AE4: 1T25 | AF4: 2T25 | AG4: 3T25 | AH4: 4T25 | AI4: 1T26 | AJ4: 2T26 | AL4: 2021 | AM4: 2022 | AN4: 2023 | AO4: 2024 | AP4: 2025
B5: Receita Líquida | C5: 266.846 | D5: 282.379 | E5: 257.614 | F5: 295.618 | G5: 282.534 | H5: 285.401 | I5: 293.65 | J5: 319.914 | K5: 338.983 | L5: 356.135 | M5: 350.945 | N5: 375.926 | O5: 415.998 | P5: 585.946 | Q5: 816.681 | R5: 848.506 | S5: 902.38 | T5: 910.472 | U5: 905.237 | V5: 845.142 | W5: 954.422 | X5: 932.424 | Y5: 940.408 | Z5: 905.686 | AA5: 990.715 | AB5: 977.002 | AC5: 938.279 | AD5: 895.3825 | AE5: 1040.122 | AF5: 1005.34 | AG5: 1005.915 | AH5: 972.32 | AI5: 1120.4028 | AJ5: 1050.0493 | AL5: =SUM(O5:R5) -> 2667.131 | AM5: =SUM(S5:V5) -> 3563.231 | AN5: =SUM(W5:Z5) -> 3732.94 | AO5: 3801.3785 | AP5: =SUM(AE5:AH5) -> 4023.697
B6: Custo dos Serviços Prestados | C6: -140.509 | D6: -185.181 | E6: -172.523 | F6: -208.928 | G6: -134.265 | H6: -176.246 | I6: -168.272 | J6: -192.801 | K6: -149.246 | L6: -175.838 | M6: -172.05 | N6: -186.404 | O6: -180.415 | P6: -248.27 | Q6: -365.272 | R6: -455.987 | S6: -314.226 | T6: -387.888 | U6: -377.883 | V6: -428.844 | W6: -320.443 | X6: -422.017 | Y6: -372.318 | Z6: -404.038 | AA6: -316.88 | AB6: -392.956 | AC6: -385.781 | AD6: -354.369 | AE6: -339.137 | AF6: -409.373 | AG6: -366.58 | AH6: -375.114 | AI6: -362.19957 | AJ6: -414.8823 | AL6: =SUM(O6:R6) -> -1249.944 | AM6: =SUM(S6:V6) -> -1508.841 | AN6: =SUM(W6:Z6) -> -1518.816 | AO6: -1449.986 | AP6: =SUM(AE6:AH6) -> -1490.204
B7: Lucro Bruto (Prejuízo) | C7: 126.337 | D7: 97.198 | E7: 85.091 | F7: 86.69 | G7: 148.269 | H7: 109.155 | I7: 125.378 | J7: 127.113 | K7: 189.737 | L7: 180.297 | M7: 178.895 | N7: 189.522 | O7: 235.583 | P7: 337.676 | Q7: 451.409 | R7: 392.519 | S7: 588.154 | T7: 522.584 | U7: 527.354 | V7: 416.298 | W7: 633.979 | X7: 510.407 | Y7: 568.09 | Z7: 501.648 | AA7: 673.835 | AB7: 584.046 | AC7: 552.498 | AD7: 541.0135 | AE7: 700.985 | AF7: 595.967 | AG7: 639.335 | AH7: 597.206 | AI7: 758.2032 | AJ7: 635.16699 | AL7: =SUM(O7:R7) -> 1417.187 | AM7: =SUM(S7:V7) -> 2054.39 | AN7: =SUM(W7:Z7) -> 2214.124 | AO7: =SUM(AO5:AO6) -> 2351.3925 | AP7: =SUM(AP5:AP6) -> 2533.493
B8: Receitas (Despesas) Operacionais | C8: -79.527 | D8: -88.15 | E8: -93.696 | F8: -95.287 | G8: -85.154 | H8: -91.352 | I8: -95.788 | J8: -117.651 | K8: -173.389 | L8: -131.899 | M8: -139.681 | N8: -175.303 | O8: -142.748 | P8: -270.774 | Q8: -308.255 | R8: -397.96304 | S8: -402.9583 | T8: -415.5067 | U8: -412.40001 | V8: -445.423 | W8: -476.765 | X8: -379.346 | Y8: -424.773 | Z8: -408.338 | AA8: -427.67134 | AB8: -385.99966 | AC8: -370.871 | AD8: -346.752 | AE8: -396.356 | AF8: -367.296 | AG8: -386.112 | AH8: -381.712 | AI8: -432.56514 | AJ8: -361.11088 | AL8: =SUM(O8:R8) -> -1119.74 | AM8: =SUM(S8:V8) -> -1676.288 | AN8: =SUM(W8:Z8) -> -1689.222 | AO8: =SUM(AO9:AO12) -> -1531.294 | AP8: =SUM(AP9:AP12) -> -1531.476
B9: Comerciais | C9: -21.645 | D9: -23.051 | E9: -19.184 | F9: -32.784 | G9: -25.378 | H9: -24.546 | I9: -26.054 | J9: -34.005 | K9: -32.681 | L9: -43.954 | M9: -32.277 | N9: -58.374 | O9: -36.884 | P9: -62.08 | Q9: -58.373 | R9: -151.99704 | S9: -111.4113 | T9: -119.4427 | U9: -85.374006 | V9: -111.389 | W9: -122.081 | X9: -105.988 | Y9: -130.721 | Z9: -105.238 | AA9: -153.03362 | AB9: -104.63438 | AC9: -114.138 | AD9: -97.392 | AE9: -151.117 | AF9: -92.371 | AG9: -100.286 | AH9: -133.532 | AI9: -173.79741 | AJ9: -106.3542 | AL9: =SUM(O9:R9) -> -309.33404 | AM9: =SUM(S9:V9) -> -427.617 | AN9: =SUM(W9:Z9) -> -464.028 | AO9: =-290.672-178.526 -> -469.198 | AP9: =SUM(AE9:AH9) -> -477.306
B10: Gerais e administrativas | C10: -58.288 | D10: -66.919 | E10: -70.791 | F10: -63.262 | G10: -61.419 | H10: -67.175 | I10: -69.059 | J10: -84.245 | K10: -75.335 | L10: -79.42 | M10: -88.657 | N10: -94.859 | O10: -99.943 | P10: -192.176 | Q10: -299.559 | R10: -272.615 | S10: -271.761 | T10: -280.222 | U10: -324.941 | V10: -325.59 | W10: -310.617 | X10: -301.278 | Y10: -274.114 | Z10: -254.395 | AA10: -257.392 | AB10: -272.243 | AC10: -235.685 | AD10: -277.98 | AE10: -242 | AF10: -260.744 | AG10: -269.003 | AH10: -270.07 | AI10: -257.46946 | AJ10: -260.93623 | AL10: =SUM(O10:R10) -> -864.293 | AM10: =SUM(S10:V10) -> -1202.514 | AN10: =SUM(W10:Z10) -> -1140.404 | AO10: -1043.3 | AP10: =SUM(AE10:AH10) -> -1041.817
B11: Resultado de equivalência patrimonial | C11: -0.329 | D11: -0.561 | E11: -0.395 | F11: -1.263 | G11: -0.51 | H11: -0.783 | I11: -0.576 | J11: -0.594 | K11: -0.574 | L11: -1.271 | M11: -1.194 | N11: -0.546 | O11: 0.242 | P11: -0.552 | Q11: 0.35 | R11: -0.584 | S11: -4.247 | T11: -4.383 | U11: 0.187 | V11: -5.899 | W11: -2.154 | X11: -1.626 | Y11: -0.818 | Z11: -2.294 | AA11: -8.29272 | AB11: -1.17428 | AC11: -1.032 | AD11: -1.271 | AE11: -1.036 | AF11: -1.603 | AG11: -1.204 | AH11: -5.036 | AI11: -0.49517346 | AJ11: -1.6011768 | AL11: =SUM(O11:R11) -> -0.544 | AM11: =SUM(S11:V11) -> -14.342 | AN11: =SUM(W11:Z11) -> -6.892 | AO11: -11.77 | AP11: =SUM(AE11:AH11) -> -8.879
B12: Outras (despesas) receitas operacionais | C12: 0.735 | D12: 2.381 | E12: -3.326 | F12: 2.022 | G12: 2.153 | H12: 1.152 | I12: -0.099 | J12: 1.193 | K12: -64.799 | L12: -7.254 | M12: -17.553 | N12: -21.524 | O12: -6.163 | P12: -15.966 | Q12: 49.327 | R12: 27.233 | S12: -15.539 | T12: -11.459 | U12: -2.272 | V12: -2.545 | W12: -41.913 | X12: 29.546 | Y12: -19.12 | Z12: -46.411 | AA12: -8.953 | AB12: -7.948 | AC12: -20.016 | AD12: 29.891 | AE12: -2.203 | AF12: -12.578 | AG12: -15.619 | AH12: 26.926 | AI12: -0.80310017 | AJ12: 7.7807258 | AL12: =SUM(O12:R12) -> 54.431 | AM12: =SUM(S12:V12) -> -31.815 | AN12: =SUM(W12:Z12) -> -77.898 | AO12: -7.026 | AP12: =SUM(AE12:AH12) -> -3.474
B13: Resultado antes do Resultado Financeiro | C13: 46.81 | D13: 9.048 | E13: -8.605 | F13: -8.597 | G13: 63.115 | H13: 17.803 | I13: 29.59 | J13: 9.462 | K13: 16.348 | L13: 48.398 | M13: 39.214 | N13: 14.219 | O13: 92.835 | P13: 66.902 | Q13: 143.154 | R13: -5.4440423 | S13: 185.1957 | T13: 107.0773 | U13: 114.95399 | V13: -29.125 | W13: 157.214 | X13: 131.061 | Y13: 143.317 | Z13: 93.31 | AA13: 246.16366 | AB13: 198.04634 | AC13: 181.627 | AD13: 194.2615 | AE13: 304.629 | AF13: 228.671 | AG13: 253.223 | AH13: 215.494 | AI13: 325.63806 | AJ13: 274.05611 | AL13: =SUM(O13:R13) -> 297.44696 | AM13: =SUM(S13:V13) -> 378.102 | AN13: =SUM(W13:Z13) -> 524.902 | AO13: =SUM(AO7:AO8) -> 820.0985 | AP13: =SUM(AP7:AP8) -> 1002.017
B14: Receita financeira | C14: 8.005 | D14: 12.259 | E14: 16.129 | F14: 2.805 | G14: 11.167 | H14: 6.109 | I14: 8.386 | J14: 1.463 | K14: 6.815 | L14: 10.362 | M14: 15.719 | N14: 12.689 | O14: 13.042 | P14: 44.557 | Q14: 21.296 | R14: 22.794 | S14: 23.454 | T14: 40.841 | U14: 51.422 | V14: 49.248 | W14: 49.627 | X14: 50.769 | Y14: 33.864 | Z14: 34.268 | AA14: 40.897 | AB14: 30.997 | AC14: 51.911 | AD14: 46.191958 | AE14: 53.776 | AF14: 53.893 | AG14: 75.393 | AH14: 69.416 | AI14: 74.022548 | AJ14: 61.552833 | AL14: =SUM(O14:R14) -> 101.689 | AM14: =SUM(S14:V14) -> 164.965 | AN14: =SUM(W14:Z14) -> 168.528 | AO14: 169.99696 | AP14: =SUM(AE14:AH14) -> 252.478
B15: Despesa financeira | C15: -13.122 | D15: -22.376 | E15: -22.401 | F15: -15.986 | G15: -36.286 | H15: -38.911 | I15: -38.56 | J15: -39.66 | K15: -41.286 | L15: -47.715 | M15: -52.453 | N15: -58.655 | O15: -53.999 | P15: -129.193 | Q15: -165.878 | R15: -182.547 | S15: -298.439 | T15: -213.326 | U15: -221.376 | V15: -225.876 | W15: -251.617 | X15: -239.864 | Y15: -193.887 | Z15: -225.937 | AA15: -190.093 | AB15: -225.126 | AC15: -195.224 | AD15: -193.5853 | AE15: -224.955 | AF15: -242.795 | AG15: -258.02 | AH15: -275.866 | AI15: -259.3675 | AJ15: -268.39916 | AL15: =SUM(O15:R15) -> -531.617 | AM15: =SUM(S15:V15) -> -959.017 | AN15: =SUM(W15:Z15) -> -911.305 | AO15: -804.0283 | AP15: =SUM(AE15:AH15) -> -1001.636
B16: Lucro (Prejuízo) antes de impostos | C16: 41.693 | D16: -1.069 | E16: -14.877 | F16: -21.778 | G16: 37.996 | H16: -14.999 | I16: -0.584 | J16: -28.735 | K16: -18.123 | L16: 11.045 | M16: 2.48 | N16: -31.747 | O16: 51.878 | P16: -17.734 | Q16: -1.428 | R16: -165.19704 | S16: -89.789299 | T16: -65.407695 | U16: -55.000006 | V16: -205.753 | W16: -44.776 | X16: -58.034 | Y16: -16.706 | Z16: -98.359 | AA16: 96.967663 | AB16: 3.9173366 | AC16: 38.314 | AD16: 46.868163 | AE16: 133.45 | AF16: 39.769 | AG16: 70.596 | AH16: 9.044 | AI16: 140.29311 | AJ16: 67.209782 | AL16: =SUM(O16:R16) -> -132.48104 | AM16: =SUM(S16:V16) -> -415.95 | AN16: =SUM(W16:Z16) -> -217.875 | AO16: =SUM(AO13:AO15) -> 186.06716 | AP16: =SUM(AP13:AP15) -> 252.859
B17: Imposto de renda e contribuição social, corrente e diferido | C17: -1.753 | D17: -1.907 | E17: -1.778 | F17: 3.72 | G17: 0.128 | H17: -1.921 | I17: -1.888 | J17: 0.41 | K17: -0.695 | L17: -1.6 | M17: -0.659 | N17: -1.352 | O17: 0.219 | P17: 22.715 | Q17: 15.921 | R17: 12.299 | S17: 6.433 | T17: 19.545 | U17: 26.229 | V17: 375.198 | W17: 3.428 | X17: 0.218 | Y17: 4.178 | Z17: -3.121 | AA17: 0.55783851 | AB17: 0.38916149 | AC17: 15.421 | AD17: 2.0086576 | AE17: 6.753 | AF17: -2.844 | AG17: -2.056 | AH17: 1.953 | AI17: -1.3426788 | AJ17: -0.78756077 | AL17: =SUM(O17:R17) -> 51.154 | AM17: =SUM(S17:V17) -> 427.405 | AN17: =SUM(W17:Z17) -> 4.703 | AO17: 18.376658 | AP17: =SUM(AE17:AH17) -> 3.806
B18: Lucro (Prejuízo) Líquido | C18: 39.94 | D18: -2.976 | E18: -16.655 | F18: -18.058 | G18: 38.124 | H18: -16.92 | I18: -2.472 | J18: -28.325 | K18: -18.818 | L18: 9.445 | M18: 1.821 | N18: -33.099 | O18: 52.097 | P18: 4.981 | Q18: 14.493 | R18: -152.89804 | S18: -83.356299 | T18: -45.862695 | U18: -28.771006 | V18: 169.445 | W18: -41.348 | X18: -57.816 | Y18: -12.528 | Z18: -101.48 | AA18: 97.525502 | AB18: 4.306498 | AC18: 53.735 | AD18: 48.876821 | AE18: 140.203 | AF18: 36.925 | AG18: 68.54 | AH18: 10.997 | AI18: 138.95043 | AJ18: 66.422221 | AL18: =SUM(O18:R18) -> -81.327042 | AM18: =SUM(S18:V18) -> 11.455 | AN18: =SUM(W18:Z18) -> -213.172 | AO18: =SUM(AO16:AO17) -> 204.44382 | AP18: =SUM(AP16:AP17) -> 256.665
B19: (-) Participação dos acionistas não controladores | C19: 0 | D19: 0 | E19: 0 | F19: 0 | G19: 0 | H19: 0 | I19: 0 | J19: 0 | K19: 0 | L19: -0.459 | M19: 0.007 | N19: 0.909 | O19: 2.1008362 | P19: 2.0058346 | Q19: 1.309 | R19: 0.92122627 | S19: 6.7572005 | T19: 35.500634 | U19: 17.953954 | V19: 53.494471 | W19: 35.861882 | X19: 43.99514 | Y19: 17.707047 | Z19: 18.893673 | AA19: 32.99 | AB19: 18.995 | AC19: 34.29 | AD19: 33.024493 | AE19: 44.479 | AF19: 27.385 | AG19: 31.998 | AH19: 29.048 | AI19: 32.737621 | AJ19: 37.293817 | AL19: =SUM(O19:R19) -> 6.3368971 | AM19: =SUM(S19:V19) -> 113.70626 | AN19: =SUM(W19:Z19) -> 116.45774 | AO19: 119.29949 | AP19: =SUM(AE19:AH19) -> 132.91
B20: Lucro (Prejuízo) Líquido, atribuível aos acionistas controladores | C20: 39.94 | D20: -2.976 | E20: -16.655 | F20: -18.058 | G20: 38.124 | H20: -16.92 | I20: -2.472 | J20: -28.325 | K20: -18.818 | L20: =L18-L19 -> 9.904 | M20: =M18-M19 -> 1.814 | N20: =N18-N19 -> -34.008 | O20: =O18-O19 -> 49.996164 | P20: =P18-P19 -> 2.9751654 | Q20: =Q18-Q19 -> 13.184 | R20: =R18-R19 -> -153.81927 | S20: =S18-S19 -> -90.113499 | ... V20: =V18-V19 -> 115.95053 | W20: -77.209882 | X20: =X18-X19 -> -101.81114 | Y20: =Y18-Y19 -> -30.235047 | Z20: -120.37367 | AA20: 64.535502 | AB20: -14.688502 | AC20: 19.445 | AD20: 15.852327 | AE20: 95.724 | AF20: 9.54 | AG20: 36.542 | AH20: -18.051 | AI20: 106.21281 | AJ20: 29.128404 | AL20: =SUM(O20:R20) -> -87.663939 | AM20: =SUM(S20:V20) -> -102.25126 | AN20: =SUM(W20:Z20) -> -329.62974 | AO20: =AO18-AO19 -> 85.144327 | AP20: =AP18-AP19 -> 123.755

Sheet DRE Consolidada 
B1: Demonstração do resultado do exercício (DRE)
B4: R$ milhões, exceto em % | C4: ='Histórico Ebitda LTM'!C4 -> 1T18 | D4: ='Histórico Ebitda LTM'!D4 -> 2T18 | E4: ='Histórico Ebitda LTM'!E4 -> 3T18 | F4: ='Histórico Ebitda LTM'!F4 -> 4T18 | G4: ='Histórico Ebitda LTM'!G4 -> 1T19 | H4: ='Histórico Ebitda LTM'!H4 -> 2T19 | I4: ='Histórico Ebitda LTM'!I4 -> 3T19 | J4: ='Histórico Ebitda LTM'!J4 -> 4T19 | ... AJ4: ='Histórico Ebitda LTM'!AJ4 -> 2T26 | AL4: 2021 | AM4: 2022 | AN4: 2023 | AO4: 2024 | AP4: 2025
B5: Receita Bruta | C5: n/a | D5: n/a | E5: n/a | F5: n/a | G5: n/a | H5: n/a | I5: n/a | J5: n/a | K5: 684.09378 | L5: 659.55375 | M5: 671.76386 | N5: 677.03762 | O5: 787.65308 | P5: 1096.5562 | Q5: 1614.3694 | R5: 1646.1373 | S5: 1761.517 | T5: 1822.5062 | U5: 1829.2289 | V5: 1665.3184 | W5: 1928.9026 | X5: 1963.2054 | Y5: 1886.0547 | Z5: 1868.8011 | AA5: 1986.0648 | AB5: 2018.5313 | AC5: 1885.0221 | AD5: 1882.4275 | AE5: 2134.9154 | AF5: 2173.4726 | AG5: 2051.855 | AH5: 2051.0986 | AI5: 2286.3351 | AJ5: 2265.3647 | AL5: =SUM(O5:R5) -> 5144.7159 | AM5: =SUM(S5:V5) -> 7078.5706 | AN5: =SUM(W5:Z5) -> 7646.9638 | AO5: 7772.0457 | AP5: =SUM(AE5:AH5) -> 8411.3416
B6: Descontos, Deduções & Bolsas | C6: n/a | D6: n/a | E6: n/a | F6: n/a | G6: n/a | H6: n/a | I6: n/a | J6: n/a | K6: -334.55587 | L6: -292.10006 | M6: -308.85715 | N6: -288.4479 | O6: -358.65407 | P6: -488.38337 | Q6: -761.27124 | R6: -759.48642 | S6: -822.06907 | T6: -873.39935 | U6: -886.049 | V6: -785.90925 | W6: -937.79783 | X6: -994.2151 | Y6: -908.23511 | Z6: -927.23855 | AA6: -957.8653 | AB6: -1002.3157 | AC6: -907.66731 | AD6: -951.253 | AE6: -1054.8333 | AF6: -1127.5954 | AG6: -1004.9882 | AH6: -1041.0298 | AI6: -1123.535 | AJ6: -1174.9454 | AL6: =SUM(O6:R6) -> -2367.7951 | AM6: =SUM(S6:V6) -> -3367.4267 | AN6: =SUM(W6:Z6) -> -3767.4866 | AO6: -3819.1013 | AP6: =SUM(AE6:AH6) -> -4228.4467
B7: Impostos & Taxas | C7: n/a | D7: n/a | E7: n/a | F7: n/a | G7: n/a | H7: n/a | I7: n/a | J7: n/a | K7: -10.920203 | L7: -11.319306 | M7: -11.961412 | N7: -12.664474 | O7: -13.023379 | P7: -22.2047 | Q7: -36.414778 | R7: -38.143347 | S7: -37.067803 | T7: -38.63428 | U7: -37.943466 | V7: -34.268245 | W7: -36.682497 | X7: -36.566126 | Y7: -37.412477 | Z7: -35.87643 | AA7: -37.48458 | AB7: -39.213442 | AC7: -39.076209 | AD7: -35.79635 | AE7: -39.960249 | AF7: -40.537377 | AG7: -40.951623 | AH7: -37.748922 | AI7: -42.397341 | AJ7: -40.370089 | AL7: =SUM(O7:R7) -> -109.7862 | AM7: =SUM(S7:V7) -> -147.91379 | AN7: =SUM(W7:Z7) -> -146.53753 | AO7: -151.57058 | AP7: =SUM(AE7:AH7) -> -159.19817
B8: Receita Líquida | C8: n/a | D8: n/a | E8: n/a | F8: n/a | G8: n/a | H8: n/a | I8: n/a | J8: n/a | K8: 338.61771 | L8: 356.13439 | M8: 350.94529 | N8: 375.92526 | O8: =SUM(O5:O7) -> 415.97563 | P8: =SUM(P5:P7) -> 585.96811 | Q8: 816.68335 | R8: 848.50754 | S8: 902.38017 | T8: 910.47256 | U8: 905.23647 | V8: 845.14093 | W8: 954.42228 | X8: 932.42419 | Y8: 940.40708 | Z8: 905.68608 | AA8: 990.71494 | AB8: 977.00212 | AC8: 938.27857 | AD8: 895.37816 | AE8: 1040.1218 | AF8: 1005.3398 | AG8: 1005.9152 | AH8: 972.31993 | AI8: 1120.4028 | AJ8: 1050.0493 | AL8: =SUM(O8:R8) -> 2667.1346 | AM8: =SUM(S8:V8) -> 3563.2301 | AN8: =SUM(W8:Z8) -> 3732.9396 | AO8: 3801.3738 | AP8: =SUM(AE8:AH8) -> 4023.6967
B9: Total de Custos | C9: n/a | D9: n/a | E9: n/a | F9: n/a | G9: n/a | H9: n/a | I9: n/a | J9: n/a | K9: -126.34225 | L9: -149.22736 | M9: -140.22714 | N9: -159.31322 | O9: =SUM(O10:O13) -> -147.50822 | P9: =SUM(P10:P13) -> -212.03025 | Q9: -279.115 | R9: -351.89354 | S9: -251.39403 | T9: -340.4339 | U9: -329.50778 | V9: -366.56084 | W9: -279.88371 | X9: -364.1859 | Y9: -303.16291 | Z9: -327.16843 | AA9: -264.17109 | AB9: -339.31924 | AC9: -314.4329 | AD9: -325.77669 | AE9: -287.6837 | AF9: -356.15638 | AG9: -329.36597 | AH9: -336.66517 | AI9: -311.83325 | AJ9: -365.51586 | AL9: =SUM(O9:R9) -> -990.54701 | AM9: =SUM(S9:V9) -> -1287.8966 | AN9: =SUM(W9:Z9) -> -1274.4009 | AO9: -1243.6999 | AP9: =SUM(AE9:AH9) -> -1309.8712
B10: Pessoal | C10: n/a | D10: n/a | E10: n/a | F10: n/a | G10: n/a | H10: n/a | I10: n/a | J10: n/a | K10: -99.711858 | L10: -128.88365 | M10: -115.81541 | N10: -126.64645 | O10: -117.48282 | P10: -166.32749 | Q10: -216.48601 | R10: -255.8528 | S10: -179.121 | T10: -246.09319 | U10: -233.48886 | V10: -248.7201 | W10: -199.35124 | X10: -268.16725 | Y10: -216.11083 | Z10: -231.65556 | AA10: -182.78773 | AB10: -233.33448 | AC10: -205.36969 | AD10: -213.01521 | AE10: -186.30005 | AF10: -225.53765 | AG10: -203.45574 | AH10: -205.30278 | AI10: -193.89648 | AJ10: -236.57442 | AL10: =SUM(O10:R10) -> -756.14912 | AM10: =SUM(S10:V10) -> -907.42316 | AN10: =SUM(W10:Z10) -> -915.28487 | AO10: -834.50712 | AP10: =SUM(AE10:AH10) -> -820.59622
B11: Serviços de Terceiros | C11: n/a | D11: n/a | E11: n/a | F11: n/a | G11: n/a | H11: n/a | I11: n/a | J11: n/a | K11: -10.418528 | L11: -7.5030255 | M11: -10.238296 | N11: -12.486848 | O11: -12.455093 | P11: -19.260709 | Q11: -28.082624 | R11: -34.212706 | S11: -24.764036 | T11: -29.105092 | U11: -29.983603 | V11: -35.354849 | W11: -25.156263 | X11: -30.920179 | Y11: -33.433903 | Z11: -25.038715 | AA11: -24.32809 | AB11: -29.971936 | AC11: -30.650377 | AD11: -35.525615 | AE11: -27.966892 | AF11: -36.841984 | AG11: -37.673636 | AH11: -38.193493 | AI11: -29.26338 | AJ11: -38.539939 | AL11: =SUM(O11:R11) -> -94.011132 | AM11: =SUM(S11:V11) -> -119.20758 | AN11: =SUM(W11:Z11) -> -114.54906 | AO11: -120.47602 | AP11: =SUM(AE11:AH11) -> -140.67601
B12: Aluguel & Ocupação | C12: n/a | D12: n/a | E12: n/a | F12: n/a | G12: n/a | H12: n/a | I12: n/a | J12: n/a | K12: -7.6337204 | L12: -5.9688824 | M12: -5.8405263 | N12: -5.8146302 | O12: -7.5145724 | P12: -10.993523 | Q12: -4.6450935 | R12: -15.491099 | S12: -20.323513 | T12: -21.376633 | U12: -19.135272 | V12: -27.890714 | W12: -15.457269 | X12: -20.229882 | Y12: -15.635794 | Z12: -18.647384 | AA12: -17.607867 | AB12: -21.268541 | AC12: -13.339145 | AD12: -17.616904 | AE12: -17.752548 | AF12: -21.204613 | AG12: -19.170569 | AH12: -18.437539 | AI12: -20.469489 | AJ12: -19.558343 | AL12: =SUM(O12:R12) -> -38.644288 | AM12: =SUM(S12:V12) -> -88.726132 | AN12: =SUM(W12:Z12) -> -69.970329 | AO12: -69.832457 | AP12: =SUM(AE12:AH12) -> -76.565269
B13: Outras | C13: n/a | D13: n/a | E13: n/a | F13: n/a | G13: n/a | H13: n/a | I13: n/a | J13: n/a | K13: -8.5781401 | L13: -6.8718012 | M13: -8.3329048 | N13: -14.365291 | O13: -10.05574 | P13: -15.448523 | Q13: -29.901272 | R13: -46.336942 | S13: -27.185482 | T13: -43.858986 | U13: -46.900044 | V13: -54.595174 | W13: -39.918936 | X13: -44.868587 | Y13: -37.98239 | Z13: -51.826768 | AA13: -39.4474 | AB13: -54.744277 | AC13: -65.073685 | AD13: -59.61896 | AE13: -55.664212 | AF13: -72.572127 | AG13: -69.06603 | AH13: -74.73136 | AI13: -68.203902 | AJ13: -70.843152 | AL13: =SUM(O13:R13) -> -101.74248 | AM13: =SUM(S13:V13) -> -172.53969 | AN13: =SUM(W13:Z13) -> -174.59668 | AO13: -218.88432 | AP13: =SUM(AE13:AH13) -> -272.03373
B14: Lucro Bruto (excl Depreciação e Amortização) | C14: n/a | D14: n/a | E14: n/a | F14: n/a | G14: n/a | H14: n/a | I14: n/a | J14: n/a | K14: 212.27546 | L14: 206.90703 | M14: 210.71816 | N14: 216.61203 | O14: =SUM(O8,O9) -> 268.4674 | P14: =SUM(P8,P9) -> 373.93786 | Q14: 537.56835 | R14: 496.61399 | S14: 650.98614 | T14: 570.03866 | U14: 575.72869 | V14: 478.58009 | W14: 674.53858 | X14: 568.23829 | Y14: 637.24417 | Z14: 578.51765 | AA14: 726.54386 | AB14: 637.68288 | AC14: 623.84567 | AD14: 569.60147 | AE14: 752.43809 | AF14: 649.18347 | AG14: 676.5492 | AH14: 635.65476 | AI14: 808.56952 | AJ14: 684.53344 | AL14: =SUM(O14:R14) -> 1676.5876 | AM14: =SUM(S14:V14) -> 2275.3336 | AN14: =SUM(W14:Z14) -> 2458.5387 | AO14: 2557.6739 | AP14: =SUM(AE14:AH14) -> 2713.8255
B15: Despesas Comerciais | C15: n/a | D15: n/a | E15: n/a | F15: n/a | G15: n/a | H15: n/a | I15: n/a | J15: n/a | K15: -32.166872 | L15: -42.459465 | M15: -32.125605 | N15: -58.221677 | O15: =SUM(O16,O17) -> -36.639755 | P15: =SUM(P16,P17) -> -69.235663 | Q15: -37.709952 | R15: -159.3325 | S15: -109.15367 | T15: -117.98463 | U15: -91.345498 | V15: -113.77521 | W15: -122.27754 | X15: -105.45079 | Y15: -130.51435 | Z15: -106.05803 | AA15: -151.55915 | AB15: -106.06793 | AC15: -114.01336 | AD15: -97.53257 | AE15: -150.11949 | AF15: -91.81714 | AG15: -100.22023 | AH15: -122.88205 | AI15: -173.79741 | AJ15: -106.3542 | AL15: =SUM(O15:R15) -> -302.91787 | AM15: =SUM(S15:V15) -> -432.25901 | AN15: =SUM(W15:Z15) -> -464.30071 | AO15: -469.17301 | AP15: =SUM(AE15:AH15) -> -465.03891
B16: PDD | C16: n/a | D16: n/a | E16: n/a | F16: n/a | G16: n/a | H16: n/a | I16: n/a | J16: n/a | K16: -11.551257 | L16: -29.351727 | M16: -14.810335 | N16: -29.709951 | O16: -15.497137 | P16: -46.787124 | Q16: 7.9211429 | R16: -107.08086 | S16: -55.692032 | T16: -65.239284 | U16: -29.169024 | V16: -44.395121 | W16: -54.944804 | X16: -40.6346 | Y16: -54.529324 | Z16: -42.294855 | AA16: -52.547553 | AB16: -60.038212 | AC16: -41.231127 | AD16: -24.709148 | AE16: -52.134277 | AF16: -41.823039 | AG16: -29.44041 | AH16: -49.767606 | AI16: -53.026019 | AJ16: -55.983326 | AL16: =SUM(O16:R16) -> -161.44398 | AM16: =SUM(S16:V16) -> -194.49546 | AN16: =SUM(W16:Z16) -> -192.40358 | AO16: -178.52604 | AP16: =SUM(AE16:AH16) -> -173.16533
B17: Marketing | C17: n/a | D17: n/a | E17: n/a | F17: n/a | G17: n/a | H17: n/a | I17: n/a | J17: n/a | K17: -20.615616 | L17: -13.107738 | M17: -17.315269 | N17: -28.511726 | O17: -21.142618 | P17: -22.448539 | Q17: -45.631095 | R17: -52.251641 | S17: -53.461639 | T17: -52.745345 | U17: -62.176475 | V17: -69.380087 | W17: -67.332741 | X17: -64.816189 | Y17: -75.985027 | Z17: -63.76317 | AA17: -99.011598 | AB17: -46.029716 | AC17: -72.782232 | AD17: -72.823422 | AE17: -97.985213 | AF17: -49.994102 | AG17: -70.779822 | AH17: -73.114445 | AI17: -120.77139 | AJ17: -50.370875 | AL17: =SUM(O17:R17) -> -141.47389 | AM17: =SUM(S17:V17) -> -237.76355 | AN17: =SUM(W17:Z17) -> -271.89713 | AO17: -290.64697 | AP17: =SUM(AE17:AH17) -> -291.87358
B18: Despesas Gerais & Administrativas | C18: n/a | D18: n/a | E18: n/a | F18: n/a | G18: n/a | H18: n/a | I18: n/a | J18: n/a | K18: -36.051226 | L18: -36.802764 | M18: -45.840457 | N18: -46.181974 | O18: =SUM(O19:O22) -> -38.697548 | P18: =SUM(P19:P22) -> -70.994398 | Q18: -80.095265 | R18: -99.166273 | S18: -110.61935 | T18: -110.36908 | U18: -113.47396 | V18: -108.54829 | W18: -130.21402 | X18: -112.14652 | Y18: -112.885 | Z18: -110.70838 | AA18: -108.10225 | AB18: -129.05911 | AC18: -105.74866 | AD18: -115.44702 | AE18: -113.16376 | AF18: -125.25072 | AG18: -125.73121 | AH18: -114.93738 | AI18: -131.26705 | AJ18: -129.51666 | AL18: =SUM(O18:R18) -> -288.95348 | AM18: =SUM(S18:V18) -> -443.01068 | AN18: =SUM(W18:Z18) -> -465.95392 | AO18: -458.35704 | AP18: =SUM(AE18:AH18) -> -479.08306
B19: Pessoal | C19: n/a | D19: n/a | E19: n/a | F19: n/a | G19: n/a | H19: n/a | I19: n/a | J19: n/a | K19: -28.018198 | L19: -28.43915 | M19: -33.310284 | N19: -29.834044 | O19: -31.0298 | P19: -44.753096 | Q19: -46.280029 | R19: -65.027772 | S19: -72.512043 | T19: -83.142695 | U19: -78.387858 | V19: -66.594768 | W19: -82.672433 | X19: -90.884959 | Y19: -70.954247 | Z19: -65.591848 | AA19: -74.218915 | AB19: -75.887516 | AC19: -74.912395 | AD19: -67.836489 | AE19: -74.685312 | AF19: -87.557875 | AG19: -85.935862 | AH19: -74.790827 | AI19: -87.239194 | AJ19: -91.396945 | AL19: =SUM(O19:R19) -> -187.0907 | AM19: =SUM(S19:V19) -> -300.63736 | AN19: =SUM(W19:Z19) -> -310.10349 | AO19: -292.85532 | AP19: =SUM(AE19:AH19) -> -322.96988
B20: Serviços de Terceiros | C20: n/a | D20: n/a | E20: n/a | F20: n/a | G20: n/a | H20: n/a | I20: n/a | J20: n/a | K20: -3.761954 | L20: -4.2932594 | M20: -6.3276287 | N20: -8.399541 | O20: -5.176912 | P20: -20.456319 | Q20: -22.639096 | R20: -29.117472 | S20: -25.183803 | T20: -18.871795 | U20: -28.214731 | V20: -34.281599 | W20: -34.181545 | X20: -13.474653 | Y20: -33.269111 | Z20: -30.495355 | AA20: -28.949522 | AB20: -36.432202 | AC20: -18.870879 | AD20: -28.054894 | AE20: -28.814025 | AF20: -28.781769 | AG20: -28.982569 | AH20: -30.275732 | AI20: -33.116789 | AJ20: -29.985198 | AL20: =SUM(O20:R20) -> -77.389799 | AM20: =SUM(S20:V20) -> -106.55193 | AN20: =SUM(W20:Z20) -> -111.42066 | AO20: -112.3075 | AP20: =SUM(AE20:AH20) -> -116.8541
B21: Aluguel & Ocupação | C21: n/a | D21: n/a | E21: n/a | F21: n/a | G21: n/a | H21: n/a | I21: n/a | J21: n/a | K21: -0.82316997 | L21: -0.9242859 | M21: -1.0334526 | N21: -0.43074663 | O21: -0.495374 | P21: -0.50968364 | Q21: -0.43259848 | R21: -1.016185 | S21: -1.8493184 | T21: 0.5384534 | U21: -0.97692532 | V21: 7.6030284 | W21: -0.14969358 | X21: 5.0809215 | Y21: 0.29501845 | Z21: -1.9407951 | AA21: -0.76208069 | AB21: -1.5934882 | AC21: -0.74983133 | AD21: -1.1827612 | AE21: -0.87067267 | AF21: -0.89625413 | AG21: -1.702928 | AH21: -0.99459554 | AI21: -1.8592143 | AJ21: -0.45561361 | AL21: =SUM(O21:R21) -> -2.4538411 | AM21: =SUM(S21:V21) -> 5.315238 | AN21: =SUM(W21:Z21) -> 3.2854512 | AO21: -4.2881614 | AP21: =SUM(AE21:AH21) -> -4.4644503
B22: Outras | C22: n/a | D22: n/a | E22: n/a | F22: n/a | G22: n/a | H22: n/a | I22: n/a | J22: n/a | K22: -3.4479037 | L22: -3.1460692 | M22: -5.1690925 | N22: -7.5176428 | O22: -1.9954624 | P22: -5.2752989 | Q22: -10.743542 | R22: -4.0048447 | S22: -11.074182 | T22: -8.8930414 | U22: -5.8944481 | V22: -15.274954 | W22: -13.210345 | X22: -12.867829 | Y22: -8.9566574 | Z22: -12.680386 | AA22: -4.1717292 | AB22: -15.145907 | AC22: -11.215553 | AD22: -18.372876 | AE22: -8.7937464 | AF22: -8.0148251 | AG22: -9.1098466 | AH22: -8.8762225 | AI22: -9.0518539 | AJ22: -7.6789041 | AL22: =SUM(O22:R22) -> -22.019148 | AM22: =SUM(S22:V22) -> -41.136626 | AN22: =SUM(W22:Z22) -> -47.715218 | AO22: -48.906065 | AP22: =SUM(AE22:AH22) -> -34.794641
B23: Outras Receitas (Despesas) Operacionais | C23: n/a | D23: n/a | E23: n/a | F23: n/a | G23: n/a | H23: n/a | I23: n/a | J23: n/a | K23: -0.01429529 | L23: -1.1386534 | M23: -1.5995457 | N23: -10.625081 | O23: =SUM(O24:O26) -> -3.17626 | P23: =SUM(P24:P26) -> -0.55651743 | Q23: 6.3291159 | R23: 15.17623 | S23: -4.370335 | T23: 1.4535311 | U23: 13.491656 | V23: -0.07043566 | W23: 1.5573655 | X23: 0.08744612 | Y23: -9.1028378 | Z23: -17.540155 | AA23: -14.083004 | AB23: 0.65760411 | AC23: -10.969503 | AD23: 6.8388605 | AE23: -1.4260248 | AF23: -12.254488 | AG23: -14.931836 | AH23: 13.567238 | AI23: -2.6327725 | AJ23: 5.7748622 | AL23: =SUM(O23:R23) -> 17.772569 | AM23: =SUM(S23:V23) -> 10.504416 | AN23: =SUM(W23:Z23) -> -24.998181 | AO23: -17.556043 | AP23: =SUM(AE23:AH23) -> -15.045111
B24: Provisões | C24: n/a | D24: n/a | E24: n/a | F24: n/a | G24: n/a | H24: n/a | I24: n/a | J24: n/a | K24: 0.09237112 | L24: 0.16426108 | M24: -0.15530188 | N24: -10.235496 | O24: -2.306769 | P24: -2.2697827 | Q24: 0.09923525 | R24: -22.326175 | S24: -6.5382231 | T24: -6.4834222 | U24: 8.3490683 | V24: -6.1405949 | W24: -6.3050991 | X24: -4.4211336 | Y24: -12.383239 | Z24: -20.517965 | AA24: -15.657248 | AB24: -1.1784419 | AC24: -12.505572 | AD24: 1.2312775 | AE24: -1.2773022 | AF24: -8.4801641 | AG24: -15.479105 | AH24: 0.21040108 | AI24: -8.0024332 | AJ24: -7.4763272 | AL24: =SUM(O24:R24) -> -26.803491 | AM24: =SUM(S24:V24) -> -10.813172 | AN24: =SUM(W24:Z24) -> -43.627437 | AO24: -28.109984 | AP24: =SUM(AE24:AH24) -> -25.02617
B25: Impostos & Taxas | C25: n/a | D25: n/a | E25: n/a | F25: n/a | G25: n/a | H25: n/a | I25: n/a | J25: n/a | K25: -1.349908 | L25: -1.705789 | M25: -2.9771835 | N25: -2.0837229 | O25: -1.658143 | P25: -2.7264599 | Q25: -5.4801694 | R25: -3.9729847 | S25: -2.26222 | T25: -0.22084831 | U25: -1.1482724 | V25: -0.95415827 | W25: -1.0619291 | X25: -0.81394929 | Y25: -0.94169591 | Z25: -0.70407621 | AA25: -1.404675 | AB25: -1.8580306 | AC25: -5.0671096 | AD25: -5.0304521 | AE25: -1.0489169 | AF25: -2.0992543 | AG25: -2.4625523 | AH25: -0.40405096 | AI25: -2.766667 | AJ25: -2.0800163 | AL25: =SUM(O25:R25) -> -13.837757 | AM25: =SUM(S25:V25) -> -4.5854989 | AN25: =SUM(W25:Z25) -> -3.5216505 | AO25: -13.360267 | AP25: =SUM(AE25:AH25) -> -6.0147744
B26: Outras Receitas (Despesas) Operacionais | C26: n/a | D26: n/a | E26: n/a | F26: n/a | G26: n/a | H26: n/a | I26: n/a | J26: n/a | K26: 1.2432415 | L26: 0.4028745 | M26: 1.5329396 | N26: 1.6941382 | O26: 0.788652 | P26: 4.4397251 | Q26: 11.71005 | R26: 41.47539 | S26: 4.4301081 | T26: 8.1578017 | U26: 6.29086 | V26: 7.0243175 | W26: 8.9243937 | X26: 5.322529 | Y26: 4.2220967 | Z26: 3.6818871 | AA26: 2.978919 | AB26: 3.6940766 | AC26: 6.6031783 | AD26: 10.638035 | AE26: 0.90019436 | AF26: -1.67507 | AG26: 3.0098211 | AH26: 13.760888 | AI26: 8.1363277 | AJ26: 15.331206 | AL26: =SUM(O26:R26) -> 58.413817 | AM26: =SUM(S26:V26) -> 25.903087 | AN26: =SUM(W26:Z26) -> 22.150906 | AO26: 23.914209 | AP26: =SUM(AE26:AH26) -> 15.995833
B27: Resultado Multa, Juros s/ Mensalidade | C27: n/a | D27: n/a | E27: n/a | F27: n/a | G27: n/a | H27: n/a | I27: n/a | J27: n/a | K27: 2.9150761 | L27: 1.7213721 | M27: 2.2356098 | N27: 1.4274009 | O27: 2.3656711 | P27: 3.3000098 | Q27: 6.3556644 | R27: 5.3746547 | S27: 5.2936444 | T27: 6.6448036 | U27: 3.552836 | V27: 3.016909 | W27: 4.445711 | X27: 4.954599 | Y27: 6.5581163 | Z27: 7.5944576 | AA27: 11.267991 | AB27: 7.5687619 | AC27: 12.36428 | AD27: 7.6806861 | AE27: 12.110317 | AF27: 7.7792477 | AG27: 14.456226 | AH27: 6.8181291 | AI27: 13.892915 | AJ27: 7.8233588 | AL27: =SUM(O27:R27) -> 17.396 | AM27: =SUM(S27:V27) -> 18.508193 | AN27: =SUM(W27:Z27) -> 23.552884 | AO27: 38.88172 | AP27: =SUM(AE27:AH27) -> 41.163919
B28: Resultado Operacional (excl Depreciação e Amortização) | C28: n/a | D28: n/a | E28: n/a | F28: n/a | G28: n/a | H28: n/a | I28: n/a | J28: n/a | K28: 146.95815 | L28: 128.22752 | M28: 133.38816 | N28: 103.0107 | O28: =SUM(O14,O15,O18,O23,O27) -> 192.31951 | P28: =SUM(P14,P15,P18,P23,P27) -> 236.45129 | Q28: 432.44791 | R28: 258.6661 | S28: 432.13643 | T28: 349.78329 | U28: 387.85372 | V28: 259.20306 | W28: 428.05009 | X28: 355.68303 | Y28: 391.3001 | Z28: 351.80554 | AA28: 464.06745 | AB28: 410.7822 | AC28: 405.47843 | AD28: 371.14142 | AE28: 499.83914 | AF28: 427.64037 | AG28: 450.12215 | AH28: 418.2207 | AI28: 514.7652 | AJ28: 462.26079 | AL28: =SUM(O28:R28) -> 1119.8848 | AM28: =SUM(S28:V28) -> 1428.9765 | AN28: =SUM(W28:Z28) -> 1526.8388 | AO28: 1651.4695 | AP28: =SUM(AE28:AH28) -> 1795.8224
B29: Despesas Corporativas | C29: n/a | D29: n/a | E29: n/a | F29: n/a | G29: n/a | H29: n/a | I29: n/a | J29: n/a | K29: -28.708811 | L29: -36.478067 | M29: -33.552451 | N29: -37.530794 | O29: -45.860023 | P29: -67.292769 | Q29: -88.176474 | R29: -99.514822 | S29: -93.08208 | T29: -77.17861 | U29: -105.21125 | V29: -80.535741 | W29: -75.437999 | X29: -76.990026 | Y29: -83.143607 | Z29: -83.176918 | AA29: -68.207304 | AB29: -73.357545 | AC29: -71.546005 | AD29: -77.396677 | AE29: -68.202872 | AF29: -75.444942 | AG29: -75.777173 | AH29: -84.190681 | AI29: -64.106309 | AJ29: -78.44765 | AL29: =SUM(O29:R29) -> -300.84409 | AM29: =SUM(S29:V29) -> -356.00768 | AN29: =SUM(W29:Z29) -> -318.74855 | AO29: -290.50753 | AP29: =SUM(AE29:AH29) -> -303.61567
B30: EBITDA Ajustado | C30: n/a | D30: n/a | E30: n/a | F30: n/a | G30: n/a | H30: n/a | I30: n/a | J30: n/a | K30: 118.24933 | L30: 91.749452 | M30: 99.835709 | N30: 65.479909 | O30: =SUM(O28,O29) -> 146.45949 | P30: =SUM(P28,P29) -> 169.15852 | Q30: 344.27143 | R30: 159.15128 | S30: 339.05435 | T30: 272.60468 | U30: 282.74247 | V30: 178.66732 | W30: 352.61209 | X30: 278.693 | Y30: 308.15649 | Z30: 268.62862 | AA30: 395.86014 | AB30: 337.42466 | AC30: 333.93243 | AD30: 293.74475 | AE30: 431.63627 | AF30: 352.19542 | AG30: 374.34498 | AH30: 334.03001 | AI30: 450.65889 | AJ30: 383.81314 | AL30: =SUM(O30:R30) -> 819.04072 | AM30: =SUM(S30:V30) -> 1073.0688 | AN30: =SUM(W30:Z30) -> 1208.0902 | AO30: 1360.962 | AP30: =SUM(AE30:AH30) -> 1492.2067
B31: (-) Resultado Multa, Juros s/ Mensalidade | C31: n/a | D31: n/a | E31: n/a | F31: n/a | G31: n/a | H31: n/a | I31: n/a | J31: n/a | K31: -2.9150761 | L31: -1.7213721 | M31: -2.2356098 | N31: -1.4274009 | O31: -2.3656711 | P31: -3.3000098 | Q31: -6.3556644 | R31: -5.3746547 | S31: -5.2936444 | T31: -6.6448036 | U31: -3.552836 | V31: -3.016909 | W31: -4.445711 | X31: -4.954599 | Y31: -6.5581163 | Z31: -7.5944576 | AA31: -11.267991 | AB31: -7.5687619 | AC31: -12.36428 | AD31: -7.6806861 | AE31: -12.110317 | AF31: -7.7792477 | AG31: -14.456226 | AH31: -6.8181291 | AI31: -13.892915 | AJ31: -7.8233588 | AL31: =SUM(O31:R31) -> -17.396 | AM31: =SUM(S31:V31) -> -18.508193 | AN31: =SUM(W31:Z31) -> -23.552884 | AO31: -38.88172 | AP31: =SUM(AE31:AH31) -> -41.163919
B32: (-) Itens Não-Recorrentes - EBITDA | C32: n/a | D32: n/a | E32: n/a | F32: n/a | G32: n/a | H32: n/a | I32: n/a | J32: n/a | K32: -62.69216 | L32: -4.1179767 | M32: -18.286677 | N32: -10.610821 | O32: -6.3526971 | P32: -15.800321 | Q32: -45.447255 | R32: -13.277793 | S32: -0.74766756 | T32: -14.713981 | U32: -15.75695 | V32: -52.510151 | W32: -50.497208 | X32: -8.6965875 | Y32: -25.30909 | Z32: -33.657603 | AA32: -0.43086939 | AB32: -0.71220316 | AC32: -29.540679 | AD32: 21.492282 | AE32: -4.4583039 | AF32: -4.4245283 | AG32: -1.5969921 | AH32: -2.2223737 | AI32: -7.8195589 | AJ32: -0.66382531 | AL32: =SUM(O32:R32) -> -80.878065 | AM32: =SUM(S32:V32) -> -83.72875 | AN32: =SUM(W32:Z32) -> -118.16049 | AO32: -9.1914694 | AP32: =SUM(AE32:AH32) -> -12.702198
B33: EBITDA | C33: n/a | D33: n/a | E33: n/a | F33: n/a | G33: n/a | H33: n/a | I33: n/a | J33: n/a | K33: 52.642099 | L33: 85.910103 | M33: 79.313423 | N33: 53.441687 | O33: =SUM(O30,O31,O32) -> 137.74112 | P33: =SUM(P30,P31,P32) -> 150.05819 | Q33: 292.46852 | R33: 140.49883 | S33: 333.01303 | T33: 251.24589 | U33: 263.43269 | V33: 123.14026 | W33: 297.66917 | X33: 265.04181 | Y33: 276.28928 | Z33: 227.37656 | AA33: 384.16128 | AB33: 329.14369 | AC33: 292.02747 | AD33: 307.55634 | AE33: 415.06764 | AF33: 339.99165 | AG33: 358.29176 | AH33: 324.98951 | AI33: 428.94642 | AJ33: 375.32596 | AL33: =SUM(O33:R33) -> 720.76666 | AM33: =SUM(S33:V33) -> 970.83187 | AN33: =SUM(W33:Z33) -> 1066.3768 | AO33: 1312.8888 | AP33: =SUM(AE33:AH33) -> 1438.3406
B34: Depreciação & Amortização | C34: n/a | D34: n/a | E34: n/a | F34: n/a | G34: n/a | H34: n/a | I34: n/a | J34: n/a | K34: -35.750648 | L34: -36.197353 | M34: -39.209698 | N34: -38.664467 | O34: -45.149358 | P34: -82.675719 | Q34: -149.69662 | R34: -145.25242 | S34: -143.5995 | T34: -139.75554 | U34: -148.61143 | V34: -146.36901 | W34: -138.3002 | X34: -132.35547 | Y34: -132.15093 | Z34: -131.77082 | AA34: -129.70882 | AB34: -129.91576 | AC34: -109.36742 | AD34: -112.02461 | AE34: -109.40472 | AF34: -109.71707 | AG34: -103.86215 | AH34: -104.46011 | AI34: -102.81302 | AJ34: -99.668571 | AL34: =SUM(O34:R34) -> -422.77412 | AM34: =SUM(S34:V34) -> -578.33549 | AN34: =SUM(W34:Z34) -> -534.57742 | AO34: -481.01661 | AP34: =SUM(AE34:AH34) -> -427.44405
B35: Equivalência Patrimonial | C35: n/a | D35: n/a | E35: n/a | F35: n/a | G35: n/a | H35: n/a | I35: n/a | J35: n/a | K35: -0.57436413 | L35: -1.2696359 | M35: -1.1956634 | N35: -0.54681009 | O35: 0.24247632 | P35: -0.55226261 | Q35: 0.34996744 | R35: -0.58442798 | S35: -4.246813 | T35: -4.3839505 | U35: 0.18761105 | V35: -5.8986556 | W35: -2.1542859 | X35: -1.6254687 | Y35: -0.81874273 | Z35: -2.293306 | AA35: -8.2923584 | AB35: -1.1751118 | AC35: -1.0322342 | AD35: -1.270508 | AE35: -1.0361894 | AF35: -1.6031662 | AG35: -1.2040467 | AH35: -5.0355125 | AI35: -0.49517346 | AJ35: -1.6011768 | AL35: =SUM(O35:R35) -> -0.54424684 | AM35: =SUM(S35:V35) -> -14.341808 | AN35: =SUM(W35:Z35) -> -6.8918033 | AO35: -11.770212 | AP35: =SUM(AE35:AH35) -> -8.8789147
B36: EBIT | C36: n/a | D36: n/a | E36: n/a | F36: n/a | G36: n/a | H36: n/a | I36: n/a | J36: n/a | K36: 16.317087 | L36: 48.443115 | M36: 38.908061 | N36: 14.23041 | O36: =SUM(O33,O34,O35) -> 92.834239 | P36: =SUM(P33,P34,P35) -> 66.830209 | Q36: 143.12186 | R36: -5.3380148 | S36: 185.16673 | T36: 107.1064 | U36: 115.00886 | V36: -29.127408 | W36: 157.21469 | X36: 131.06088 | Y36: 143.31961 | Z36: 93.312434 | AA36: 246.1601 | AB36: 198.05282 | AC36: 181.62782 | AD36: 194.26123 | AE36: 304.62673 | AF36: 228.67141 | AG36: 253.22557 | AH36: 215.49389 | AI36: 325.63822 | AJ36: 274.05621 | AL36: =SUM(O36:R36) -> 297.4483 | AM36: =SUM(S36:V36) -> 378.15458 | AN36: =SUM(W36:Z36) -> 524.9076 | AO36: 820.10197 | AP36: =SUM(AE36:AH36) -> 1002.0176
B37: Resultado Financeiro Líquido | C37: n/a | D37: n/a | E37: n/a | F37: n/a | G37: n/a | H37: n/a | I37: n/a | J37: n/a | K37: -34.467202 | L37: -37.357186 | M37: -36.732327 | N37: -45.967162 | O37: -40.957268 | P37: -84.635198 | Q37: -144.58419 | R37: -159.75317 | S37: -274.98373 | T37: -172.48548 | U37: -169.95384 | V37: -176.62792 | W37: -201.98902 | X37: -189.09532 | Y37: -160.02343 | Z37: -191.66917 | AA37: -149.19534 | AB37: -194.12927 | AC37: -143.31263 | AD37: -147.3941 | AE37: -171.17769 | AF37: -188.90329 | AG37: -182.62717 | AH37: -206.45024 | AI37: -185.34495 | AJ37: -206.84633 | AL37: =SUM(O37:R37) -> -429.92983 | AM37: =SUM(S37:V37) -> -794.05097 | AN37: =SUM(W37:Z37) -> -742.77694 | AO37: -634.03134 | AP37: =SUM(AE37:AH37) -> -749.15839
B38: EBT | C38: n/a | D38: n/a | E38: n/a | F38: n/a | G38: n/a | H38: n/a | I38: n/a | J38: n/a | K38: -18.150115 | L38: 11.085929 | M38: 2.1757341 | N38: -31.736752 | O38: =SUM(O36,O37) -> 51.876971 | P38: =SUM(P36,P37) -> -17.804989 | Q38: -1.4623292 | R38: -165.09119 | S38: -89.817006 | T38: -65.379079 | U38: -54.94498 | V38: -205.75533 | W38: -44.77433 | X38: -58.034442 | Y38: -16.703824 | Z38: -98.356739 | AA38: 96.964759 | AB38: 3.923551 | AC38: 38.31519 | AD38: 46.867127 | AE38: 133.44905 | AF38: 39.768112 | AG38: 70.598394 | AH38: 9.043649 | AI38: 140.29327 | AJ38: 67.209879 | AL38: =SUM(O38:R38) -> -132.48153 | AM38: =SUM(S38:V38) -> -415.8964 | AN38: =SUM(W38:Z38) -> -217.86933 | AO38: 186.07063 | AP38: =SUM(AE38:AH38) -> 252.8592
B39: IR & CSLL | C39: n/a | D39: n/a | E39: n/a | F39: n/a | G39: n/a | H39: n/a | I39: n/a | J39: n/a | K39: -0.69471885 | L39: -1.6006605 | M39: -0.65887366 | N39: -1.3515653 | O39: 0.219018 | P39: 22.715505 | Q39: 15.920593 | R39: 12.298825 | S39: 6.4327453 | T39: 19.546796 | U39: 26.227603 | V39: 375.19754 | W39: 3.4295767 | X39: 0.21589649 | Y39: 4.1787058 | Z39: -3.1210346 | AA39: 0.55803671 | AB39: 0.3890114 | AC39: 15.420826 | AD39: 2.0087835 | AE39: 6.7536314 | AF39: -2.844139 | AG39: -2.0567346 | AH39: 1.9530975 | AI39: -1.3426788 | AJ39: -0.78756077 | AL39: =SUM(O39:R39) -> 51.15394 | AM39: =SUM(S39:V39) -> 427.40468 | AN39: =SUM(W39:Z39) -> 4.7031443 | AO39: 18.376658 | AP39: =SUM(AE39:AH39) -> 3.8058553
B40: Lucro Líquido | C40: n/a | D40: n/a | E40: n/a | F40: n/a | G40: n/a | H40: n/a | I40: n/a | J40: n/a | K40: -18.844834 | L40: 9.4852683 | M40: 1.5168604 | N40: -33.088318 | O40: =SUM(O38,O39) -> 52.095989 | P40: =SUM(P38,P39) -> 4.9105152 | Q40: 14.458263 | R40: -152.79236 | S40: -83.38426 | T40: -45.832283 | U40: -28.717376 | V40: 169.44221 | W40: -41.344753 | X40: -57.818546 | Y40: -12.525118 | Z40: -101.47777 | AA40: 97.522796 | AB40: 4.3125624 | AC40: 53.736016 | AD40: 48.87591 | AE40: 140.20268 | AF40: 36.923973 | AG40: 68.54166 | AH40: 10.996746 | AI40: 138.95059 | AJ40: 66.422318 | AL40: =SUM(O40:R40) -> -81.327594 | AM40: =SUM(S40:V40) -> 11.508287 | AN40: =SUM(W40:Z40) -> -213.16619 | AO40: 204.44728 | AP40: =SUM(AE40:AH40) -> 256.66506
B41: Participação dos acionistas não controladores | C41: n/a | D41: n/a | E41: n/a | F41: n/a | G41: n/a | H41: n/a | I41: n/a | J41: n/a | K41: 0 | L41: 0.459 | M41: 0 | N41: 0 | O41: 2.1008362 | P41: 2.0058346 | Q41: 1.3095699 | R41: 0.92122627 | S41: 6.7572005 | T41: 35.500731 | U41: 17.953942 | V41: 53.494385 | W41: 35.861882 | X41: 43.99614 | Y41: 17.707047 | Z41: 18.893673 | AA41: 32.988208 | AB41: 18.995765 | AC41: 34.290846 | AD41: 33.025182 | AE41: 44.479 | AF41: 27.384541 | AG41: 31.998459 | AH41: 29.048 | AI41: 32.737621 | AJ41: 37.293817 | AL41: =SUM(O41:R41) -> 6.3374669 | AM41: =SUM(S41:V41) -> 113.70626 | AN41: =SUM(W41:Z41) -> 116.45874 | AO41: 119.3 | AP41: =SUM(AE41:AH41) -> 132.91
B42: Lucro Líquido, atribuível aos acionistas controladores | C42: n/a | D42: n/a | E42: n/a | F42: n/a | G42: n/a | H42: n/a | I42: n/a | J42: n/a | K42: -18.844834 | L42: 9.0262683 | M42: 1.5168604 | N42: -33.088318 | O42: =O40-O41 -> 49.995153 | P42: =P40-P41 -> 2.9046806 | Q42: 13.148694 | R42: -153.71359 | S42: -90.141461 | T42: -81.333015 | U42: -46.671319 | V42: 115.94782 | W42: -77.206635 | X42: -101.81469 | Y42: -30.232165 | Z42: -120.37145 | AA42: 64.534588 | AB42: -14.683202 | AC42: 19.44517 | AD42: 15.850728 | AE42: 95.723678 | AF42: 9.5394325 | AG42: 36.543201 | AH42: -18.051254 | AI42: 106.21297 | AJ42: 29.128502 | AL42: =SUM(O42:R42) -> -87.665061 | AM42: =SUM(S42:V42) -> -102.19797 | AN42: =SUM(W42:Z42) -> -329.62493 | AO42: 85.147284 | AP42: =SUM(AE42:AH42) -> 123.75506
B43: Itens Não-Recorrentes - EBITDA | C43: n/a | D43: n/a | E43: n/a | F43: n/a | G43: n/a | H43: n/a | I43: n/a | J43: n/a | K43: 62.69216 | L43: 4.1179767 | M43: 18.286677 | N43: 10.610821 | O43: 6.3526971 | P43: 15.800321 | Q43: 45.447255 | R43: 13.277793 | S43: 0.74766756 | T43: 14.713981 | U43: 15.75695 | V43: 52.510151 | W43: 50.497208 | X43: 8.6965875 | Y43: 25.30909 | Z43: 33.657603 | AA43: 0.43086939 | AB43: 0.71220316 | AC43: 29.540679 | AD43: -21.591653 | AE43: 4.1372598 | AF43: 4.1848026 | AG43: 1.5920631 | AH43: 1.1587138 | AI43: 6.7562279 | AJ43: 0.075967398 | AL43: =SUM(O43:R43) -> 80.878065 | AM43: =SUM(S43:V43) -> 83.72875 | AN43: =SUM(W43:Z43) -> 118.16049 | AO43: 9.0920986 | AP43: =SUM(AE43:AH43) -> 11.072839
B44: Recuperação de impostos | C44: n/a | D44: n/a | E44: n/a | F44: n/a | G44: n/a | H44: n/a | I44: n/a | J44: n/a | K44: 0 | L44: 0 | M44: 0 | N44: 0 | O44: 0 | P44: 0 | Q44: 0 | R44: 0 | S44: 0 | T44: 0 | U44: 0 | V44: 0 | W44: 0 | X44: 0 | Y44: 0 | Z44: 0 | AA44: 0 | AB44: 0 | AC44: -16.024 | AD44: 0 | AE44: 0 | AF44: 0 | AG44: 0 | AH44: 0 | AI44: 0 | AJ44: 0 | AL44: =SUM(O44:R44) -> 0 | AM44: =SUM(S44:V44) -> 0 | AN44: =SUM(W44:Z44) -> 0 | AO44: -16.024 | AP44: =SUM(AE44:AH44) -> 0
B45: Amortização de intangível¹ | C45: n/a | D45: n/a | E45: n/a | F45: n/a | G45: n/a | H45: n/a | I45: n/a | J45: n/a | K45: n/a | L45: n/a | M45: n/a | N45: n/a | O45: 4.656 | P45: 23.738 | Q45: 42.054 | R45: 48.166 | S45: 43.65 | T45: 42.65 | U45: 43.798 | V45: 42.267 | W45: 41.391 | X45: 42.899708 | Y45: 39.475292 | Z45: 41.287 | AA45: 39.688 | AB45: 20.21749 | AC45: 16.024225 | AD45: 14.592983 | AE45: 15.448284 | AF45: 15.439657 | AG45: 12.154808 | AH45: 12.02262 | AI45: 11.809783 | AJ45: 9.435024 | AL45: =SUM(O45:R45) -> 118.614 | AM45: =SUM(S45:V45) -> 172.365 | AN45: =SUM(W45:Z45) -> 165.053 | AO45: 90.522698 | AP45: =SUM(AE45:AH45) -> 55.065369
B46: Penalty fee pré-pagamento debênture¹,² | C46: n/a | D46: n/a | E46: n/a | F46: n/a | G46: n/a | H46: n/a | I46: n/a | J46: n/a | K46: n/a | L46: n/a | M46: n/a | N46: n/a | O46: 0 | P46: 0 | Q46: 0 | R46: 0 | S46: 12.357 | T46: 0 | U46: 0 | V46: 0 | W46: 0 | X46: 0 | Y46: 0 | Z46: 0 | AA46: 0 | AB46: 1.680257 | AC46: 0 | AD46: 0 | AE46: 0 | AF46: 0 | AG46: 0 | AH46: 0 | AI46: 0 | AJ46: 0 | AL46: =SUM(O46:R46) -> 0 | AM46: =SUM(S46:V46) -> 12.357 | AN46: =SUM(W46:Z46) -> 0 | AO46: 1.680257 | AP46: =SUM(AE46:AH46) -> 0
B47: Baixa do custo de captação da debenture pré-paga¹,² | C47: n/a | D47: n/a | E47: n/a | F47: n/a | G47: n/a | H47: n/a | I47: n/a | J47: n/a | K47: n/a | L47: n/a | M47: n/a | N47: n/a | O47: 0 | P47: 0 | Q47: 0 | R47: 0 | S47: 84.384 | T47: 0 | U47: 0 | V47: 0 | W47: 0 | X47: 0 | Y47: 0 | Z47: 0 | AA47: 0 | AB47: 16.599371 | AC47: 0 | AD47: 0 | AE47: 0 | AF47: 0 | AG47: 0 | AH47: 0 | AI47: 0 | AJ47: 0 | AL47: =SUM(O47:R47) -> 0 | AM47: =SUM(S47:V47) -> 84.384 | AN47: =SUM(W47:Z47) -> 0 | AO47: 16.599371 | AP47: =SUM(AE47:AH47) -> 0
B48: Lucro Líquido Ajustado, atribuível aos acionistas controladores | C48: n/a | D48: n/a | E48: n/a | F48: n/a | G48: n/a | H48: n/a | I48: n/a | J48: n/a | K48: =SUM(K42:K47) -> 43.847326 | L48: =SUM(L42:L47) -> 13.144245 | M48: =SUM(M42:M47) -> 19.803537 | N48: =SUM(N42:N47) -> -22.477497 | O48: =SUM(O42,O43,O44,O45,O46,O47) -> 61.00385 | P48: =SUM(P42,P43,P44,P45,P46,P47) -> 42.443001 | Q48: 100.64995 | R48: -92.269795 | S48: 50.997207 | T48: -23.969033 | U48: 12.883631 | V48: 210.72497 | W48: 14.681573 | X48: -50.218389 | Y48: 34.552217 | Z48: -45.426843 | AA48: 104.65346 | AB48: 24.526119 | AC48: 48.984074 | AD48: 8.8540574 | AE48: 115.30922 | AF48: 29.163892 | AG48: 50.290072 | AH48: -4.8699197 | AI48: 124.77898 | AJ48: 38.639493 | AL48: =SUM(O48:R48) -> 111.827 | AM48: =SUM(S48:V48) -> 250.63678 | AN48: =SUM(W48:Z48) -> -46.411442 | AO48: 187.01771 | AP48: =SUM(AE48:AH48) -> 189.89327
B50: 1) Amortização de ativos intangíveis das empresas adquiridas.
B51: 2) A partir de 2T24 os valores são referentes a participação da Ânima Holding (74,01%) nos referidos ajustes.

Sheet Histórico Ebitda LTM
B1: Histórico EBITDA
B2: Sumário
B4: R$ milhões | C4: 1T18 | D4: 2T18 | E4: 3T18 | F4: 4T18 | G4: 1T19 | H4: 2T19 | I4: 3T19 | J4: 4T19 | K4: 1T20 | L4: 2T20 | M4: 3T20 | N4: 4T20 | O4: 1T21 | P4: 2T21 | Q4: 3T21 | R4: 4T21 | S4: 1T22 | T4: 2T22 | U4: 3T22 | V4: 4T22 | W4: 1T23 | X4: 2T23 | Y4: 3T23 | Z4: 4T23 | AA4: 1T24 | AB4: 2T24 | AC4: 3T24 | AD4: 4T24 | AE4: 1T25 | AF4: 2T25 | AG4: 3T25 | AH4: 4T25 | AI4: 1T26 | AJ4: 2T26
B5: Receita Líquida | C5: 263.98947 | D5: 276.15209 | E5: 254.51204 | F5: 293.05132 | G5: 279.01408 | H5: 283.5292 | I5: 290.6928 | J5: 317.9001 | K5: ='DRE Consolidada '!K8 -> 338.61771 | L5: ='DRE Consolidada '!L8 -> 356.13439 | M5: ='DRE Consolidada '!M8 -> 350.94529 | N5: ='DRE Consolidada '!N8 -> 375.92526 | O5: ='DRE Consolidada '!O8 -> 415.97563 | P5: ='DRE Consolidada '!P8 -> 585.96811 | Q5: ='DRE Consolidada '!Q8 -> 816.68335 | R5: ='DRE Consolidada '!R8 -> 848.50754 | ... AC5: ='DRE Consolidada '!AC8 -> 938.27857 | AD5: 895.3825 | AE5: ='DRE Consolidada '!AE8 -> 1040.1218 | AF5: ='DRE Consolidada '!AF8 -> 1005.3398 | AG5: ='DRE Consolidada '!AG8 -> 1005.9152 | AH5: ='DRE Consolidada '!AH8 -> 972.31993 | AI5: ='DRE Consolidada '!AI8 -> 1120.4028 | AJ5: ='DRE Consolidada '!AJ8 -> 1050.0493
B6: EBITDA ajustado | C6: 88.385131 | D6: 49.600872 | E6: 60.091064 | F6: 49.616144 | G6: 94.521297 | H6: 54.915884 | I6: 75.13346 | J6: 58.484101 | K6: ='DRE Consolidada '!K30 -> 118.24933 | L6: ='DRE Consolidada '!L30 -> 91.749452 | M6: ='DRE Consolidada '!M30 -> 99.835709 | N6: ='DRE Consolidada '!N30-4.946 -> 60.533909 | O6: ='DRE Consolidada '!O30 -> 146.45949 | P6: ='DRE Consolidada '!P30 -> 169.15852 | Q6: ='DRE Consolidada '!Q30-118.7 -> 225.57143 | R6: ='DRE Consolidada '!R30 -> 159.15128 | S6: ='DRE Consolidada '!S30 -> 339.05435 | T6: ='DRE Consolidada '!T30 -> 272.60468 | U6: ='DRE Consolidada '!U30 -> 282.74247 | V6: ='DRE Consolidada '!V30 -> 178.66732 | W6: ='DRE Consolidada '!W30 -> 352.61209 | X6: ='DRE Consolidada '!X30 -> 278.693 | Y6: ='DRE Consolidada '!Y30 -> 308.15649 | ... AC6: ='DRE Consolidada '!AC30 -> 333.93243 | AD6: 293.74269 | AE6: ='DRE Consolidada '!AE30 -> 431.63627 | AF6: ='DRE Consolidada '!AF30 -> 352.19542 | AG6: ='DRE Consolidada '!AG30 -> 374.34498 | AH6: ='DRE Consolidada '!AH30 -> 334.03001 | AI6: ='DRE Consolidada '!AI30 -> 450.65889 | AJ6: ='DRE Consolidada '!AJ30 -> 383.81314
B7: Margem | C7: =IFERROR(C6/C$5,"n.a.") -> 0.33480551 | D7: =IFERROR(D6/D$5,"n.a.") -> 0.17961433 | E7: =IFERROR(E6/E$5,"n.a.") -> 0.23610303 | F7: =IFERROR(F6/F$5,"n.a.") -> 0.16930872 | G7: =IFERROR(G6/G$5,"n.a.") -> 0.33876891 | H7: =IFERROR(H6/H$5,"n.a.") -> 0.19368687 | I7: =IFERROR(I6/I$5,"n.a.") -> 0.25846344 | J7: =IFERROR(J6/J$5,"n.a.") -> 0.18397006 | ... AJ7: =IFERROR(AJ6/AJ$5,"n.a.") -> 0.36551917
B8: Aluguel ex. não recorrente | C8: -19.077 | D8: -19.663 | E8: -21.316 | F8: -23.283 | G8: -19.996815 | H8: -21.194303 | I8: -25.687351 | J8: -23.871381 | K8: -23.17 | L8: -21.736 | M8: -24.635 | N8: -26.721 | O8: -31.95 | P8: -44.989 | Q8: -94.344 | R8: -82.804 | S8: -88.102 | T8: -83.716 | U8: -93.311 | V8: -78.282 | W8: -72.562899 | X8: -72.216201 | Y8: -72.158058 | Z8: -67.643186 | AA8: -68.919595 | AB8: -68.46713 | AC8: -69.094827 | AD8: -69.622443 | AE8: -71.138014 | AF8: -70.777986 | AG8: -71.306 | AH8: -72.147 | AI8: -74.727747 | AJ8: -68.886253
B9: % Receita líquida | C9: =IFERROR(C8/C$5,"n.a.") -> -0.072264245 | D9: =IFERROR(D8/D$5,"n.a.") -> -0.071203516 | E9: =IFERROR(E8/E$5,"n.a.") -> -0.083752424 | F9: =IFERROR(F8/F$5,"n.a.") -> -0.079450247 | G9: =IFERROR(G8/G$5,"n.a.") -> -0.071669554 | H9: =IFERROR(H8/H$5,"n.a.") -> -0.074751747 | I9: =IFERROR(I8/I$5,"n.a.") -> -0.08836597 | J9: =IFERROR(J8/J$5,"n.a.") -> -0.075090827 | ... AJ9: =IFERROR(AJ8/AJ$5,"n.a.") -> -0.065602875
B10: EBITDA ajustado ex-IFRS16 | C10: 69.308131 | D10: 29.937872 | E10: 38.775064 | F10: 26.333144 | G10: 74.524482 | H10: 33.721581 | I10: 49.446109 | J10: 34.61272 | K10: =SUM(K6,K8) -> 95.079335 | L10: =SUM(L6,L8) -> 70.013452 | M10: =SUM(M6,M8) -> 75.200709 | N10: =SUM(N6,N8) -> 33.812909 | O10: =SUM(O6,O8) -> 114.50949 | P10: =SUM(P6,P8) -> 124.16952 | Q10: =SUM(Q6,Q8) -> 131.22743 | R10: =SUM(R6,R8) -> 76.34728 | ... AJ10: =SUM(AJ6,AJ8) -> 314.92689
B11: Margem | C11: =IFERROR(C10/C$5,"n.a.") -> 0.26254127 | D11: =IFERROR(D10/D$5,"n.a.") -> 0.10841081 | E11: =IFERROR(E10/E$5,"n.a.") -> 0.15235061 | F11: =IFERROR(F10/F$5,"n.a.") -> 0.089858472 | G11: =IFERROR(G10/G$5,"n.a.") -> 0.26709936 | H11: =IFERROR(H10/H$5,"n.a.") -> 0.11893512 | I11: =IFERROR(I10/I$5,"n.a.") -> 0.17009747 | J11: =IFERROR(J10/J$5,"n.a.") -> 0.10887923 | ... AJ11: =IFERROR(AJ10/AJ$5,"n.a.") -> 0.29991629
B13: Indicadores LTM:
B14: Receita Líquida | C14: 1049.0959 | D14: 1066.0438 | E14: 1069.5508 | F14: =SUM(C5:F5) -> 1087.7049 | G14: =SUM(D5:G5) -> 1102.7295 | H14: =SUM(E5:H5) -> 1110.1067 | I14: =SUM(F5:I5) -> 1146.2874 | J14: =SUM(G5:J5) -> 1171.1362 | K14: =SUM(H5:K5) -> 1230.7398 | L14: =SUM(I5:L5) -> 1303.345 | M14: =SUM(J5:M5) -> 1363.5975 | ... AJ14: =SUM(AG5:AJ5) -> 4148.6872
B15: EBITDA ajustado ex-IFRS16 | C15: 167.05103 | D15: 161.44146 | E15: 160.65401 | F15: =SUM(C10:F10) -> 164.35421 | G15: =SUM(D10:G10) -> 169.57056 | H15: =SUM(E10:H10) -> 173.35427 | I15: =SUM(F10:I10) -> 184.02532 | J15: =SUM(G10:J10) -> 192.30489 | K15: =SUM(H10:K10) -> 212.85974 | L15: =SUM(I10:L10) -> 249.15162 | M15: =SUM(J10:M10) -> 274.90622 | ... AJ15: =SUM(AG10:AJ10) -> 1255.78
B16: Margem LTM | C16: 0.15923334 | D16: 0.1514398 | E16: 0.150207 | F16: =IFERROR(F15/F14,"n.a.") -> 0.15110184 | G16: 0.15377348 | H16: 0.15616002 | I16: 0.16054029 | J16: 0.1642037 | K16: 0.17061292 | L16: 0.18742874 | M16: 0.19537718 | N16: 0.18743317 | O16: 0.18868301 | P16: 0.19190196 | Q16: 0.17825311 | R16: =IFERROR(R15/R14,"n.a.") -> 0.16731579 | S16: =IFERROR(S15/S14,"n.a.") -> 0.18477544 | T16: =IFERROR(T15/T14,"n.a.") -> 0.18614365 | U16: =IFERROR(U15/U14,"n.a.") -> 0.1978412 | V16: =IFERROR(V15/V14,"n.a.") -> 0.20477426 | W16: =IFERROR(W15/W14,"n.a.") -> 0.20987483 | X16: =IFERROR(X15/X14,"n.a.") -> 0.21344377 | Y16: =IFERROR(Y15/Y14,"n.a.") -> 0.22407989 | ... AJ16: =IFERROR(AJ15/AJ14,"n.a.") -> 0.30269335
B17: Margem LTM YoY | G17: =(ROUND(G16,3)-ROUND(C16,3))*100 -> -0.5 | H17: =(ROUND(H16,3)-ROUND(D16,3))*100 -> 0.5 | I17: =(ROUND(I16,3)-ROUND(E16,3))*100 -> 1.1 | J17: =(ROUND(J16,3)-ROUND(F16,3))*100 -> 1.3 | K17: =(ROUND(K16,3)-ROUND(G16,3))*100 -> 1.7 | L17: =(ROUND(L16,3)-ROUND(H16,3))*100 -> 3.1 | M17: =(ROUND(M16,3)-ROUND(I16,3))*100 -> 3.4 | N17: =(ROUND(N16,3)-ROUND(J16,3))*100 -> 2.3 | ... AJ17: =(ROUND(AJ16,3)-ROUND(AF16,3))*100 -> 1.1

Sheet DRE Segmentos - Novo
B1: DRE por segmento
B2: Sumário
B4: R$ milhões, exceto em % | C4: ='Histórico Ebitda LTM'!C4 -> 1T18 | D4: ='Histórico Ebitda LTM'!D4 -> 2T18 | E4: ='Histórico Ebitda LTM'!E4 -> 3T18 | F4: ='Histórico Ebitda LTM'!F4 -> 4T18 | G4: ='Histórico Ebitda LTM'!G4 -> 1T19 | H4: ='Histórico Ebitda LTM'!H4 -> 2T19 | I4: ='Histórico Ebitda LTM'!I4 -> 3T19 | J4: ='Histórico Ebitda LTM'!J4 -> 4T19 | ... AJ4: ='Histórico Ebitda LTM'!AJ4 -> 2T26 | AL4: 2021 | AM4: 2022 | AN4: 2023 | AO4: 2024 | AP4: 2025
B5: Ânima Core
B6: Receita Bruta | C6: n/a | D6: n/a | E6: n/a | F6: n/a | G6: n/a | H6: n/a | I6: n/a | J6: n/a | K6: n/a | L6: n/a | M6: n/a | N6: n/a | O6: n/a | P6: n/a | Q6: n/a | R6: n/a | S6: 1275.9566 | T6: 1271.1527 | U6: 1303.2832 | V6: 1165.2917 | W6: 1331.1109 | X6: 1314.5403 | Y6: 1271.7909 | Z6: 1240.2932 | AA6: 1303.2522 | AB6: 1300.5676 | AC6: 1229.375 | AD6: 1205.9811 | AE6: 1369.3698 | AF6: 1380.0665 | AG6: 1291.3734 | AH6: 1269.729 | AI6: 1490.257 | AJ6: 1450.1964 | AL6: n.a. | AM6: =SUM(S6:V6) -> 5015.6841 | AN6: =SUM(W6:Z6) -> 5157.7353 | AO6: =SUM(AA6:AD6) -> 5039.1758 | AP6: =SUM(AE6:AH6) -> 5310.5388
B7: Descontos, Deduções & Bolsas | C7: n/a | D7: n/a | E7: n/a | F7: n/a | G7: n/a | H7: n/a | I7: n/a | J7: n/a | K7: n/a | L7: n/a | M7: n/a | N7: n/a | O7: n/a | P7: n/a | Q7: n/a | R7: n/a | S7: -664.49192 | T7: -677.86703 | U7: -706.68531 | V7: -611.01978 | W7: -736.80251 | X7: -744.68012 | Y7: -688.23731 | Z7: -695.11473 | AA7: -716.08979 | AB7: -748.03303 | AC7: -677.85483 | AD7: -708.43773 | AE7: -772.38366 | AF7: -826.66131 | AG7: -716.83187 | AH7: -752.31212 | AI7: -830.31112 | AJ7: -875.52705 | AL7: n.a. | AM7: =SUM(S7:V7) -> -2660.064 | AN7: =SUM(W7:Z7) -> -2864.8347 | AO7: =SUM(AA7:AD7) -> -2850.4154 | AP7: =SUM(AE7:AH7) -> -3068.189
B8: Impostos & Taxas | C8: n/a | D8: n/a | E8: n/a | F8: n/a | G8: n/a | H8: n/a | I8: n/a | J8: n/a | K8: n/a | L8: n/a | M8: n/a | N8: n/a | O8: n/a | P8: n/a | Q8: n/a | R8: n/a | S8: -24.868798 | T8: -25.459798 | U8: -24.442288 | V8: -21.83668 | W8: -21.876526 | X8: -21.494559 | Y8: -22.323513 | Z8: -20.654847 | AA8: -20.71623 | AB8: -20.903404 | AC8: -20.332415 | AD8: -20.419246 | AE8: -20.941964 | AF8: -20.50228 | AG8: -21.947506 | AH8: -19.016433 | AI8: -22.850489 | AJ8: -20.607577 | AL8: n.a. | AM8: =SUM(S8:V8) -> -96.607564 | AN8: =SUM(W8:Z8) -> -86.349446 | AO8: =SUM(AA8:AD8) -> -82.371295 | AP8: =SUM(AE8:AH8) -> -82.408181
B9: Receita Líquida | C9: n/a | D9: n/a | E9: n/a | F9: n/a | G9: n/a | H9: n/a | I9: n/a | J9: n/a | K9: n/a | L9: n/a | M9: n/a | N9: n/a | O9: n/a | P9: n/a | Q9: n/a | R9: n/a | S9: 586.59591 | T9: 567.82583 | U9: 572.15557 | V9: 532.43521 | W9: 572.43184 | X9: 548.36567 | Y9: 561.23012 | Z9: 524.5236 | AA9: 566.44614 | AB9: 531.63115 | AC9: 531.18772 | AD9: 477.1241 | AE9: 576.04419 | AF9: 532.90295 | AG9: 552.59407 | AH9: 498.4004 | AI9: 637.09543 | AJ9: 554.06179 | AL9: n.a. | AM9: =SUM(S9:V9) -> 2259.0125 | AN9: =SUM(W9:Z9) -> 2206.5512 | AO9: =SUM(AA9:AD9) -> 2106.3891 | AP9: =SUM(AE9:AH9) -> 2159.9416
B10: Total de Custos | C10: n/a | D10: n/a | E10: n/a | F10: n/a | G10: n/a | H10: n/a | I10: n/a | J10: n/a | K10: n/a | L10: n/a | M10: n/a | N10: n/a | O10: n/a | P10: n/a | Q10: n/a | R10: n/a | S10: =SUM(S11:S14) -> -197.62911 | T10: =SUM(T11:T14) -> -257.32897 | U10: =SUM(U11:U14) -> -253.83434 | V10: =SUM(V11:V14) -> -272.70784 | W10: =SUM(W11:W14) -> -208.91545 | X10: =SUM(X11:X14) -> -263.79234 | Y10: =SUM(Y11:Y14) -> -207.12048 | Z10: =SUM(Z11:Z14) -> -213.83505 | ... AC10: =SUM(AC11:AC14) -> -200.1543 | AD10: -207.85332 | AE10: -184.17793 | AF10: -228.18694 | AG10: -211.06436 | AH10: -213.76566 | AI10: -198.20038 | AJ10: -241.42638 | AL10: n.a. | AM10: =SUM(S10:V10) -> -981.50025 | AN10: =SUM(W10:Z10) -> -893.66332 | AO10: =SUM(AA10:AD10) -> -791.93761 | AP10: =SUM(AE10:AH10) -> -837.19489
B11: Pessoal | C11: n/a | D11: n/a | E11: n/a | F11: n/a | G11: n/a | H11: n/a | I11: n/a | J11: n/a | K11: n/a | L11: n/a | M11: n/a | N11: n/a | O11: n/a | P11: n/a | Q11: n/a | R11: n/a | S11: -143.10576 | T11: -185.29417 | U11: -184.74396 | V11: -184.8972 | W11: -152.81362 | X11: -202.24539 | Y11: -150.13032 | Z11: -157.63896 | AA11: -128.63604 | AB11: -155.44671 | AC11: -145.21915 | AD11: -149.24105 | AE11: -133.14942 | AF11: -164.19494 | AG11: -149.98066 | AH11: -153.78052 | AI11: -144.54234 | AJ11: -176.49211 | AL11: n.a. | AM11: =SUM(S11:V11) -> -698.04109 | AN11: =SUM(W11:Z11) -> -662.82829 | AO11: =SUM(AA11:AD11) -> -578.54295 | AP11: =SUM(AE11:AH11) -> -601.10554
B12: Serviços de Terceiros | C12: n/a | D12: n/a | E12: n/a | F12: n/a | G12: n/a | H12: n/a | I12: n/a | J12: n/a | K12: n/a | L12: n/a | M12: n/a | N12: n/a | O12: n/a | P12: n/a | Q12: n/a | R12: n/a | S12: -19.290113 | T12: -22.529763 | U12: -24.318428 | V12: -27.519817 | W12: -18.468821 | X12: -19.372257 | Y12: -20.370839 | Z12: -16.326791 | AA12: -14.411304 | AB12: -17.146286 | AC12: -19.002771 | AD12: -17.507561 | AE12: -14.071071 | AF12: -19.045777 | AG12: -19.442986 | AH12: -19.786349 | AI12: -13.975393 | AJ12: -22.289311 | AL12: n.a. | AM12: =SUM(S12:V12) -> -93.65812 | AN12: =SUM(W12:Z12) -> -74.538707 | AO12: =SUM(AA12:AD12) -> -68.067923 | AP12: =SUM(AE12:AH12) -> -72.346183
B13: Aluguel & Ocupação | C13: n/a | D13: n/a | E13: n/a | F13: n/a | G13: n/a | H13: n/a | I13: n/a | J13: n/a | K13: n/a | L13: n/a | M13: n/a | N13: n/a | O13: n/a | P13: n/a | Q13: n/a | R13: n/a | S13: -17.132379 | T13: -17.809541 | U13: -16.619221 | V13: -20.734937 | W13: -13.183843 | X13: -16.588335 | Y13: -12.716361 | Z13: -14.242311 | AA13: -13.830172 | AB13: -16.897887 | AC13: -10.286649 | AD13: -13.243273 | AE13: -13.523737 | AF13: -17.039349 | AG13: -15.544515 | AH13: -14.414086 | AI13: -16.205294 | AJ13: -15.292914 | AL13: n.a. | AM13: =SUM(S13:V13) -> -72.296079 | AN13: =SUM(W13:Z13) -> -56.73085 | AO13: =SUM(AA13:AD13) -> -54.257981 | AP13: =SUM(AE13:AH13) -> -60.521686
B14: Outras | C14: n/a | D14: n/a | E14: n/a | F14: n/a | G14: n/a | H14: n/a | I14: n/a | J14: n/a | K14: n/a | L14: n/a | M14: n/a | N14: n/a | O14: n/a | P14: n/a | Q14: n/a | R14: n/a | S14: -18.100862 | T14: -31.695488 | U14: -28.152729 | V14: -39.555886 | W14: -24.449165 | X14: -25.586366 | Y14: -23.902954 | Z14: -25.626989 | AA14: -17.00704 | AB14: -20.554549 | AC14: -25.645729 | AD14: -27.861439 | AE14: -23.433706 | AF14: -27.906867 | AG14: -26.096201 | AH14: -25.784701 | AI14: -23.477356 | AJ14: -27.352043 | AL14: n.a. | AM14: =SUM(S14:V14) -> -117.50496 | AN14: =SUM(W14:Z14) -> -99.565473 | AO14: =SUM(AA14:AD14) -> -91.068757 | AP14: =SUM(AE14:AH14) -> -103.22147
B15: Lucro Bruto (excl Depreciação e Amortização) | C15: n/a | D15: n/a | E15: n/a | F15: n/a | G15: n/a | H15: n/a | I15: n/a | J15: n/a | K15: n/a | L15: n/a | M15: n/a | N15: n/a | O15: n/a | P15: n/a | Q15: n/a | R15: n/a | S15: =SUM(S9,S10) -> 388.9668 | T15: =SUM(T9,T10) -> 310.49686 | U15: =SUM(U9,U10) -> 318.32123 | V15: =SUM(V9,V10) -> 259.72737 | W15: =SUM(W9,W10) -> 363.51639 | X15: =SUM(X9,X10) -> 284.57332 | Y15: =SUM(Y9,Y10) -> 354.10964 | Z15: =SUM(Z9,Z10) -> 310.68855 | ... AC15: =SUM(AC9,AC10) -> 331.03342 | AD15: 269.27078 | AE15: 391.86626 | AF15: 304.71601 | AG15: 341.5297 | AH15: 284.63474 | AI15: 438.89505 | AJ15: 312.63541 | AL15: n.a. | AM15: =SUM(S15:V15) -> 1277.5123 | AN15: =SUM(W15:Z15) -> 1312.8879 | AO15: =SUM(AA15:AD15) -> 1314.4515 | AP15: =SUM(AE15:AH15) -> 1322.7467
B16: Despesas Comerciais | C16: n/a | D16: n/a | E16: n/a | F16: n/a | G16: n/a | H16: n/a | I16: n/a | J16: n/a | K16: n/a | L16: n/a | M16: n/a | N16: n/a | O16: n/a | P16: n/a | Q16: n/a | R16: n/a | S16: =SUM(S17:S18) -> -85.020463 | T16: =SUM(T17:T18) -> -76.950168 | U16: =SUM(U17:U18) -> -74.795062 | V16: =SUM(V17:V18) -> -73.040686 | W16: =SUM(W17:W18) -> -99.455127 | X16: =SUM(X17:X18) -> -63.191264 | Y16: =SUM(Y17:Y18) -> -93.250156 | Z16: =SUM(Z17:Z18) -> -57.737478 | ... AC16: =SUM(AC17:AC18) -> -83.949722 | AD16: -60.577707 | AE16: -105.47823 | AF16: -40.808718 | AG16: -72.971382 | AH16: -78.887387 | AI16: -117.93359 | AJ16: -66.545142 | AL16: n.a. | AM16: =SUM(S16:V16) -> -309.80638 | AN16: =SUM(W16:Z16) -> -313.63402 | AO16: =SUM(AA16:AD16) -> -314.88862 | AP16: =SUM(AE16:AH16) -> -298.14571
B17: PDD | C17: n/a | D17: n/a | E17: n/a | F17: n/a | G17: n/a | H17: n/a | I17: n/a | J17: n/a | K17: n/a | L17: n/a | M17: n/a | N17: n/a | O17: n/a | P17: n/a | Q17: n/a | R17: n/a | S17: -46.899084 | T17: -44.318313 | U17: -30.347601 | V17: -28.389301 | W17: -48.078268 | X17: -16.723558 | Y17: -44.390593 | Z17: -17.308716 | AA17: -39.41155 | AB17: -35.861062 | AC17: -40.709855 | AD17: -11.190643 | AE17: -35.479004 | AF17: -12.898194 | AG17: -24.199172 | AH17: -34.109367 | AI17: -34.88993 | AJ17: -34.585439 | AL17: n.a. | AM17: =SUM(S17:V17) -> -149.9543 | AN17: =SUM(W17:Z17) -> -126.50113 | AO17: =SUM(AA17:AD17) -> -127.17311 | AP17: =SUM(AE17:AH17) -> -106.68574
B18: Marketing | C18: n/a | D18: n/a | E18: n/a | F18: n/a | G18: n/a | H18: n/a | I18: n/a | J18: n/a | K18: n/a | L18: n/a | M18: n/a | N18: n/a | O18: n/a | P18: n/a | Q18: n/a | R18: n/a | S18: -38.121379 | T18: -32.631854 | U18: -44.447461 | V18: -44.651385 | W18: -51.376859 | X18: -46.467706 | Y18: -48.859563 | Z18: -40.428762 | AA18: -68.098654 | AB18: -26.989928 | AC18: -43.239868 | AD18: -49.387064 | AE18: -69.999222 | AF18: -27.910525 | AG18: -48.77221 | AH18: -44.77802 | AI18: -83.043661 | AJ18: -31.959702 | AL18: n.a. | AM18: =SUM(S18:V18) -> -159.85208 | AN18: =SUM(W18:Z18) -> -187.13289 | AO18: =SUM(AA18:AD18) -> -187.71551 | AP18: =SUM(AE18:AH18) -> -191.45998
B19: Despesas Gerais & Administrativas | C19: n/a | D19: n/a | E19: n/a | F19: n/a | G19: n/a | H19: n/a | I19: n/a | J19: n/a | K19: n/a | L19: n/a | M19: n/a | N19: n/a | O19: n/a | P19: n/a | Q19: n/a | R19: n/a | S19: =SUM(S20:S23) -> -58.163697 | T19: =SUM(T20:T23) -> -62.403264 | U19: =SUM(U20:U23) -> -55.950348 | V19: =SUM(V20:V23) -> -49.630693 | W19: =SUM(W20:W23) -> -65.358609 | X19: =SUM(X20:X23) -> -43.955928 | Y19: =SUM(Y20:Y23) -> -43.291015 | Z19: =SUM(Z20:Z23) -> -37.944773 | ... AC19: =SUM(AC20:AC23) -> -54.321429 | AD19: -54.229893 | AE19: -46.659758 | AF19: -56.143353 | AG19: -57.249006 | AH19: -55.548341 | AI19: -61.759357 | AJ19: -59.173441 | AL19: n.a. | AM19: =SUM(S19:V19) -> -226.148 | AN19: =SUM(W19:Z19) -> -190.55033 | AO19: =SUM(AA19:AD19) -> -208.95088 | AP19: =SUM(AE19:AH19) -> -215.60046
B20: Pessoal | C20: n/a | D20: n/a | E20: n/a | F20: n/a | G20: n/a | H20: n/a | I20: n/a | J20: n/a | K20: n/a | L20: n/a | M20: n/a | N20: n/a | O20: n/a | P20: n/a | Q20: n/a | R20: n/a | S20: -39.272965 | T20: -50.168609 | U20: -39.717772 | V20: -40.215273 | W20: -44.420773 | X20: -40.985988 | Y20: -31.427194 | Z20: -21.012362 | AA20: -32.240684 | AB20: -34.348021 | AC20: -36.385029 | AD20: -34.101918 | AE20: -30.694288 | AF20: -40.613287 | AG20: -41.289797 | AH20: -40.832449 | AI20: -40.599911 | AJ20: -44.308449 | AL20: n.a. | AM20: =SUM(S20:V20) -> -169.37462 | AN20: =SUM(W20:Z20) -> -137.84632 | AO20: =SUM(AA20:AD20) -> -137.07565 | AP20: =SUM(AE20:AH20) -> -153.42982
B21: Serviços de Terceiros | C21: n/a | D21: n/a | E21: n/a | F21: n/a | G21: n/a | H21: n/a | I21: n/a | J21: n/a | K21: n/a | L21: n/a | M21: n/a | N21: n/a | O21: n/a | P21: n/a | Q21: n/a | R21: n/a | S21: -12.098025 | T21: -7.7792623 | U21: -15.301073 | V21: -8.2642753 | W21: -15.166845 | X21: 1.2717441 | Y21: -10.086688 | Z21: -10.837508 | AA21: -12.213167 | AB21: -13.889103 | AC21: -10.863939 | AD21: -9.7340063 | AE21: -11.7987 | AF21: -11.322428 | AG21: -10.582229 | AH21: -9.8513479 | AI21: -15.382161 | AJ21: -10.570677 | AL21: n.a. | AM21: =SUM(S21:V21) -> -43.442636 | AN21: =SUM(W21:Z21) -> -34.819297 | AO21: =SUM(AA21:AD21) -> -46.700216 | AP21: =SUM(AE21:AH21) -> -43.554704
B22: Aluguel & Ocupação | C22: n/a | D22: n/a | E22: n/a | F22: n/a | G22: n/a | H22: n/a | I22: n/a | J22: n/a | K22: n/a | L22: n/a | M22: n/a | N22: n/a | O22: n/a | P22: n/a | Q22: n/a | R22: n/a | S22: -0.49433708 | T22: 1.5738887 | U22: -0.08911731 | V22: 8.0650784 | W22: 1.1587546 | X22: 5.771365 | Y22: 1.1288481 | Z22: -1.0842244 | AA22: -0.38788464 | AB22: -0.81272844 | AC22: -0.63071739 | AD22: -0.85579723 | AE22: -0.56134259 | AF22: -0.5081619 | AG22: -0.66313197 | AH22: -0.18388484 | AI22: -1.1556751 | AJ22: 0.06871486 | AL22: n.a. | AM22: =SUM(S22:V22) -> 9.0555127 | AN22: =SUM(W22:Z22) -> 6.9747433 | AO22: =SUM(AA22:AD22) -> -2.6871277 | AP22: =SUM(AE22:AH22) -> -1.9165213
B23: Outras | C23: n/a | D23: n/a | E23: n/a | F23: n/a | G23: n/a | H23: n/a | I23: n/a | J23: n/a | K23: n/a | L23: n/a | M23: n/a | N23: n/a | O23: n/a | P23: n/a | Q23: n/a | R23: n/a | S23: -6.2983699 | T23: -6.0292819 | U23: -0.84238557 | V23: -9.2162234 | W23: -6.9297453 | X23: -10.013049 | Y23: -2.9059811 | Z23: -5.0106794 | AA23: -1.0615497 | AB23: -5.44642 | AC23: -6.4417429 | AD23: -9.5381717 | AE23: -3.6054272 | AF23: -3.6994768 | AG23: -4.7138484 | AH23: -4.6806594 | AI23: -4.6216095 | AJ23: -4.3630298 | AL23: n.a. | AM23: =SUM(S23:V23) -> -22.386261 | AN23: =SUM(W23:Z23) -> -24.859455 | AO23: =SUM(AA23:AD23) -> -22.487884 | AP23: =SUM(AE23:AH23) -> -16.699412
B24: Outras Receitas (Despesas) Operacionais | C24: n/a | D24: n/a | E24: n/a | F24: n/a | G24: n/a | H24: n/a | I24: n/a | J24: n/a | K24: n/a | L24: n/a | M24: n/a | N24: n/a | O24: n/a | P24: n/a | Q24: n/a | R24: n/a | S24: =SUM(S25:S27) -> -1.8326651 | T24: =SUM(T25:T27) -> 6.5961895 | U24: =SUM(U25:U27) -> 15.952105 | V24: =SUM(V25:V27) -> 1.6740926 | W24: =SUM(W25:W27) -> -0.085969723 | X24: =SUM(X25:X27) -> 1.9301419 | Y24: =SUM(Y25:Y27) -> -8.0618595 | Z24: =SUM(Z25:Z27) -> -15.446134 | ... AC24: =SUM(AC25:AC27) -> -1.7667779 | AD24: -4.8530783 | AE24: -2.3048617 | AF24: 0.03677824 | AG24: -13.703272 | AH24: 14.594788 | AI24: 2.2772565 | AJ24: 2.5310011 | AL24: n.a. | AM24: =SUM(S24:V24) -> 22.389722 | AN24: =SUM(W24:Z24) -> -21.663822 | AO24: =SUM(AA24:AD24) -> -19.791321 | AP24: =SUM(AE24:AH24) -> -1.3765671
B25: Provisões | C25: n/a | D25: n/a | E25: n/a | F25: n/a | G25: n/a | H25: n/a | I25: n/a | J25: n/a | K25: n/a | L25: n/a | M25: n/a | N25: n/a | O25: n/a | P25: n/a | Q25: n/a | R25: n/a | S25: -4.7415092 | T25: -3.443297 | U25: 11.08213 | V25: -4.870028 | W25: -7.7894498 | X25: -2.8589368 | Y25: -11.664118 | Z25: -18.381655 | AA25: -11.928246 | AB25: -5.8406202 | AC25: -6.6016684 | AD25: -3.5594127 | AE25: -4.0506497 | AF25: -3.941088 | AG25: -16.047133 | AH25: 3.5983815 | AI25: -6.0040716 | AJ25: -5.8605777 | AL25: n.a. | AM25: =SUM(S25:V25) -> -1.9727046 | AN25: =SUM(W25:Z25) -> -40.69416 | AO25: =SUM(AA25:AD25) -> -27.929947 | AP25: =SUM(AE25:AH25) -> -20.440489
B26: Impostos & Taxas | C26: n/a | D26: n/a | E26: n/a | F26: n/a | G26: n/a | H26: n/a | I26: n/a | J26: n/a | K26: n/a | L26: n/a | M26: n/a | N26: n/a | O26: n/a | P26: n/a | Q26: n/a | R26: n/a | S26: -1.2716721 | T26: 0.53450431 | U26: -0.70641823 | V26: -0.70729259 | W26: -0.71607382 | X26: -0.46609555 | Y26: -0.68189756 | Z26: -0.38191192 | AA26: -1.0391156 | AB26: -0.16683664 | AC26: -1.0865668 | AD26: -6.6580777 | AE26: -0.7347017 | AF26: -1.5504102 | AG26: -2.0221162 | AH26: 0.36796136 | AI26: -0.89896177 | AJ26: -0.99535372 | AL26: n.a. | AM26: =SUM(S26:V26) -> -2.1508786 | AN26: =SUM(W26:Z26) -> -2.2459789 | AO26: =SUM(AA26:AD26) -> -8.9505967 | AP26: =SUM(AE26:AH26) -> -3.9392668
B27: Outras Receitas (Despesas) Operacionais | C27: n/a | D27: n/a | E27: n/a | F27: n/a | G27: n/a | H27: n/a | I27: n/a | J27: n/a | K27: n/a | L27: n/a | M27: n/a | N27: n/a | O27: n/a | P27: n/a | Q27: n/a | R27: n/a | S27: 4.1805162 | T27: 9.5049822 | U27: 5.5763938 | V27: 7.2514132 | W27: 8.4195539 | X27: 5.2551742 | Y27: 4.2841563 | Z27: 3.3174324 | AA27: 2.8296851 | AB27: 2.9736678 | AC27: 5.9214572 | AD27: 5.3644121 | AE27: 2.4804898 | AF27: 5.5282765 | AG27: 4.3659773 | AH27: 10.628446 | AI27: 9.1802899 | AJ27: 9.3869325 | AL27: n.a. | AM27: =SUM(S27:V27) -> 26.513305 | AN27: =SUM(W27:Z27) -> 21.276317 | AO27: =SUM(AA27:AD27) -> 17.089222 | AP27: =SUM(AE27:AH27) -> 23.003189
B28: Resultado Multa, Juros s/ Mensalidade | C28: n/a | D28: n/a | E28: n/a | F28: n/a | G28: n/a | H28: n/a | I28: n/a | J28: n/a | K28: n/a | L28: n/a | M28: n/a | N28: n/a | O28: n/a | P28: n/a | Q28: n/a | R28: n/a | S28: 3.9378962 | T28: 5.0700218 | U28: 2.380663 | V28: 2.399987 | W28: 3.025527 | X28: 4.413862 | Y28: 4.8809336 | Z28: 5.7473555 | AA28: 7.0441021 | AB28: 4.6443572 | AC28: 6.9739341 | AD28: 4.9471845 | AE28: 6.9983196 | AF28: 4.6824488 | AG28: 8.7894818 | AH28: 2.3518403 | AI28: 8.2209987 | AJ28: 4.3568742 | AL28: n.a. | AM28: =SUM(S28:V28) -> 13.788568 | AN28: =SUM(W28:Z28) -> 18.067678 | AO28: =SUM(AA28:AD28) -> 23.609578 | AP28: =SUM(AE28:AH28) -> 22.82209
B29: Resultado Operacional (excl Depreciação e Amortização) | C29: n/a | D29: n/a | E29: n/a | F29: n/a | G29: n/a | H29: n/a | I29: n/a | J29: n/a | K29: n/a | L29: n/a | M29: n/a | N29: n/a | O29: n/a | P29: n/a | Q29: n/a | R29: n/a | S29: =SUM(S15,S16,S19,S24,S28) -> 247.88787 | T29: =SUM(T15,T16,T19,T24,T28) -> 182.80964 | U29: =SUM(U15,U16,U19,U24,U28) -> 205.90859 | V29: =SUM(V15,V16,V19,V24,V28) -> 141.13008 | W29: =SUM(W15,W16,W19,W24,W28) -> 201.64221 | X29: =SUM(X15,X16,X19,X24,X28) -> 183.77013 | Y29: =SUM(Y15,Y16,Y19,Y24,Y28) -> 214.38754 | Z29: =SUM(Z15,Z16,Z19,Z24,Z28) -> 205.30752 | ... AC29: =SUM(AC15,AC16,AC19,AC24,AC28) -> 197.96942 | AD29: 154.55728 | AE29: 244.42173 | AF29: 212.48317 | AG29: 206.39552 | AH29: 167.14564 | AI29: 269.70036 | AJ29: 193.8047 | AL29: n.a. | AM29: =SUM(S29:V29) -> 777.73618 | AN29: =SUM(W29:Z29) -> 805.10741 | AO29: =SUM(AA29:AD29) -> 794.43025 | AP29: =SUM(AE29:AH29) -> 830.44606
B32: Ensino Digital
B33: Receita Bruta | C33: n/a | D33: n/a | E33: n/a | F33: n/a | G33: n/a | H33: n/a | I33: n/a | J33: n/a | K33: n/a | L33: n/a | M33: n/a | N33: n/a | O33: n/a | P33: n/a | Q33: n/a | R33: n/a | S33: 152.84911 | T33: 194.2399 | U33: 165.23273 | V33: 183.29496 | W33: 187.15099 | X33: 237.44875 | Y33: 207.78188 | Z33: 234.20242 | AA33: 232.78292 | AB33: 249.68106 | AC33: 215.96147 | AD33: 245.50991 | AE33: 255.09522 | AF33: 282.59201 | AG33: 248.56587 | AH33: 262.52991 | AI33: 243.20584 | AJ33: 254.25491 | AL33: n.a. | AM33: =SUM(S33:V33) -> 695.61671 | AN33: =SUM(W33:Z33) -> 866.58404 | AO33: =SUM(AA33:AD33) -> 943.93535 | AP33: =SUM(AE33:AH33) -> 1048.783
B34: Descontos, Deduções & Bolsas | C34: n/a | D34: n/a | E34: n/a | F34: n/a | G34: n/a | H34: n/a | I34: n/a | J34: n/a | K34: n/a | L34: n/a | M34: n/a | N34: n/a | O34: n/a | P34: n/a | Q34: n/a | R34: n/a | S34: -103.72572 | T34: -130.05152 | U34: -107.12571 | V34: -126.63741 | W34: -125.66121 | X34: -162.28962 | Y34: -140.93934 | Z34: -154.20248 | AA34: -157.92085 | AB34: -166.39522 | AC34: -147.74893 | AD34: -161.59304 | AE34: -174.47037 | AF34: -183.93421 | AG34: -169.75149 | AH34: -175.0189 | AI34: -166.6761 | AJ34: -169.22785 | AL34: n.a. | AM34: =SUM(S34:V34) -> -467.54037 | AN34: =SUM(W34:Z34) -> -583.09265 | AO34: =SUM(AA34:AD34) -> -633.65803 | AP34: =SUM(AE34:AH34) -> -703.17497
B35: Impostos & Taxas | C35: n/a | D35: n/a | E35: n/a | F35: n/a | G35: n/a | H35: n/a | I35: n/a | J35: n/a | K35: n/a | L35: n/a | M35: n/a | N35: n/a | O35: n/a | P35: n/a | Q35: n/a | R35: n/a | S35: -1.9220203 | T35: -2.4717613 | U35: -1.9692424 | V35: -2.3165047 | W35: -2.1664525 | X35: -2.755308 | Y35: -2.4463367 | Z35: -2.776134 | AA35: -2.7060713 | AB35: -2.9683962 | AC35: -2.6011317 | AD35: -3.1533197 | AE35: -3.2563134 | AF35: -3.8247303 | AG35: -3.5078084 | AH35: -3.6275978 | AI35: -3.3906612 | AJ35: -3.4890998 | AL35: n.a. | AM35: =SUM(S35:V35) -> -8.6795286 | AN35: =SUM(W35:Z35) -> -10.144231 | AO35: =SUM(AA35:AD35) -> -11.428919 | AP35: =SUM(AE35:AH35) -> -14.21645
B36: Receita Líquida | C36: n/a | D36: n/a | E36: n/a | F36: n/a | G36: n/a | H36: n/a | I36: n/a | J36: n/a | K36: n/a | L36: n/a | M36: n/a | N36: n/a | O36: n/a | P36: n/a | Q36: n/a | R36: n/a | S36: 47.20137 | T36: 61.716611 | U36: 56.137778 | V36: 54.341048 | W36: 59.323326 | X36: 72.403818 | Y36: 64.396212 | Z36: 77.223807 | AA36: 72.156001 | AB36: 80.317447 | AC36: 65.611406 | AD36: 80.763547 | AE36: 77.368534 | AF36: 94.833072 | AG36: 75.306573 | AH36: 83.883412 | AI36: 73.139071 | AJ36: 81.537962 | AL36: n.a. | AM36: =SUM(S36:V36) -> 219.39681 | AN36: =SUM(W36:Z36) -> 273.34716 | AO36: =SUM(AA36:AD36) -> 298.8484 | AP36: =SUM(AE36:AH36) -> 331.39159
B37: Total de Custos | C37: n/a | D37: n/a | E37: n/a | F37: n/a | G37: n/a | H37: n/a | I37: n/a | J37: n/a | K37: n/a | L37: n/a | M37: n/a | N37: n/a | O37: n/a | P37: n/a | Q37: n/a | R37: n/a | S37: -2.0402738 | T37: -4.0391071 | U37: -4.6969531 | V37: -5.5885861 | W37: -1.3436299 | X37: -2.1766017 | Y37: -3.170145 | Z37: -10.771472 | AA37: -3.6274804 | AB37: -5.3373246 | AC37: -4.9064897 | AD37: -6.738113 | AE37: -5.6813809 | AF37: -6.6718546 | AG37: -5.5478283 | AH37: -5.0642924 | AI37: -5.310487 | AJ37: -4.7828353 | AL37: n.a. | AM37: =SUM(S37:V37) -> -16.36492 | AN37: =SUM(W37:Z37) -> -17.461849 | AO37: =SUM(AA37:AD37) -> -20.609408 | AP37: =SUM(AE37:AH37) -> -22.965356
B38: Pessoal | C38: n/a | D38: n/a | E38: n/a | F38: n/a | G38: n/a | H38: n/a | I38: n/a | J38: n/a | K38: n/a | L38: n/a | M38: n/a | N38: n/a | O38: n/a | P38: n/a | Q38: n/a | R38: n/a | S38: -0.47303559 | T38: -3.0026217 | U38: -1.431561 | V38: -4.4377031 | W38: -0.74307619 | X38: -1.5277788 | Y38: -2.4499931 | Z38: -7.3375837 | AA38: -2.0692083 | AB38: -3.2383664 | AC38: -3.0779257 | AD38: -5.0163342 | AE38: -4.035586 | AF38: -5.1777486 | AG38: -3.5330921 | AH38: -3.7949627 | AI38: -3.9279606 | AJ38: -4.2833338 | AL38: n.a. | AM38: =SUM(S38:V38) -> -9.3449213 | AN38: =SUM(W38:Z38) -> -12.058432 | AO38: =SUM(AA38:AD38) -> -13.401835 | AP38: =SUM(AE38:AH38) -> -16.541389
B39: Serviços de Terceiros | C39: n/a | D39: n/a | E39: n/a | F39: n/a | G39: n/a | H39: n/a | I39: n/a | J39: n/a | K39: n/a | L39: n/a | M39: n/a | N39: n/a | O39: n/a | P39: n/a | Q39: n/a | R39: n/a | S39: -0.44678494 | T39: -0.25839734 | U39: -0.1298178 | V39: -0.04901287 | W39: -0.02421838 | X39: -0.00097882 | Y39: -0.0027152 | Z39: -1.5870463 | AA39: -0.03807424 | AB39: -0.32764103 | AC39: -0.04197857 | AD39: -0.0849744 | AE39: -0.07092008 | AF39: -0.09282533 | AG39: -0.11397452 | AH39: -0.08350413 | AI39: -0.14102329 | AJ39: -0.04527691 | AL39: n.a. | AM39: =SUM(S39:V39) -> -0.88401295 | AN39: =SUM(W39:Z39) -> -1.6149587 | AO39: =SUM(AA39:AD39) -> -0.49266824 | AP39: =SUM(AE39:AH39) -> -0.36122406
B40: Aluguel & Ocupação | C40: n/a | D40: n/a | E40: n/a | F40: n/a | G40: n/a | H40: n/a | I40: n/a | J40: n/a | K40: n/a | L40: n/a | M40: n/a | N40: n/a | O40: n/a | P40: n/a | Q40: n/a | R40: n/a | S40: -0.77784539 | T40: -0.52344587 | U40: -0.09661581 | V40: -0.20813081 | W40: 0.075464811 | X40: 0.00102977 | Y40: 0 | Z40: 0 | AA40: -0.07918484 | AB40: -0.47544948 | AC40: -0.31555016 | AD40: -0.34927668 | AE40: -0.29196394 | AF40: -0.32669265 | AG40: -0.3824061 | AH40: -0.26735967 | AI40: -0.48982658 | AJ40: -0.2698002 | AL40: n.a. | AM40: =SUM(S40:V40) -> -1.6060379 | AN40: =SUM(W40:Z40) -> 0.076494581 | AO40: =SUM(AA40:AD40) -> -1.2194612 | AP40: =SUM(AE40:AH40) -> -1.2684224
B41: Outras | C41: n/a | D41: n/a | E41: n/a | F41: n/a | G41: n/a | H41: n/a | I41: n/a | J41: n/a | K41: n/a | L41: n/a | M41: n/a | N41: n/a | O41: n/a | P41: n/a | Q41: n/a | R41: n/a | S41: -0.34260784 | T41: -0.2546422 | U41: -3.0389584 | V41: -0.89373939 | W41: -0.65180009 | X41: -0.64887383 | Y41: -0.71743666 | Z41: -1.8468424 | AA41: -1.441013 | AB41: -1.2958678 | AC41: -1.4710353 | AD41: -1.2875277 | AE41: -1.2829109 | AF41: -1.074588 | AG41: -1.5183556 | AH41: -0.91846593 | AI41: -0.75167657 | AJ41: -0.18442446 | AL41: n.a. | AM41: =SUM(S41:V41) -> -4.5299478 | AN41: =SUM(W41:Z41) -> -3.864953 | AO41: =SUM(AA41:AD41) -> -5.4954438 | AP41: =SUM(AE41:AH41) -> -4.7943205
B42: Lucro Bruto (excl Depreciação e Amortização) | C42: n/a | D42: n/a | E42: n/a | F42: n/a | G42: n/a | H42: n/a | I42: n/a | J42: n/a | K42: n/a | L42: n/a | M42: n/a | N42: n/a | O42: n/a | P42: n/a | Q42: n/a | R42: n/a | S42: 45.161096 | T42: 57.677504 | U42: 51.440825 | V42: 48.752462 | W42: 57.979696 | X42: 70.227216 | Y42: 61.226067 | Z42: 66.452334 | AA42: 68.528521 | AB42: 74.980122 | AC42: 60.704917 | AD42: 74.025434 | AE42: 71.687153 | AF42: 88.161217 | AG42: 69.758745 | AH42: 78.819119 | AI42: 67.828584 | AJ42: 76.755127 | AL42: n.a. | AM42: =SUM(S42:V42) -> 203.03189 | AN42: =SUM(W42:Z42) -> 255.88531 | AO42: =SUM(AA42:AD42) -> 278.23899 | AP42: =SUM(AE42:AH42) -> 308.42623
B43: Despesas Comerciais | C43: n/a | D43: n/a | E43: n/a | F43: n/a | G43: n/a | H43: n/a | I43: n/a | J43: n/a | K43: n/a | L43: n/a | M43: n/a | N43: n/a | O43: n/a | P43: n/a | Q43: n/a | R43: n/a | S43: -15.577866 | T43: -30.196612 | U43: -15.129746 | V43: -29.99588 | W43: -12.583903 | X43: -31.228711 | Y43: -20.789477 | Z43: -34.80826 | AA43: -24.344749 | AB43: -32.429289 | AC43: -18.551138 | AD43: -26.606763 | AE43: -24.351216 | AF43: -34.19532 | AG43: -13.296128 | AH43: -26.483855 | AI43: -29.100176 | AJ43: -25.123248 | AL43: n.a. | AM43: =SUM(S43:V43) -> -90.900104 | AN43: =SUM(W43:Z43) -> -99.41035 | AO43: =SUM(AA43:AD43) -> -101.93194 | AP43: =SUM(AE43:AH43) -> -98.326519
B44: PDD | C44: n/a | D44: n/a | E44: n/a | F44: n/a | G44: n/a | H44: n/a | I44: n/a | J44: n/a | K44: n/a | L44: n/a | M44: n/a | N44: n/a | O44: n/a | P44: n/a | Q44: n/a | R44: n/a | S44: -2.9860259 | T44: -11.941615 | U44: -1.9556781 | V44: -9.87787 | W44: -1.9594137 | X44: -17.502486 | Y44: -2.6631987 | Z44: -21.22026 | AA44: -3.6526638 | AB44: -14.878878 | AC44: -1.0525122 | AD44: -12.080216 | AE44: -8.1272421 | AF44: -20.947061 | AG44: -3.0828292 | AH44: -8.7442934 | AI44: -6.4436203 | AJ44: -15.527507 | AL44: n.a. | AM44: =SUM(S44:V44) -> -26.761189 | AN44: =SUM(W44:Z44) -> -43.345359 | AO44: =SUM(AA44:AD44) -> -31.66427 | AP44: =SUM(AE44:AH44) -> -40.901426
... B56: Resultado Operacional (excl Depreciação e Amortização) | C56: n/a | D56: n/a | E56: n/a | F56: n/a | G56: n/a | H56: n/a | I56: n/a | J56: n/a | K56: n/a | L56: n/a | M56: n/a | N56: n/a | O56: n/a | P56: n/a | Q56: n/a | R56: n/a | S56: 11.18459 | T56: 12.172269 | U56: 20.956129 | V56: 3.433127 | W56: 21.658225 | X56: 14.6889 | Y56: 15.553652 | Z56: 9.5097518 | AA56: 29.620004 | AB56: 24.272087 | AC56: 26.08859 | AD56: 34.81691 | AE56: 31.347543 | AF56: 38.104677 | AG56: 43.14267 | AH56: 43.072799 | AI56: 25.932925 | AJ56: 41.417808 | AL56: n.a. | AM56: =SUM(S56:V56) -> 47.746115 | AN56: =SUM(W56:Z56) -> 61.410529 | AO56: =SUM(AA56:AD56) -> 114.79759 | AP56: =SUM(AE56:AH56) -> 155.66769
B59: Inspirali
B60: Receita Bruta | C60: n/a | D60: n/a | E60: n/a | F60: n/a | G60: n/a | H60: n/a | I60: n/a | J60: n/a | K60: n/a | L60: n/a | M60: n/a | N60: n/a | O60: n/a | P60: n/a | Q60: n/a | R60: n/a | S60: 332.7113 | T60: 357.11364 | U60: 360.71303 | V60: 316.73179 | W60: 410.64075 | X60: 411.21632 | Y60: 406.48184 | Z60: 394.30546 | AA60: 450.02973 | AB60: 468.28261 | AC60: 439.68567 | AD60: 430.93652 | AE60: 510.45033 | AF60: 510.81408 | AG60: 511.91564 | AH60: 518.83977 | AI60: 552.87225 | AJ60: 560.91341 | AL60: n.a. | AM60: =SUM(S60:V60) -> 1367.2698 | AN60: =SUM(W60:Z60) -> 1622.6444 | AO60: =SUM(AA60:AD60) -> 1788.9345 | AP60: =SUM(AE60:AH60) -> 2052.0198
B61: Descontos, Deduções & Bolsas | C61: n/a | D61: n/a | E61: n/a | F61: n/a | G61: n/a | H61: n/a | I61: n/a | J61: n/a | K61: n/a | L61: n/a | M61: n/a | N61: n/a | O61: n/a | P61: n/a | Q61: n/a | R61: n/a | S61: -53.851428 | T61: -65.480804 | U61: -72.237977 | V61: -48.252058 | W61: -75.334116 | X61: -87.245361 | Y61: -79.058465 | Z61: -77.921342 | AA61: -83.854655 | AB61: -87.887444 | AC61: -82.063552 | AD61: -81.222225 | AE61: -107.97929 | AF61: -116.99988 | AG61: -118.4048 | AH61: -113.69875 | AI61: -126.5478 | AJ61: -130.19046 | AL61: n.a. | AM61: =SUM(S61:V61) -> -239.82227 | AN61: =SUM(W61:Z61) -> -319.55928 | AO61: =SUM(AA61:AD61) -> -335.02788 | AP61: =SUM(AE61:AH61) -> -457.08274
B62: Impostos & Taxas | C62: n/a | D62: n/a | E62: n/a | F62: n/a | G62: n/a | H62: n/a | I62: n/a | J62: n/a | K62: n/a | L62: n/a | M62: n/a | N62: n/a | O62: n/a | P62: n/a | Q62: n/a | R62: n/a | S62: -10.276985 | T62: -10.702721 | U62: -11.531936 | V62: -10.11506 | W62: -12.639518 | X62: -12.316259 | Y62: -12.642628 | Z62: -12.445449 | AA62: -14.062278 | AB62: -15.341642 | AC62: -16.142663 | AD62: -12.223784 | AE62: -15.761972 | AF62: -16.210367 | AG62: -15.496309 | AH62: -15.104891 | AI62: -16.156191 | AJ62: -16.273412 | AL62: n.a. | AM62: =SUM(S62:V62) -> -42.626702 | AN62: =SUM(W62:Z62) -> -50.043853 | AO62: =SUM(AA62:AD62) -> -57.770367 | AP62: =SUM(AE62:AH62) -> -62.573539
B63: Receita Líquida | C63: n/a | D63: n/a | E63: n/a | F63: n/a | G63: n/a | H63: n/a | I63: n/a | J63: n/a | K63: n/a | L63: n/a | M63: n/a | N63: n/a | O63: n/a | P63: n/a | Q63: n/a | R63: n/a | S63: 268.58289 | T63: 280.93012 | U63: 276.94312 | V63: 258.36467 | W63: 322.66712 | X63: 311.6547 | Y63: 314.78075 | Z63: 303.93867 | AA63: 352.1128 | AB63: 365.05352 | AC63: 341.47945 | AD63: 337.49051 | AE63: 386.70907 | AF63: 377.60383 | AG63: 378.01453 | AH63: 390.03612 | AI63: 410.16827 | AJ63: 414.44954 | AL63: n.a. | AM63: =SUM(S63:V63) -> 1084.8208 | AN63: =SUM(W63:Z63) -> 1253.0412 | AO63: =SUM(AA63:AD63) -> 1396.1363 | AP63: =SUM(AE63:AH63) -> 1532.3635
B64: Total de Custos | C64: n/a | D64: n/a | E64: n/a | F64: n/a | G64: n/a | H64: n/a | I64: n/a | J64: n/a | K64: n/a | L64: n/a | M64: n/a | N64: n/a | O64: n/a | P64: n/a | Q64: n/a | R64: n/a | S64: -51.696442 | T64: -79.094033 | U64: -70.976489 | V64: -88.26442 | W64: -69.624629 | X64: -98.21695 | Y64: -92.87229 | Z64: -102.56191 | AA64: -86.659048 | AB64: -123.93648 | AC64: -109.37211 | AD64: -111.18526 | AE64: -97.824386 | AF64: -121.29759 | AG64: -112.75378 | AH64: -117.83522 | AI64: -108.32238 | AJ64: -119.30664 | AL64: n.a. | AM64: =SUM(S64:V64) -> -290.03138 | AN64: =SUM(W64:Z64) -> -363.27578 | AO64: =SUM(AA64:AD64) -> -431.1529 | AP64: =SUM(AE64:AH64) -> -449.71098
B65: Pessoal | C65: n/a | D65: n/a | E65: n/a | F65: n/a | G65: n/a | H65: n/a | I65: n/a | J65: n/a | K65: n/a | L65: n/a | M65: n/a | N65: n/a | O65: n/a | P65: n/a | Q65: n/a | R65: n/a | S65: -35.514001 | T65: -57.8246 | U65: -47.313338 | V65: -59.385206 | W65: -45.794543 | X65: -64.394083 | Y65: -63.530509 | Z65: -66.679021 | AA65: -52.082479 | AB65: -74.649407 | AC65: -57.072618 | AD65: -58.757829 | AE65: -49.115042 | AF65: -56.164963 | AG65: -49.941983 | AH65: -47.727296 | AI65: -45.426181 | AJ65: -55.798978 | AL65: n.a. | AM65: =SUM(S65:V65) -> -200.03714 | AN65: =SUM(W65:Z65) -> -240.39816 | AO65: =SUM(AA65:AD65) -> -242.56233 | AP65: =SUM(AE65:AH65) -> -202.94928
B66: Serviços de Terceiros | C66: n/a | D66: n/a | E66: n/a | F66: n/a | G66: n/a | H66: n/a | I66: n/a | J66: n/a | K66: n/a | L66: n/a | M66: n/a | N66: n/a | O66: n/a | P66: n/a | Q66: n/a | R66: n/a | S66: -5.0271388 | T66: -6.3169319 | U66: -5.5353577 | V66: -7.78602 | W66: -6.6632239 | X66: -11.546944 | Y66: -13.060349 | Z66: -7.1248778 | AA66: -9.8787116 | AB66: -12.498009 | AC66: -11.605628 | AD66: -17.93308 | AE66: -13.824901 | AF66: -17.703382 | AG66: -18.116676 | AH66: -18.32364 | AI66: -15.146964 | AJ66: -16.205351 | AL66: n.a. | AM66: =SUM(S66:V66) -> -24.665448 | AN66: =SUM(W66:Z66) -> -38.395394 | AO66: =SUM(AA66:AD66) -> -51.915429 | AP66: =SUM(AE66:AH66) -> -67.968598
B67: Aluguel & Ocupação | C67: n/a | D67: n/a | E67: n/a | F67: n/a | G67: n/a | H67: n/a | I67: n/a | J67: n/a | K67: n/a | L67: n/a | M67: n/a | N67: n/a | O67: n/a | P67: n/a | Q67: n/a | R67: n/a | S67: -2.4132889 | T67: -3.0436458 | U67: -2.4194355 | V67: -6.9476456 | W67: -2.3488911 | X67: -3.6425762 | Y67: -2.9194329 | Z67: -4.4050732 | AA67: -3.6985099 | AB67: -3.8952044 | AC67: -2.7369463 | AD67: -4.024354 | AE67: -3.9368475 | AF67: -3.8385721 | AG67: -3.2436473 | AH67: -3.7560933 | AI67: -3.7743679 | AJ67: -3.9956288 | AL67: n.a. | AM67: =SUM(S67:V67) -> -14.824016 | AN67: =SUM(W67:Z67) -> -13.315973 | AO67: =SUM(AA67:AD67) -> -14.355015 | AP67: =SUM(AE67:AH67) -> -14.77516
B68: Outras | C68: n/a | D68: n/a | E68: n/a | F68: n/a | G68: n/a | H68: n/a | I68: n/a | J68: n/a | K68: n/a | L68: n/a | M68: n/a | N68: n/a | O68: n/a | P68: n/a | Q68: n/a | R68: n/a | S68: -8.7420124 | T68: -11.908855 | U68: -15.708357 | V68: -14.145549 | W68: -14.817971 | X68: -18.633347 | Y68: -13.362 | Z68: -24.352936 | AA68: -20.999348 | AB68: -32.89386 | AC68: -37.956922 | AD68: -30.469993 | AE68: -30.947595 | AF68: -43.590673 | AG68: -41.451473 | AH68: -48.028193 | AI68: -43.97487 | AJ68: -43.306684 | AL68: n.a. | AM68: =SUM(S68:V68) -> -50.504774 | AN68: =SUM(W68:Z68) -> -71.166254 | AO68: =SUM(AA68:AD68) -> -122.32012 | AP68: =SUM(AE68:AH68) -> -164.01793
B69: Lucro Bruto (excl Depreciação e Amortização) | C69: n/a | D69: n/a | E69: n/a | F69: n/a | G69: n/a | H69: n/a | I69: n/a | J69: n/a | K69: n/a | L69: n/a | M69: n/a | N69: n/a | O69: n/a | P69: n/a | Q69: n/a | R69: n/a | S69: 216.88645 | T69: 201.83609 | U69: 205.96663 | V69: 170.10025 | W69: 253.04249 | X69: 213.43775 | Y69: 221.90846 | Z69: 201.37676 | AA69: 265.45375 | AB69: 241.11704 | AC69: 232.10734 | AD69: 226.30526 | AE69: 288.88468 | AF69: 256.30624 | AG69: 265.26075 | AH69: 272.2009 | AI69: 301.84588 | AJ69: 295.1429 | AL69: n.a. | AM69: =SUM(S69:V69) -> 794.78942 | AN69: =SUM(W69:Z69) -> 889.76546 | AO69: =SUM(AA69:AD69) -> 964.98339 | AP69: =SUM(AE69:AH69) -> 1082.6526
B70: Despesas Comerciais | C70: n/a | D70: n/a | E70: n/a | F70: n/a | G70: n/a | H70: n/a | I70: n/a | J70: n/a | K70: n/a | L70: n/a | M70: n/a | N70: n/a | O70: n/a | P70: n/a | Q70: n/a | R70: n/a | S70: -8.5553429 | T70: -10.83785 | U70: -1.42069 | V70: -10.738642 | W70: -10.238515 | X70: -11.030815 | Y70: -16.474719 | Z70: -13.512288 | AA70: -19.704198 | AB70: -10.78765 | AC70: -11.512498 | AD70: -10.3481 | AE70: -20.290049 | AF70: -16.813102 | AG70: -13.952722 | AH70: -17.510808 | AI70: -26.763638 | AJ70: -14.685812 | AL70: n.a. | AM70: =SUM(S70:V70) -> -31.552525 | AN70: =SUM(W70:Z70) -> -51.256337 | AO70: =SUM(AA70:AD70) -> -52.352445 | AP70: =SUM(AE70:AH70) -> -68.566681
B71: PDD | C71: n/a | D71: n/a | E71: n/a | F71: n/a | G71: n/a | H71: n/a | I71: n/a | J71: n/a | K71: n/a | L71: n/a | M71: n/a | N71: n/a | O71: n/a | P71: n/a | Q71: n/a | R71: n/a | S71: -5.8069221 | T71: -8.9793558 | U71: 3.1342558 | V71: -6.1279499 | W71: -4.9071223 | X71: -6.408556 | Y71: -7.4755326 | Z71: -3.7658797 | AA71: -9.4833387 | AB71: -9.2982725 | AC71: 0.53124032 | AD71: -1.4382891 | AE71: -8.5280309 | AF71: -7.9777838 | AG71: -2.1584086 | AH71: -6.9139459 | AI71: -11.692469 | AJ71: -5.8703794 | AL71: n.a. | AM71: =SUM(S71:V71) -> -17.779972 | AN71: =SUM(W71:Z71) -> -22.557091 | AO71: =SUM(AA71:AD71) -> -19.68866 | AP71: =SUM(AE71:AH71) -> -25.578169
... B83: Resultado Operacional (excl Depreciação e Amortização) | C83: n/a | D83: n/a | E83: n/a | F83: n/a | G83: n/a | H83: n/a | I83: n/a | J83: n/a | K83: n/a | L83: n/a | M83: n/a | N83: n/a | O83: n/a | P83: n/a | Q83: n/a | R83: n/a | S83: 173.06396 | T83: 154.74496 | U83: 161.089 | V83: 114.63986 | W83: 204.74966 | X83: 157.22399 | Y83: 161.3589 | Z83: 136.98826 | AA83: 198.39292 | AB83: 180.66109 | AC83: 181.42042 | AD83: 181.76723 | AE83: 224.06967 | AF83: 177.05265 | AG83: 200.58396 | AH83: 208.00226 | AI83: 219.13192 | AJ83: 227.03819 | AL83: n.a. | AM83: =SUM(S83:V83) -> 603.53779 | AN83: =SUM(W83:Z83) -> 660.32081 | AO83: =SUM(AA83:AD83) -> 742.24166 | AP83: =SUM(AE83:AH83) -> 809.70853

Sheet DFC
B1: Demonstração do fluxo de caixa (DFC)
B2: Sumário
B4: R$ milhões | C4: ='Histórico Ebitda LTM'!C4 -> 1T18 | D4: ='Histórico Ebitda LTM'!D4 -> 2T18 | E4: ='Histórico Ebitda LTM'!E4 -> 3T18 | F4: ='Histórico Ebitda LTM'!F4 -> 4T18 | G4: ='Histórico Ebitda LTM'!G4 -> 1T19 | H4: ='Histórico Ebitda LTM'!H4 -> 2T19 | I4: ='Histórico Ebitda LTM'!I4 -> 3T19 | J4: ='Histórico Ebitda LTM'!J4 -> 4T19 | ... AJ4: ='Histórico Ebitda LTM'!AJ4 -> 2T26 | AL4: 2021 | AM4: 2022 | AN4: 2023 | AO4: 2024 | AP4: 2025
B5: Lucro (Prejuízo) líquido | C5: n/a | D5: n/a | E5: n/a | F5: n/a | G5: n/a | H5: n/a | I5: n/a | J5: n/a | K5: n/a | L5: n/a | M5: n/a | N5: n/a | O5: 52.097 | P5: 4.98 | Q5: 14.493 | R5: -152.898 | S5: -83.356 | T5: -45.863 | U5: -28.771 | V5: 169.444 | W5: -41.349 | X5: -57.814 | Y5: -12.529 | Z5: -101.48 | AA5: 97.526 | AB5: 4.305 | AC5: 53.736 | AD5: 48.877 | AE5: 140.203 | AF5: 36.925 | AG5: 68.541 | AH5: 10.996 | AI5: 138.951 | AJ5: 66.421 | AL5: -81.328 | AM5: 11.454 | AN5: -213.172 | AO5: =SUM(AA5:AD5) -> 204.444 | AP5: =SUM(AE5:AH5) -> 256.665
B6: Provisões | C6: n/a | D6: n/a | E6: n/a | F6: n/a | G6: n/a | H6: n/a | I6: n/a | J6: n/a | K6: n/a | L6: n/a | M6: n/a | N6: n/a | O6: 18.638 | P6: 43.596 | Q6: 13.223 | R6: 52.891 | S6: 65.705 | T6: 56.231 | U6: 31.97 | V6: 39.515 | W6: 59.207 | X6: 47.381 | Y6: 72.792 | Z6: 64.411 | AA6: 69.416 | AB6: 59.236 | AC6: 48.035 | AD6: 6.062 | AE6: 55.799 | AF6: 54.409 | AG6: 45.249 | AH6: 68.746 | AI6: 62.561 | AJ6: 68.959 | AL6: 128.348 | AM6: 193.421 | AN6: 243.791 | AO6: =SUM(AA6:AD6) -> 182.749 | AP6: =SUM(AE6:AH6) -> 224.203
B7: Depreciação & Amortização | C7: n/a | D7: n/a | E7: n/a | F7: n/a | G7: n/a | H7: n/a | I7: n/a | J7: n/a | K7: n/a | L7: n/a | M7: n/a | N7: n/a | O7: 44.625 | P7: 82.794 | Q7: 147.759 | R7: 144.937 | S7: 140.722 | T7: 137.464 | U7: 141.076 | V7: 142.084 | W7: 176.095 | X7: 126.611 | Y7: 132.447 | Z7: 122.679 | AA7: 129.71 | AB7: 130.018 | AC7: 109.22 | AD7: 112.088 | AE7: 109.226 | AF7: 108.354 | AG7: 104.168 | AH7: 104.488 | AI7: 102.819 | AJ7: 95.379 | AL7: 420.115 | AM7: 561.346 | AN7: 557.832 | AO7: =SUM(AA7:AD7) -> 481.036 | AP7: =SUM(AE7:AH7) -> 426.236
B8: Receita / Despesa com juros e atualização monetária | C8: n/a | D8: n/a | E8: n/a | F8: n/a | G8: n/a | H8: n/a | I8: n/a | J8: n/a | K8: n/a | L8: n/a | M8: n/a | N8: n/a | O8: 50.758 | P8: 71.933 | Q8: 131.24 | R8: 213.492 | S8: 275.083 | T8: 187.534 | U8: 205.571 | V8: 179.769 | W8: 218.121 | X8: 191.436 | Y8: 191.527 | Z8: 173.114 | AA8: 168.998 | AB8: 178.376 | AC8: 165.6 | AD8: 171.628 | AE8: 185.058 | AF8: 200.629 | AG8: 218.061 | AH8: 187.425 | AI8: 219.915 | AJ8: 219.513 | AL8: 467.423 | AM8: 847.957 | AN8: 774.198 | AO8: =SUM(AA8:AD8) -> 684.602 | AP8: =SUM(AE8:AH8) -> 791.173
B9: Outros ajustes ao resultado líquido | C9: n/a | D9: n/a | E9: n/a | F9: n/a | G9: n/a | H9: n/a | I9: n/a | J9: n/a | K9: n/a | L9: n/a | M9: n/a | N9: n/a | O9: -3.084 | P9: -15.814 | Q9: -70.509 | R9: -0.9 | S9: -3.168 | T9: -1.85 | U9: -29.326 | V9: -309.709 | W9: 31.634 | X9: -4.729 | Y9: -18.44 | Z9: 63.173 | AA9: 16.654 | AB9: 16.791 | AC9: -2.833 | AD9: -7.852 | AE9: 11.11 | AF9: 24.158 | AG9: 18.059 | AH9: 30.653 | AI9: 14.913 | AJ9: 19.439 | AL9: -90.307 | AM9: -344.053 | AN9: 71.638 | AO9: =SUM(AA9:AD9) -> 22.76 | AP9: =SUM(AE9:AH9) -> 83.98
B10: Pagamento de aluguel | C10: n/a | D10: n/a | E10: n/a | F10: n/a | G10: n/a | H10: n/a | I10: n/a | J10: n/a | K10: n/a | L10: n/a | M10: n/a | N10: n/a | O10: -43.361 | P10: -33.578 | Q10: -60.227 | R10: -62.392 | S10: -85.481 | T10: -87.797 | U10: -93.436 | V10: -88.163 | W10: -78.22 | X10: -75.668 | Y10: -72.921 | Z10: -63.866 | AA10: -69.236 | AB10: -69.151 | AC10: -68.128 | AD10: -69.121 | AE10: -70.517 | AF10: -71.399 | AG10: -71.305 | AH10: -72.148 | AI10: -74.709 | AJ10: -68.904 | AL10: -199.558 | AM10: -354.877 | AN10: -290.675 | AO10: =SUM(AA10:AD10) -> -275.636 | AP10: =SUM(AE10:AH10) -> -285.369
B11: Pagamento de multa de aluguel | C11: n/a | D11: n/a | E11: n/a | F11: n/a | G11: n/a | H11: n/a | I11: n/a | J11: n/a | K11: n/a | L11: n/a | M11: n/a | N11: n/a | O11: 0 | P11: 0 | Q11: 0 | R11: 0 | S11: 0 | T11: 0 | U11: 0 | V11: 0 | W11: -11.687 | X11: -16.885 | Y11: 1.264 | Z11: -4.548 | AA11: -3.739 | AB11: -1.407 | AC11: -2.583 | AD11: -1.055 | AE11: -4.794 | AF11: -1.055 | AG11: -1.055 | AH11: -1.055 | AI11: -4.091 | AJ11: 0 | AL11: 0 | AM11: 0 | AN11: -31.856 | AO11: =SUM(AA11:AD11) -> -8.784 | AP11: =SUM(AE11:AH11) -> -7.959
B12: Geração de Caixa Operacional | C12: n/a | D12: n/a | E12: n/a | F12: n/a | G12: n/a | H12: n/a | I12: n/a | J12: n/a | K12: n/a | L12: n/a | M12: n/a | N12: n/a | O12: 119.673 | P12: 153.911 | Q12: 175.979 | R12: 195.13 | S12: 309.505 | T12: 245.719 | U12: 227.084 | V12: 132.94 | W12: 353.801 | X12: 210.332 | Y12: 294.14 | Z12: 253.483 | AA12: 409.329 | AB12: 318.168 | AC12: 303.047 | AD12: 260.627 | AE12: 426.085 | AF12: 352.021 | AG12: 381.718 | AH12: 329.105 | AI12: 460.359 | AJ12: 400.807 | AL12: 644.693 | AM12: 915.248 | AN12: 1111.756 | AO12: =SUM(AA12:AD12) -> 1291.171 | AP12: =SUM(AE12:AH12) -> 1488.929
B13: Capital de Giro | C13: n/a | D13: n/a | E13: n/a | F13: n/a | G13: n/a | H13: n/a | I13: n/a | J13: n/a | K13: n/a | L13: n/a | M13: n/a | N13: n/a | O13: -109.949 | P13: 23.694 | Q13: 49.766 | R13: -161.344 | S13: -104.235 | T13: -164.431 | U13: -42.269 | V13: -143.603 | W13: -122.329 | X13: 1.743 | Y13: 113.062 | Z13: -202.805 | AA13: -104.638 | AB13: -97.866 | AC13: 73.163 | AD13: -202.376 | AE13: -113.44 | AF13: -147.775 | AG13: 90.834 | AH13: -241.247 | AI13: -106.974 | AJ13: -202.177 | AL13: -197.833 | AM13: -454.538 | AN13: -210.329 | AO13: =SUM(AA13:AD13) -> -331.717 | AP13: =SUM(AE13:AH13) -> -411.628
B14: CAPEX - Imobilizado e Intangível | C14: n/a | D14: n/a | E14: n/a | F14: n/a | G14: n/a | H14: n/a | I14: n/a | J14: n/a | K14: n/a | L14: n/a | M14: n/a | N14: n/a | O14: -61.502 | P14: =-21.457-23.392 -> -44.849 | Q14: -46.982 | R14: -49.576 | S14: -43.212 | T14: -55.73 | U14: -58.651 | V14: -53.307 | W14: -56.595 | X14: -66.541 | Y14: -32.088 | Z14: -35.226 | AA14: -34.503 | AB14: -40.091 | AC14: -47.745 | AD14: -53.535 | AE14: -51.009 | AF14: -47.366 | AG14: -59.721 | AH14: -59.229 | AI14: -54.391 | AJ14: -48.779 | AL14: -179.517 | AM14: -210.9 | AN14: -190.45 | AO14: =SUM(AA14:AD14) -> -175.874 | AP14: =SUM(AE14:AH14) -> -217.325
B15: Desinvestimento em imóveis | C15: n/a | D15: n/a | E15: n/a | F15: n/a | G15: n/a | H15: n/a | I15: n/a | J15: n/a | K15: n/a | L15: n/a | M15: n/a | N15: n/a | O15: 86.278 | P15: 0 | Q15: 100 | R15: 8.5 | S15: 0 | T15: 0 | U15: 0 | V15: 0 | W15: 0 | X15: 0 | Y15: 0 | Z15: 0 | AA15: 0 | AB15: 0 | AC15: 0 | AD15: 0 | AE15: 0 | AF15: 0 | AG15: 0 | AH15: 0 | AI15: 0 | AJ15: 0 | AL15: 171.386 | AM15: 0 | AN15: 0 | AO15: =SUM(AA15:AD15) -> 0 | AP15: =SUM(AE15:AH15) -> 0
B16: Subtotal | C16: n/a | D16: n/a | E16: n/a | F16: n/a | G16: n/a | H16: n/a | I16: n/a | J16: n/a | K16: n/a | L16: n/a | M16: n/a | N16: n/a | O16: -85.173 | P16: -21.155 | Q16: 102.784 | R16: -202.42 | S16: -147.447 | T16: -220.161 | U16: -100.92 | V16: -196.91 | W16: -178.924 | X16: -64.798 | Y16: 80.974 | Z16: -238.031 | AA16: -139.141 | AB16: -137.957 | AC16: 25.418 | AD16: -255.911 | AE16: -164.449 | AF16: -195.141 | AG16: 31.113 | AH16: -300.476 | AI16: -161.365 | AJ16: -250.956 | AL16: -205.964 | AM16: -665.438 | AN16: -400.779 | AO16: =SUM(AA16:AD16) -> -507.591 | AP16: =SUM(AE16:AH16) -> -628.953
B17: Geração de Caixa da Empresa | C17: n/a | D17: n/a | E17: n/a | F17: n/a | G17: n/a | H17: n/a | I17: n/a | J17: n/a | K17: n/a | L17: n/a | M17: n/a | N17: n/a | O17: 34.5 | P17: 132.756 | Q17: 278.763 | R17: -7.29 | S17: 162.058 | T17: 25.558 | U17: 126.164 | V17: -63.97 | W17: 174.877 | X17: 145.534 | Y17: 375.114 | Z17: 15.452 | AA17: 270.188 | AB17: 180.211 | AC17: 328.465 | AD17: 4.716 | AE17: 261.636 | AF17: 156.88 | AG17: 412.831 | AH17: 28.629 | AI17: 298.994 | AJ17: 149.851 | AL17: 438.729 | AM17: 249.81 | AN17: 710.977 | AO17: =SUM(AA17:AD17) -> 783.58 | AP17: =SUM(AE17:AH17) -> 859.976
B18: Aumento de Capital | C18: n/a | D18: n/a | E18: n/a | F18: n/a | G18: n/a | H18: n/a | I18: n/a | J18: n/a | K18: n/a | L18: n/a | M18: n/a | N18: n/a | O18: -1.922 | P18: -0.467 | Q18: -1.2 | R18: 0.468 | S18: 999.993 | T18: 0 | U18: 0 | V18: 0 | W18: 0 | X18: 0 | Y18: 0 | Z18: 0 | AA18: 0 | AB18: 0 | AC18: 0 | AD18: 1.236 | AE18: 0 | AF18: 0 | AG18: 0 | AH18: 0.468 | AI18: 0 | AJ18: 0 | AL18: -3.121 | AM18: 999.993 | AN18: 0 | AO18: =SUM(AA18:AD18) -> 1.236 | AP18: =SUM(AE18:AH18) -> 0.468
B19: Juros Pagos | C19: n/a | D19: n/a | E19: n/a | F19: n/a | G19: n/a | H19: n/a | I19: n/a | J19: n/a | K19: n/a | L19: n/a | M19: n/a | N19: n/a | O19: -6.964 | P19: -7.243 | Q19: -38.349 | R19: -120.556 | S19: -140.778 | T19: -44.293 | U19: -39.762 | V19: -169.617 | W19: -218.498 | X19: -77.378 | Y19: -212.67 | Z19: -59.802 | AA19: -194.262 | AB19: -82.532 | AC19: -50.237 | AD19: -166.003 | AE19: -82.646 | AF19: -182.188 | AG19: -99.967 | AH19: -231.09 | AI19: -96.793 | AJ19: -243.899 | AL19: -173.112 | AM19: -394.45 | AN19: -568.348 | AO19: =SUM(AA19:AD19) -> -493.034 | AP19: =SUM(AE19:AH19) -> -595.891
B20: Captações e Amortizações | C20: n/a | D20: n/a | E20: n/a | F20: n/a | G20: n/a | H20: n/a | I20: n/a | J20: n/a | K20: n/a | L20: n/a | M20: n/a | N20: n/a | O20: -14.882 | P20: 2439.164 | Q20: -40.35 | R20: -79.163 | S20: -21.262 | T20: -103.652 | U20: -173.989 | V20: 620.798 | W20: -98.539 | X20: -256.622 | Y20: -5.446 | Z20: -18.351 | AA20: -526.392 | AB20: 559.308 | AC20: 285.403 | AD20: -45.059 | AE20: -37.429 | AF20: 122.14 | AG20: =-38.654-2.9+2.462 -> -39.092 | AH20: =274.075-5.69-2.209 -> 266.176 | AI20: =-100.207-1.119 -> -101.326 | AJ20: =197.854-0.84-2.642 -> 194.372 | AL20: 2304.769 | AM20: 321.895 | AN20: -378.958 | AO20: =SUM(AA20:AD20) -> 273.26 | AP20: =SUM(AE20:AH20) -> 311.795
B21: Pagamentos de aquisições | C21: n/a | D21: n/a | E21: n/a | F21: n/a | G21: n/a | H21: n/a | I21: n/a | J21: n/a | K21: n/a | L21: n/a | M21: n/a | N21: n/a | O21: -65.198 | P21: =-3649.577+500 -> -3149.577 | Q21: -77.413 | R21: =-2.8359999999999+5.24 -> 2.404 | S21: -15.707 | T21: -46.478 | U21: -17.958 | V21: -13.262 | W21: -1.231 | X21: -3.607 | Y21: -81.796 | Z21: -22.48 | AA21: -5.527 | AB21: -5.421 | AC21: -22.144 | AD21: -17.73 | AE21: -1.517 | AF21: -3.18 | AG21: -13.919 | AH21: -33.593 | AI21: -48.397 | AJ21: -0.977 | AL21: -3795.024 | AM21: -93.405 | AN21: -109.114 | AO21: =SUM(AA21:AD21) -> -50.822 | AP21: =SUM(AE21:AH21) -> -52.209
B22: Recompra de ações | C22: n/a | D22: n/a | E22: n/a | F22: n/a | G22: n/a | H22: n/a | I22: n/a | J22: n/a | K22: n/a | L22: n/a | M22: n/a | N22: n/a | O22: 0 | P22: 0 | Q22: 0 | R22: -40.043 | S22: -98.294 | T22: -17.882 | U22: -4.422 | V22: 0 | W22: -6.933 | X22: 0 | Y22: 0 | Z22: 0 | AA22: 0 | AB22: 0 | AC22: 0 | AD22: 0 | AE22: 0 | AF22: 0 | AG22: 0 | AH22: 0 | AI22: 0 | AJ22: 0 | AL22: -40.043 | AM22: -120.598 | AN22: -6.933 | AO22: =SUM(AA22:AD22) -> 0 | AP22: =SUM(AE22:AH22) -> 0
B23: Dividendos | C23: n/a | D23: n/a | E23: n/a | F23: n/a | G23: n/a | H23: n/a | I23: n/a | J23: n/a | K23: n/a | L23: n/a | M23: n/a | N23: n/a | O23: 0 | P23: 0 | Q23: 0 | R23: 0 | S23: 0 | T23: 0 | U23: 0 | V23: -1.916 | W23: 0 | X23: -80.299 | Y23: -3.345 | Z23: -56.142 | AA23: 0 | AB23: 0 | AC23: -246.413 | AD23: -0.35 | AE23: -0.104 | AF23: -41.296 | AG23: -27.67 | AH23: -1.638 | AI23: 0 | AJ23: -53.937 | AL23: 0 | AM23: -1.916 | AN23: -139.786 | AO23: =SUM(AA23:AD23) -> -246.763 | AP23: =SUM(AE23:AH23) -> -70.708
B24: Subtotal | C24: n/a | D24: n/a | E24: n/a | F24: n/a | G24: n/a | H24: n/a | I24: n/a | J24: n/a | K24: n/a | L24: n/a | M24: n/a | N24: n/a | O24: -88.966 | P24: -718.123 | Q24: -157.312 | R24: -236.89 | S24: 723.952 | T24: -212.305 | U24: -236.131 | V24: 436.003 | W24: -325.201 | X24: -417.906 | Y24: -303.257 | Z24: -156.775 | AA24: -726.181 | AB24: 471.355 | AC24: -33.391 | AD24: -227.906 | AE24: -121.696 | AF24: =SUM(AF18:AF23) -> -104.524 | AG24: -180.648 | AH24: 0.323 | AI24: -246.516 | AJ24: -104.441 | AL24: -1201.291 | AM24: 711.519 | AN24: -1203.139 | AO24: =SUM(AA24:AD24) -> -516.123 | AP24: =SUM(AE24:AH24) -> -406.545
B25: Aumento (redução) líquido(a) no caixa /equivalentes | C25: n/a | D25: n/a | E25: n/a | F25: n/a | G25: n/a | H25: n/a | I25: n/a | J25: n/a | K25: n/a | L25: n/a | M25: n/a | N25: n/a | O25: -54.466 | P25: -585.367 | Q25: 121.451 | R25: -244.18 | S25: 886.01 | T25: -186.747 | U25: -109.967 | V25: 372.033 | W25: -150.324 | X25: -272.372 | Y25: 71.857 | Z25: -141.323 | AA25: -455.993 | AB25: 651.566 | AC25: 295.074 | AD25: -223.19 | AE25: 139.94 | AF25: =+AF17+AF24 -> 52.356 | AG25: =+AG17+AG24 -> 232.183 | AH25: =+AH17+AH24 -> 28.952 | AI25: 52.478 | AJ25: 45.41 | AL25: -762.562 | AM25: 961.329 | AN25: -492.162 | AO25: =SUM(AA25:AD25) -> 267.457 | AP25: =SUM(AE25:AH25) -> 453.431
B26: Caixa e Aplicações Financeiras no início do período | C26: n/a | D26: n/a | E26: n/a | F26: n/a | G26: n/a | H26: n/a | I26: n/a | J26: n/a | K26: n/a | L26: n/a | M26: n/a | N26: n/a | O26: 1277.854 | P26: 1223.389 | Q26: 638.021 | R26: 759.471 | S26: 515.301 | T26: 1401.311 | U26: 1214.567 | V26: 1104.597 | W26: 1476.63 | X26: 1326.306 | Y26: 1053.934 | Z26: 1125.791 | AA26: 984.468 | AB26: 528.475 | AC26: 1180.041 | AD26: 1475.168 | AE26: 1251.9802 | AF26: =+AE27 -> 1391.9212 | AG26: =+AF27 -> 1444.2795 | AH26: =+AG27 -> 1676.463 | AI26: =+AH27 -> 1705.415 | AJ26: =+AI27 -> 1757.893 | AL26: 1277.854 | AM26: 515.301 | AN26: 1476.63 | AO26: 984.468 | AP26: =SUM(AE26) -> 1251.9802
B27: Caixa e Aplicações Financeiras no fim do período | C27: n/a | D27: n/a | E27: n/a | F27: n/a | G27: n/a | H27: n/a | I27: n/a | J27: n/a | K27: n/a | L27: n/a | M27: n/a | N27: n/a | O27: 1223.389 | P27: 638.021 | Q27: 759.471 | R27: 515.301 | S27: 1401.311 | T27: 1214.567 | U27: 1104.597 | V27: 1476.63 | W27: 1326.306 | X27: 1053.934 | Y27: 1125.791 | Z27: 984.468 | AA27: 528.475 | AB27: 1180.041 | AC27: 1475.115 | AD27: 1252 | AE27: 1391.9212 | AF27: 1444.2795 | AG27: 1676.463 | AH27: 1705.415 | AI27: 1757.893 | AJ27: 1803.303 | AL27: 515.301 | AM27: 1476.63 | AN27: 984.468 | AO27: 1252 | AP27: =AH27 -> 1705.415

Sheet PMR
B1: Prazo médio de recebimentos (PMR)
B2: Sumário
B4: R$ milhões, exceto em número de dias | C4: ='Histórico Ebitda LTM'!C4 -> 1T18 | D4: ='Histórico Ebitda LTM'!D4 -> 2T18 | E4: ='Histórico Ebitda LTM'!E4 -> 3T18 | F4: ='Histórico Ebitda LTM'!F4 -> 4T18 | G4: ='Histórico Ebitda LTM'!G4 -> 1T19 | H4: ='Histórico Ebitda LTM'!H4 -> 2T19 | I4: ='Histórico Ebitda LTM'!I4 -> 3T19 | J4: ='Histórico Ebitda LTM'!J4 -> 4T19 | ... AJ4: ='Histórico Ebitda LTM'!AJ4 -> 2T26
B5: Contas a Receber Líquido (CR) Total | C5: n/a | D5: n/a | E5: n/a | F5: n/a | G5: n/a | H5: n/a | I5: n/a | J5: n/a | K5: n/a | L5: n/a | M5: n/a | N5: n/a | O5: 404.49708 | P5: 669.59201 | Q5: 692.33868 | R5: 659.94736 | S5: 730.13228 | T5: 781.85772 | U5: 862.74943 | V5: 849.07885 | W5: 948.33377 | X5: 875.24193 | Y5: 752.38086 | Z5: 766.52096 | AA5: 895.7 | AB5: 908.97469 | AC5: 891.66568 | AD5: 836.863 | AE5: 922.11844 | AF5: 925.3986 | AG5: 900.15508 | AH5: 887.49978 | AI5: 1014.93 | AJ5: 1020.0682
B6: Receita Líquida (UDM) | C6: n/a | D6: n/a | E6: n/a | F6: n/a | G6: n/a | H6: n/a | I6: n/a | J6: n/a | K6: n/a | L6: n/a | M6: n/a | N6: n/a | O6: 1491.7165 | P6: 1712.4891 | Q6: 2178.2271 | R6: 2650.8094 | S6: 3144.478 | T6: 3478.0436 | U6: 3566.5967 | V6: 3563.2301 | W6: 3615.2722 | X6: 3637.2239 | Y6: 3672.3945 | Z6: 3732.9396 | AA6: 3769.2323 | AB6: 3813.8102 | AC6: 3811.6817 | AD6: 3801.3785 | AE6: 3851.6027 | AF6: 3879.9404 | AG6: 3947.577 | AH6: 4023.6969 | AI6: 4109.3545 | AJ6: 4148.687
B7: PMR Total (# dias) | C7: n/a | D7: n/a | E7: n/a | F7: n/a | G7: n/a | H7: n/a | I7: n/a | J7: n/a | K7: n/a | L7: n/a | M7: n/a | N7: n/a | O7: 97.618382 | P7: 140.76185 | Q7: 114.42421 | R7: 89.625851 | S7: 83.590224 | T7: 80.927329 | U7: 87.082958 | V7: 85.784071 | W7: 94.432766 | X7: 86.628458 | Y7: 73.754906 | Z7: 73.922317 | AA7: 85.548455 | AB7: 85.801566 | AC7: 84.214703 | AD7: 79.253008 | AE7: 86.188184 | AF7: 85.863044 | AG7: 82.089805 | AH7: 79.40457 | AI7: 88.912941 | AJ7: 88.485674
B8: Contas a Receber não-FIES e outros¹ | C8: n/a | D8: n/a | E8: n/a | F8: n/a | G8: n/a | H8: n/a | I8: n/a | J8: n/a | K8: n/a | L8: n/a | M8: n/a | N8: n/a | O8: 314.16602 | P8: 499.77329 | Q8: 530.61382 | R8: 482.10917 | S8: 467.72993 | T8: 610.04973 | U8: 679.85203 | V8: 640.87149 | W8: 756.63613 | X8: 686.10357 | Y8: 553.09121 | Z8: 557.58582 | AA8: 789.068 | AB8: 791.74705 | AC8: 776.27168 | AD8: 727.258 | AE8: 804.9592 | AF8: 808.31876 | AG8: 773.80615 | AH8: 770.56035 | AI8: 867.55189 | AJ8: 637.21313
B9: Receita Líquida (UDM) | C9: n/a | D9: n/a | E9: n/a | F9: n/a | G9: n/a | H9: n/a | I9: n/a | J9: n/a | K9: n/a | L9: n/a | M9: n/a | N9: n/a | O9: 1225.8418 | P9: 1452.304 | Q9: 1881.9571 | R9: 2295.4174 | S9: 2751.6028 | T9: 3041.396 | U9: 3108.6071 | V9: 3163.0747 | W9: 3221.3273 | X9: 3254.6184 | Y9: 3324.3663 | Z9: 3388.6557 | AA9: 3388.6557 | AB9: 3657.456 | AC9: 3652.5173 | AD9: 3623.9057 | AE9: 3673.9048 | AF9: 3708.6275 | AG9: 3765.2211 | AH9: 3829.4938 | AI9: 3884.8495 | AJ9: 2290.3601
B10: PMR não-FIES (# dias) | C10: n/a | D10: n/a | E10: n/a | F10: n/a | G10: n/a | H10: n/a | I10: n/a | J10: n/a | K10: n/a | L10: n/a | M10: n/a | N10: n/a | O10: 92.26294 | P10: 123.88479 | Q10: 101.50124 | R10: 75.611216 | S10: 61.194434 | T10: 72.209571 | U10: 78.73196 | V10: 72.939707 | W10: 84.558005 | X10: 75.89132 | Y10: 59.894974 | Z10: 59.236142 | AA10: 83.828073 | AB10: 77.930927 | AC10: 76.511014 | AD10: 72.246052 | AE10: 78.876652 | AF10: 78.46427 | AG10: 73.985087 | AH10: 72.438223 | AI10: 80.394022 | AJ10: 99.930047
B11: Contas a Receber FIES | C11: n/a | D11: n/a | E11: n/a | F11: n/a | G11: n/a | H11: n/a | I11: n/a | J11: n/a | K11: n/a | L11: n/a | M11: n/a | N11: n/a | O11: 43.257784 | P11: 67.738954 | Q11: 90.832671 | R11: 104.59799 | S11: 88.862046 | T11: 112.65187 | U11: 113.48669 | V11: 128.16596 | W11: 100.921 | X11: 103.125 | Y11: 101.094 | Z11: 97.627 | AA11: 106.632 | AB11: 117.22764 | AC11: 115.394 | AD11: 109.605 | AE11: 117.15925 | AF11: 117.07984 | AG11: 126.34893 | AH11: 116.93942 | AI11: 147.37811 | AJ11: 143.681
B12: Receita Líquida (UDM) | C12: n/a | D12: n/a | E12: n/a | F12: n/a | G12: n/a | H12: n/a | I12: n/a | J12: n/a | K12: n/a | L12: n/a | M12: n/a | N12: n/a | O12: 175.7359 | P12: 156.61879 | Q12: 174.74888 | R12: 206.8091 | S12: 222.4711 | T12: 256.15703 | U12: 268.29668 | V12: 212.88795 | W12: 209.45229 | X12: 193.51428 | Y12: 157.44514 | Z12: 161.17257 | AA12: 153.88627 | AB12: 156.3542 | AC12: 159.1644 | AD12: 177.47278 | AE12: 177.69787 | AF12: 171.31289 | AG12: 182.35591 | AH12: 194.20304 | AI12: 224.505 | AJ12: 265.65787
B13: PMR FIES (# dias) | C13: n/a | D13: n/a | E13: n/a | F13: n/a | G13: n/a | H13: n/a | I13: n/a | J13: n/a | K13: n/a | L13: n/a | M13: n/a | N13: n/a | O13: 88.614802 | P13: 155.70305 | Q13: 187.1243 | R13: 182.07747 | S13: 143.79547 | T13: 158.31958 | U13: 152.27624 | V13: 216.73253 | W13: 173.45983 | X13: 191.84631 | Y13: 231.15252 | Z13: 218.06266 | AA13: 249.45383 | AB13: 269.91249 | AC13: 260.99956 | AD13: 222.33156 | AE13: 237.35416 | AF13: 246.03369 | AG13: 249.43318 | AH13: 216.77411 | AI13: 236.32489 | AJ13: 194.70592
B14: Contas a Receber Lifelong Learning | C14: n/a | D14: n/a | E14: n/a | F14: n/a | G14: n/a | H14: n/a | I14: n/a | J14: n/a | K14: n/a | L14: n/a | M14: n/a | N14: n/a | O14: 47.073272 | P14: 102.07977 | Q14: 70.892185 | R14: 73.24046 | S14: 64.040373 | T14: 59.156123 | U14: 69.410698 | V14: 80.041151 | W14: 89.48654 | X14: 86.977868 | Y14: 95.016554 | Z14: 105.35432
B15: Receita Líquida (UDM) | C15: n/a | D15: n/a | E15: n/a | F15: n/a | G15: n/a | H15: n/a | I15: n/a | J15: n/a | K15: n/a | L15: n/a | M15: n/a | N15: n/a | O15: 90.138771 | P15: 103.56626 | Q15: 121.52111 | R15: 148.58288 | S15: 170.40412 | T15: 180.49057 | U15: 189.69293 | V15: 187.26768 | W15: 184.4925 | X15: 189.09055 | Y15: 190.58519 | Z15: 183.11132
B16: PMR Lifelong Learning (# dias) | C16: n/a | D16: n/a | E16: n/a | F16: n/a | G16: n/a | H16: n/a | I16: n/a | J16: n/a | K16: n/a | L16: n/a | M16: n/a | N16: n/a | O16: 188.00321 | P16: 354.8329 | Q16: 210.01443 | R16: 177.45359 | S16: 135.29329 | T16: 117.99068 | U16: 131.7279 | V16: 153.86966 | W16: 174.61498 | X16: 165.5928 | Y16: 179.47858 | Z16: 207.1284
B18: Nota: (1) A partir do 1T24 passamos a abrir apenas o CR do FIES, sendo as demais contas a receber classificadas na linha "CR Não FIES e outros".
B19: *Nova abertura para ficar comparável com critério atual.

Sheet PDD
B1: Provisão para devedores duvidosos (PDD)
B2: Sumário
B4: R$ milhões | C4: ='Histórico Ebitda LTM'!C4 -> 1T18 | D4: ='Histórico Ebitda LTM'!D4 -> 2T18 | E4: ='Histórico Ebitda LTM'!E4 -> 3T18 | F4: ='Histórico Ebitda LTM'!F4 -> 4T18 | G4: ='Histórico Ebitda LTM'!G4 -> 1T19 | H4: ='Histórico Ebitda LTM'!H4 -> 2T19 | I4: ='Histórico Ebitda LTM'!I4 -> 3T19 | J4: ='Histórico Ebitda LTM'!J4 -> 4T19 | ... AJ4: ='Histórico Ebitda LTM'!AJ4 -> 2T26 | AL4: 2021 | AM4: 2022 | AN4: 2023 | AO4: 2024 | AP4: 2025
B5: Receita Líquida Consolidada | C5: n/a | D5: n/a | E5: n/a | F5: n/a | G5: n/a | H5: n/a | I5: n/a | J5: n/a | K5: n/a | L5: n/a | M5: n/a | N5: n/a | O5: 408.71152 | P5: 576.90698 | Q5: 816.68335 | R5: 848.50754 | S5: 902.38017 | T5: 910.47256 | U5: 905.23647 | V5: 845.14093 | W5: 954.42228 | X5: 932.42419 | Y5: 940.40708 | Z5: 905.68608 | AA5: 990.71494 | AB5: 977.00212 | AC5: ='Histórico Ebitda LTM'!AC5 -> 938.27857 | AD5: 895.3825 | AE5: ='Histórico Ebitda LTM'!AE5 -> 1040.1218 | AF5: ='Histórico Ebitda LTM'!AF5 -> 1005.3398 | AG5: ='Histórico Ebitda LTM'!AG5 -> 1005.9152 | AH5: ='Histórico Ebitda LTM'!AH5 -> 972.31993 | AI5: ='Histórico Ebitda LTM'!AI5 -> 1120.4028 | AJ5: ='Histórico Ebitda LTM'!AJ5 -> 1050.0493 | AL5: 2650.8094 | AM5: 3563.2301 | AN5: 3732.9396 | AO5: =SUM(AA5:AD5) -> 3801.3781 | AP5: =SUM(AE5:AH5) -> 4023.6967
B6: PDD | C6: n/a | D6: n/a | E6: n/a | F6: n/a | G6: n/a | H6: n/a | I6: n/a | J6: n/a | K6: n/a | L6: n/a | M6: n/a | N6: n/a | O6: 15.497137 | P6: 46.787124 | Q6: -7.9211429 | R6: 107.08086 | S6: 55.692032 | T6: 65.239284 | U6: 29.169024 | V6: 44.395121 | W6: 54.944804 | X6: 40.6346 | Y6: 54.529324 | Z6: 42.294855 | AA6: 52.547553 | AB6: 60.038212 | AC6: =-'DRE Consolidada '!AC16 -> 41.231127 | AD6: 24.709148 | AE6: =-'DRE Consolidada '!AE16 -> 52.134277 | AF6: =-'DRE Consolidada '!AF16 -> 41.823039 | AG6: =-'DRE Consolidada '!AG16 -> 29.44041 | AH6: =-'DRE Consolidada '!AH16 -> 49.767606 | AI6: =-'DRE Consolidada '!AI16 -> 53.026019 | AJ6: =-'DRE Consolidada '!AJ16 -> 55.983326 | AL6: 161.44398 | AM6: 194.49546 | AN6: 192.40358 | AO6: =SUM(AA6:AD6) -> 178.52604 | AP6: =SUM(AE6:AH6) -> 173.16533
B7: % Receita Líq. | C7: n/a | D7: n/a | E7: n/a | F7: n/a | G7: n/a | H7: n/a | I7: n/a | J7: n/a | K7: n/a | L7: n/a | M7: n/a | N7: n/a | O7: 0.037917054 | P7: 0.081099944 | Q7: -0.0096991606 | R7: 0.12619907 | S7: 0.061716818 | T7: 0.071654311 | U7: 0.032222546 | V7: 0.052529844 | W7: 0.057568651 | X7: 0.043579522 | Y7: 0.057984808 | Z7: 0.046699244 | AA7: 0.053040032 | AB7: 0.061451466 | AC7: =AC6/AC5 -> 0.043943374 | AD7: 0.027596192 | AE7: =AE6/AE5 -> 0.050123243 | AF7: =AF6/AF5 -> 0.041600896 | AG7: =AG6/AG5 -> 0.029267289 | AH7: =AH6/AH5 -> 0.051184394 | AI7: =AI6/AI5 -> 0.04732764 | AJ7: =AJ6/AJ5 -> 0.053314951 | AL7: 0.060903655 | AM7: 0.05458403 | AN7: 0.05154211 | AO7: =IFERROR(AO6/AO5,0) -> 0.046963505 | AP7: =IFERROR(AP6/AP5,0) -> 0.043036377
B8: Receita Líq. FIES | C8: n/a | D8: n/a | E8: n/a | F8: n/a | G8: n/a | H8: n/a | I8: n/a | J8: n/a | K8: n/a | L8: n/a | M8: n/a | N8: n/a | O8: 38.153738 | P8: 67.571484 | Q8: 131.78138 | R8: 206.8091 | S8: 53.815741 | T8: 63.103671 | U8: 76.349549 | V8: 19.618992 | W8: 50.379848 | X8: 47.165894 | Y8: 40.280406 | Z8: 23.346427 | AA8: 43.107273 | AB8: 49.620093 | AC8: 43.09061 | AD8: 41.6548 | AE8: 43.362328 | AF8: 43.248846 | AG8: 54.13363 | AH8: 53.458239 | AI8: 73.664281 | AJ8: 84.401719 | AL8: 444.3157 | AM8: 212.88795 | AN8: =SUM(W8:Z8) -> 161.17257 | AO8: =SUM(AA8:AD8) -> 177.47278 | AP8: =SUM(AE8:AH8) -> 194.20304
B9: PDD FIES | C9: n/a | D9: n/a | E9: n/a | F9: n/a | G9: n/a | H9: n/a | I9: n/a | J9: n/a | K9: n/a | L9: n/a | M9: n/a | N9: n/a | O9: 1.0260847 | P9: 1.2182344 | Q9: -1.0272119 | R9: 1.1 | S9: 0.61 | T9: 0.71 | U9: 0.6 | V9: 2.57 | W9: 0.87 | X9: 0.976 | Y9: 0.775 | Z9: -5.213 | AA9: 1.451747 | AB9: 1.493253 | AC9: 1.42 | AD9: 1.262 | AE9: 1.16 | AF9: 1.306 | AG9: 5.729 | AH9: -2.385 | AI9: 2.395 | AJ9: 1.716 | AL9: 2.3171073 | AM9: 4.49 | AN9: =SUM(W9:Z9) -> -2.592 | AO9: =SUM(AA9:AD9) -> 5.627 | AP9: =SUM(AE9:AH9) -> 5.81
B10: % Receita Líq. FIES | C10: n/a | D10: n/a | E10: n/a | F10: n/a | G10: n/a | H10: n/a | I10: n/a | J10: n/a | K10: n/a | L10: n/a | M10: n/a | N10: n/a | O10: =O9/O8 -> 0.026893426 | P10: =P9/P8 -> 0.018028825 | Q10: =Q9/Q8 -> -0.0077948182 | R10: =R9/R8 -> 0.0053189149 | S10: =S9/S8 -> 0.011334973 | T10: =T9/T8 -> 0.011251326 | U10: =U9/U8 -> 0.0078585926 | V10: =V9/V8 -> 0.13099552 | ... AA10: =AA9/AA8 -> 0.033677542 | AB10: =IFERROR(AB9/AB8,0) -> 0.030093716 | AC10: =IFERROR(AC9/AC8,0) -> 0.032953815 | AD10: 0.030296628 | AE10: =IFERROR(AE9/AE8,0) -> 0.026751331 | AF10: =IFERROR(AF9/AF8,0) -> 0.030197338 | AG10: =IFERROR(AG9/AG8,0) -> 0.1058307 | AH10: =IFERROR(AH9/AH8,0) -> -0.044614264 | AI10: =IFERROR(AI9/AI8,0) -> 0.032512365 | AJ10: =IFERROR(AJ9/AJ8,0) -> 0.020331339 | AL10: 0.005215002 | AM10: 0.021090907 | AN10: =IFERROR(AN9/AN8,0) -> -0.016082141 | AO10: =IFERROR(AO9/AO8,0) -> 0.031706271 | AP10: =IFERROR(AP9/AP8,0) -> 0.029917142
B11: Receita Líq. Ex FIES | C11: n/a | D11: n/a | E11: n/a | F11: n/a | G11: n/a | H11: n/a | I11: n/a | J11: n/a | K11: n/a | L11: n/a | M11: n/a | N11: n/a | O11: 370.55779 | P11: 509.3355 | Q11: 684.90197 | R11: 641.69844 | S11: 848.56443 | T11: 847.36889 | U11: 828.88692 | V11: 825.52194 | W11: 904.04244 | X11: 885.25829 | Y11: 900.12667 | Z11: 882.33965 | AA11: 947.60767 | AB11: =AB5-AB8 -> 927.38203 | AC11: =AC5-AC8 -> 895.18796 | AD11: 853.7277 | AE11: =AE5-AE8 -> 996.75946 | AF11: =AF5-AF8 -> 962.091 | AG11: =AG5-AG8 -> 951.78154 | AH11: =AH5-AH8 -> 918.86169 | AI11: =AI5-AI8 -> 1046.7385 | AJ11: =AJ5-AJ8 -> 965.64757 | AL11: 2206.4937 | AM11: 3350.3422 | AN11: =SUM(W11:Z11) -> 3571.767 | AO11: =SUM(AA11:AD11) -> 3623.9054 | AP11: =SUM(AE11:AH11) -> 3829.4937
B12: PDD Ex FIES | C12: n/a | D12: n/a | E12: n/a | F12: n/a | G12: n/a | H12: n/a | I12: n/a | J12: n/a | K12: n/a | L12: n/a | M12: n/a | N12: n/a | O12: 14.471052 | P12: 45.56889 | Q12: -6.893931 | R12: 105.98086 | S12: 55.082032 | T12: 64.529284 | U12: 28.569024 | V12: 41.825121 | W12: =W6-W9 -> 54.074804 | X12: =X6-X9 -> 39.6586 | Y12: =Y6-Y9 -> 53.754324 | Z12: =Z6-Z9 -> 47.507855 | AA12: =AA6-AA9 -> 51.095806 | AB12: =AB6-AB9 -> 58.544959 | AC12: =AC6-AC9 -> 39.811127 | AD12: 25.971148 | AE12: 50.974277 | AF12: =+AF6-AF9 -> 40.517039 | AG12: =+AG6-AG9 -> 23.71141 | AH12: =+AH6-AH9 -> 52.152606 | AI12: =+AI6-AI9 -> 50.631019 | AJ12: =+AJ6-AJ9 -> 54.267326 | AL12: 159.12687 | AM12: 190.00546 | AN12: =SUM(W12:Z12) -> 194.99558 | AO12: =SUM(AA12:AD12) -> 175.42304 | AP12: =SUM(AE12:AH12) -> 167.35533
B13: % Receita Líq. Ex FIES | C13: n/a | D13: n/a | E13: n/a | F13: n/a | G13: n/a | H13: n/a | I13: n/a | J13: n/a | K13: n/a | L13: n/a | M13: n/a | N13: n/a | O13: =O12/O11 -> 0.03905208 | P13: =P12/P11 -> 0.089467335 | Q13: =Q12/Q11 -> -0.010065573 | R13: =R12/R11 -> 0.1651568 | S13: =S12/S11 -> 0.064912022 | T13: =T12/T11 -> 0.07615253 | U13: =U12/U11 -> 0.034466732 | V13: =V12/V11 -> 0.050665063 | ... AJ13: =AJ12/AJ11 -> 0.056197859 | AL13: 0.072117529 | AM13: 0.056712255 | AN13: =AN12/AN11 -> 0.054593589 | AO13: =IFERROR(AO12/AO11,0) -> 0.04840718 | AP13: =IFERROR(AP12/AP11,0) -> 0.043701686

Sheet Dividendos
B1: Histórico de dividendos
B2: Sumário
B4: Histórico de Pagamento de Dividendos
B5: Data do Pagamento | C5: Período de Referência | D5: Valor Total | E5: Valor por Ação
B6: 41774 | C6: 2013 | D6: 9116243 | E6: 0.11
B7: 42139 | C7: 2014 | D7: 39181048 | E7: 0.4728
B8: 42506 | C8: 2015 | D8: 15254528 | E8: 0.1875
B9: 42870 | C9: 2016 | D9: 4953177.9 | E9: 0.0619
B10: 43227 | C10: 2017 | D10: 20226269 | E10: 0.2536
B11: 43595 | C11: 2018 | D11: 534680.23 | E11: 0.0069
B12: - | C12: 2019 | D12: - | E12: -
B13: - | C13: 2020 | D13: - | E13: -
B14: - | C14: 2021 | D14: - | E14: -
B15: - | C15: 2022 | D15: - | E15: -
B16: - | C16: 2023 | D16: - | E16: -
B17: 45525 | C17: - | D17: =178000000 -> 178000000 | E17: 0.4712697
B18: 45786 | C18: 2024 | D18: =20222083.08 -> 20222083 | E18: 0.053539635
B19: 46157 | C19: 2026 | D19: 29391752 | E19: 0.077784726

Sheet Medicina Maturação
B1: Número de vagas e maturação
B2: Sumário
B4: Inspirali - Número de Vagas Autorizadas | S4: Inspirali - Capacidade de Alunos **
B5: Marca | C5: Cidade/Estado | D5: Ato Regulatório | E5: 2020 | F5: 2021 | G5: 2022 | H5: 2023 | I5: 1T24 | J5: 2T24 | K5: 3T24 | L5: 2024 | M5: 2025 | N5: 2026E | O5: 2027E | P5: 2028E | Q5: 2029E | S5: =E5 -> 2020 | T5: =F5 -> 2021 | U5: =G5 -> 2022 | V5: =H5 -> 2023 | W5: =I5 -> 1T24 | X5: =J5 -> 2T24 | Y5: =K5 -> 3T24 | Z5: =L5 -> 2024 | ... AE5: =Q5 -> 2029E
B6: UniBH | C6: Belo Horizonte/MG | D6: Autorização | E6: 100 | F6: 100 | G6: 100 | H6: 100 | I6: 100 | J6: 100 | K6: 100 | L6: 100 | M6: 100 | N6: 100 | O6: 100 | P6: 100 | Q6: 100 | S6: =(E6*6)+ROUNDDOWN(E6*6*10%,0)+ROUNDDOWN(E6*6*10%,0) -> 720 | T6: =(F6*6)+ROUNDDOWN(F6*6*10%,0)+ROUNDDOWN(F6*6*10%,0) -> 720 | U6: =(G6*6)+ROUNDDOWN(G6*6*10%,0)+ROUNDDOWN(G6*6*10%,0) -> 720 | V6: =(H6*6)+ROUNDDOWN(H6*6*10%,0)+ROUNDDOWN(H6*6*10%,0) -> 720 | W6: =(I6*6)+ROUNDDOWN(I6*6*10%,0)+ROUNDDOWN(I6*6*10%,0) -> 720 | X6: =(J6*6)+ROUNDDOWN(J6*6*10%,0)+ROUNDDOWN(J6*6*10%,0) -> 720 | Y6: =(K6*6)+ROUNDDOWN(K6*6*10%,0)+ROUNDDOWN(K6*6*10%,0) -> 720 | Z6: =(L6*6)+ROUNDDOWN(L6*6*10%,0)+ROUNDDOWN(L6*6*10%,0) -> 720 | ... AE6: =(Q6*6)+ROUNDDOWN(Q6*6*10%,0)+ROUNDDOWN(Q6*6*10%,0) -> 720
B7: =B6 -> UniBH | C7: =C6 -> Belo Horizonte/MG | D7: Aumento | E7: 60 | F7: 60 | G7: 60 | H7: 60 | I7: 60 | J7: 60 | K7: 60 | L7: 60 | M7: 60 | N7: 60 | O7: 60 | P7: 60 | Q7: 60 | S7: =(E7*5)+ROUNDDOWN(E7*5*0.1,0)+ROUNDDOWN(E7*5*0.1,0) -> 360 | T7: =(F7*6)+ROUNDDOWN(F7*6*0.1,0)+ROUNDDOWN(F7*6*0.1,0) -> 432 | U7: =(G7*6)+ROUNDDOWN(G7*6*0.1,0)+ROUNDDOWN(G7*6*0.1,0) -> 432 | V7: =(H7*6)+ROUNDDOWN(H7*6*0.1,0)+ROUNDDOWN(H7*6*0.1,0) -> 432 | W7: =(I7*6)+ROUNDDOWN(I7*6*0.1,0)+ROUNDDOWN(I7*6*0.1,0) -> 432 | X7: =(J7*6)+ROUNDDOWN(J7*6*0.1,0)+ROUNDDOWN(J7*6*0.1,0) -> 432 | Y7: =(K7*6)+ROUNDDOWN(K7*6*0.1,0)+ROUNDDOWN(K7*6*0.1,0) -> 432 | Z7: =(L7*6)+ROUNDDOWN(L7*6*0.1,0)+ROUNDDOWN(L7*6*0.1,0) -> 432 | AA7: =(M7*6)+ROUNDDOWN(M7*6*0.1,0)+ROUNDDOWN(M7*6*0.1,0) -> 432 | ... AE7: =(Q7*6)+ROUNDDOWN(Q7*6*0.1,0)+ROUNDDOWN(Q7*6*0.1,0) -> 432
B8: USJT | C8: Cubatão/SP* | D8: Autorização | E8: 50 | F8: 50 | G8: 50 | H8: 50 | I8: 50 | J8: 50 | K8: 50 | L8: 50 | M8: 50 | N8: 50 | O8: 50 | P8: 50 | Q8: 50 | S8: =(E8*6)+ROUNDDOWN(E8*6*10%,0)+ROUNDDOWN(E8*6*10%,0) -> 360 | T8: =(F8*6)+ROUNDDOWN(F8*6*10%,0)+ROUNDDOWN(F8*6*10%,0) -> 360 | U8: =(G8*6)+ROUNDDOWN(G8*6*10%,0)+ROUNDDOWN(G8*6*10%,0) -> 360 | V8: =(H8*6)+ROUNDDOWN(H8*6*10%,0)+ROUNDDOWN(H8*6*10%,0) -> 360 | W8: =(I8*6)+ROUNDDOWN(I8*6*10%,0)+ROUNDDOWN(I8*6*10%,0) -> 360 | X8: =(J8*6)+ROUNDDOWN(J8*6*10%,0)+ROUNDDOWN(J8*6*10%,0) -> 360 | Y8: =(K8*6)+ROUNDDOWN(K8*6*10%,0)+ROUNDDOWN(K8*6*10%,0) -> 360 | Z8: =(L8*6)+ROUNDDOWN(L8*6*10%,0)+ROUNDDOWN(L8*6*10%,0) -> 360 | ... AE8: =(Q8*6)+ROUNDDOWN(Q8*6*10%,0)+ROUNDDOWN(Q8*6*10%,0) -> 360
B9: AGES | C9: Jacobina/BA* | D9: Autorização | E9: 55 | F9: 55 | G9: 55 | H9: 55 | I9: 55 | J9: 55 | K9: 55 | L9: 55 | M9: 55 | N9: 55 | O9: 55 | P9: 55 | Q9: 55 | S9: =(E9*4)+ROUNDDOWN(E9*4*10%,0)+ROUNDDOWN(E9*4*10%,0) -> 264 | T9: =(F9*5)+ROUNDDOWN(F9*5*10%,0)+ROUNDDOWN(F9*5*10%,0) -> 329 | U9: =(G9*6)+ROUNDDOWN(G9*6*10%,0)+ROUNDDOWN(G9*6*10%,0) -> 396 | V9: =(H9*6)+ROUNDDOWN(H9*6*10%,0)+ROUNDDOWN(H9*6*10%,0) -> 396 | W9: =(I9*6)+ROUNDDOWN(I9*6*10%,0)+ROUNDDOWN(I9*6*10%,0) -> 396 | X9: =(J9*6)+ROUNDDOWN(J9*6*10%,0)+ROUNDDOWN(J9*6*10%,0) -> 396 | Y9: =(K9*6)+ROUNDDOWN(K9*6*10%,0)+ROUNDDOWN(K9*6*10%,0) -> 396 | Z9: =(L9*6)+ROUNDDOWN(L9*6*10%,0)+ROUNDDOWN(L9*6*10%,0) -> 396 | AA9: =(M9*6)+ROUNDDOWN(M9*6*10%,0)+ROUNDDOWN(M9*6*10%,0) -> 396 | AB9: =(N9*6)+ROUNDDOWN(N9*6*10%,0)+ROUNDDOWN(N9*6*10%,0) -> 396 | ... AE9: =(Q9*6)+ROUNDDOWN(Q9*6*10%,0)+ROUNDDOWN(Q9*6*10%,0) -> 396
B10: =B9 -> AGES | C10: =C9 -> Jacobina/BA* | D10: Aumento | E10: 30 | F10: 30 | G10: 30 | H10: 30 | I10: 30 | J10: 30 | K10: 30 | L10: 30 | M10: 30 | N10: 30 | O10: 30 | P10: 30 | Q10: 30 | S10: =(E10*2)+ROUNDDOWN(E10*2*10%,0)+ROUNDDOWN(E10*2*10%,0) -> 72 | T10: =(F10*3)+ROUNDDOWN(F10*3*10%,0)+ROUNDDOWN(F10*3*10%,0) -> 108 | U10: =(G10*4)+ROUNDDOWN(G10*4*10%,0)+ROUNDDOWN(G10*4*10%,0) -> 144 | V10: =(H10*5)+ROUNDDOWN(H10*5*10%,0)+ROUNDDOWN(H10*5*10%,0) -> 180 | W10: =(I10*6)+ROUNDDOWN(I10*6*10%,0)+ROUNDDOWN(I10*6*10%,0) -> 216 | X10: =(J10*6)+ROUNDDOWN(J10*6*10%,0)+ROUNDDOWN(J10*6*10%,0) -> 216 | Y10: =(K10*6)+ROUNDDOWN(K10*6*10%,0)+ROUNDDOWN(K10*6*10%,0) -> 216 | Z10: =(L10*6)+ROUNDDOWN(L10*6*10%,0)+ROUNDDOWN(L10*6*10%,0) -> 216 | AA10: =(M10*6)+ROUNDDOWN(M10*6*10%,0)+ROUNDDOWN(M10*6*10%,0) -> 216 | AB10: =(N10*6)+ROUNDDOWN(N10*6*10%,0)+ROUNDDOWN(N10*6*10%,0) -> 216 | AC10: =(O10*6)+ROUNDDOWN(O10*6*10%,0)+ROUNDDOWN(O10*6*10%,0) -> 216 | AD10: =(P10*6)+ROUNDDOWN(P10*6*10%,0)+ROUNDDOWN(P10*6*10%,0) -> 216 | AE10: =(Q10*6)+ROUNDDOWN(Q10*6*10%,0)+ROUNDDOWN(Q10*6*10%,0) -> 216
B11: AGES | C11: Irecê/BA* | D11: Autorização | E11: 50 | F11: 50 | G11: 50 | H11: 50 | I11: 50 | J11: 50 | K11: 50 | L11: 50 | M11: =+M28++M3 -> 25 | N11: 50 | O11: 50 | P11: 50 | Q11: 50 | S11: =(E11*1)+ROUNDDOWN(E11*1*10%,0)+ROUNDDOWN(E11*1*10%,0) -> 60 | T11: =(F11*2)+ROUNDDOWN(F11*2*10%,0)+ROUNDDOWN(F11*2*10%,0) -> 120 | U11: =(G11*3)+ROUNDDOWN(G11*3*10%,0)+ROUNDDOWN(G11*3*10%,0) -> 180 | V11: =(H11*4)+ROUNDDOWN(H11*4*10%,0)+ROUNDDOWN(H11*4*10%,0) -> 240 | W11: =(I11*5)+ROUNDDOWN(I11*5*10%,0)+ROUNDDOWN(I11*5*10%,0) -> 300 | X11: =(J11*5)+ROUNDDOWN(J11*5*10%,0)+ROUNDDOWN(J11*5*10%,0) -> 300 | Y11: =(K11*5)+ROUNDDOWN(K11*5*10%,0)+ROUNDDOWN(K11*5*10%,0) -> 300 | Z11: =(L11*5)+ROUNDDOWN(L11*5*10%,0)+ROUNDDOWN(L11*5*10%,0) -> 300 | AA11: =(M11*6)+ROUNDDOWN(M11*6*10%,0)+ROUNDDOWN(M11*6*10%,0) -> 180 | AB11: =(N11*6)+ROUNDDOWN(N11*6*10%,0)+ROUNDDOWN(N11*6*10%,0) -> 360 | AC11: =(O11*6)+ROUNDDOWN(O11*6*10%,0)+ROUNDDOWN(O11*6*10%,0) -> 360 | AD11: =(P11*6)+ROUNDDOWN(P11*6*10%,0)+ROUNDDOWN(P11*6*10%,0) -> 360 | AE11: =(Q11*6)+ROUNDDOWN(Q11*6*10%,0)+ROUNDDOWN(Q11*6*10%,0) -> 360
B12: =B11 -> AGES | C12: =C11 -> Irecê/BA* | D12: Aumento | K12: 100 | L12: 100 | M12: =L12 -> 100 | N12: =M12 -> 100 | O12: =N12 -> 100 | P12: =O12 -> 100 | Q12: =P12 -> 100 | Y12: =(K12*1)+ROUNDDOWN(K12*1*10%,0)+ROUNDDOWN(K12*1*10%,0) -> 120 | Z12: =(L12*1)+ROUNDDOWN(L12*1*10%,0)+ROUNDDOWN(L12*1*10%,0) -> 120 | AA12: =(M12*2)+ROUNDDOWN(M12*2*10%,0)+ROUNDDOWN(M12*2*10%,0) -> 240 | AB12: =(N12*3)+ROUNDDOWN(N12*3*10%,0)+ROUNDDOWN(N12*3*10%,0) -> 360 | AC12: =(O12*4)+ROUNDDOWN(O12*4*10%,0)+ROUNDDOWN(O12*4*10%,0) -> 480 | AD12: =(P12*5)+ROUNDDOWN(P12*5*10%,0)+ROUNDDOWN(P12*5*10%,0) -> 600 | AE12: =(Q12*6)+ROUNDDOWN(Q12*6*10%,0)+ROUNDDOWN(Q12*6*10%,0) -> 720
B13: Faseh | C13: Vespasiano/MG | D13: Autorização | E13: 64 | F13: 64 | G13: 64 | H13: 64 | I13: 64 | J13: 64 | K13: 64 | L13: 64 | M13: 64 | N13: 64 | O13: 64 | P13: 64 | Q13: 64 | S13: =(E13*6)+ROUNDDOWN(E13*6*10%,0)+ROUNDDOWN(E13*6*10%,0) -> 460 | T13: =(F13*6)+ROUNDDOWN(F13*6*10%,0)+ROUNDDOWN(F13*6*10%,0) -> 460 | U13: =(G13*6)+ROUNDDOWN(G13*6*10%,0)+ROUNDDOWN(G13*6*10%,0) -> 460 | V13: =(H13*6)+ROUNDDOWN(H13*6*10%,0)+ROUNDDOWN(H13*6*10%,0) -> 460 | W13: =(I13*6)+ROUNDDOWN(I13*6*10%,0)+ROUNDDOWN(I13*6*10%,0) -> 460 | X13: =(J13*6)+ROUNDDOWN(J13*6*10%,0)+ROUNDDOWN(J13*6*10%,0) -> 460 | Y13: =(K13*6)+ROUNDDOWN(K13*6*10%,0)+ROUNDDOWN(K13*6*10%,0) -> 460 | Z13: =(L13*6)+ROUNDDOWN(L13*6*10%,0)+ROUNDDOWN(L13*6*10%,0) -> 460 | ... AE13: =(Q13*6)+ROUNDDOWN(Q13*6*10%,0)+ROUNDDOWN(Q13*6*10%,0) -> 460
B14: =B13 -> Faseh | C14: =C13 -> Vespasiano/MG | D14: Aumento | E14: 36 | F14: 36 | G14: 36 | H14: 36 | I14: 36 | J14: 36 | K14: 36 | L14: 36 | M14: 36 | N14: 36 | O14: 36 | P14: 36 | Q14: 36 | S14: =(E14*4)+ROUNDDOWN(E14*4*10%,0)+ROUNDDOWN(E14*4*10%,0) -> 172 | T14: =(F14*5)+ROUNDDOWN(F14*5*10%,0)+ROUNDDOWN(F14*5*10%,0) -> 216 | U14: =(G14*6)+ROUNDDOWN(G14*6*10%,0)+ROUNDDOWN(G14*6*10%,0)+2 -> 260 | V14: =(H14*6)+ROUNDDOWN(H14*6*10%,0)+ROUNDDOWN(H14*6*10%,0)+2 -> 260 | W14: =(I14*6)+ROUNDDOWN(I14*6*10%,0)+ROUNDDOWN(I14*6*10%,0)+2 -> 260 | X14: =(J14*6)+ROUNDDOWN(J14*6*10%,0)+ROUNDDOWN(J14*6*10%,0)+2 -> 260 | Y14: =(K14*6)+ROUNDDOWN(K14*6*10%,0)+ROUNDDOWN(K14*6*10%,0)+2 -> 260 | Z14: =(L14*6)+ROUNDDOWN(L14*6*10%,0)+ROUNDDOWN(L14*6*10%,0)+2 -> 260 | AA14: 260 | AB14: 260 | AC14: 260 | AD14: 260 | AE14: 260
B15: Unifg | C15: Guanambi/BA | D15: Autorização | E15: 50 | F15: 50 | G15: 50 | H15: 50 | I15: 50 | J15: 50 | K15: 50 | L15: 50 | M15: 50 | N15: 50 | O15: 50 | P15: 50 | Q15: 50 | S15: =(E15*6)+ROUNDDOWN(E15*6*10%,0)+ROUNDDOWN(E15*6*10%,0) -> 360 | T15: =(F15*6)+ROUNDDOWN(F15*6*10%,0)+ROUNDDOWN(F15*6*10%,0) -> 360 | U15: =(G15*6)+ROUNDDOWN(G15*6*10%,0)+ROUNDDOWN(G15*6*10%,0) -> 360 | V15: =(H15*6)+ROUNDDOWN(H15*6*10%,0)+ROUNDDOWN(H15*6*10%,0) -> 360 | W15: =(I15*6)+ROUNDDOWN(I15*6*10%,0)+ROUNDDOWN(I15*6*10%,0) -> 360 | X15: =(J15*6)+ROUNDDOWN(J15*6*10%,0)+ROUNDDOWN(J15*6*10%,0) -> 360 | Y15: =(K15*6)+ROUNDDOWN(K15*6*10%,0)+ROUNDDOWN(K15*6*10%,0) -> 360 | Z15: =(L15*6)+ROUNDDOWN(L15*6*10%,0)+ROUNDDOWN(L15*6*10%,0) -> 360 | ... AE15: =(Q15*6)+ROUNDDOWN(Q15*6*10%,0)+ROUNDDOWN(Q15*6*10%,0) -> 360
B16: Unisul | C16: Tubarão/SC | D16: Autorização | F16: 127 | G16: 127 | H16: 127 | I16: 127 | J16: 127 | K16: 127 | L16: 127 | M16: 127 | N16: 127 | O16: 127 | P16: 127 | Q16: 127 | T16: =(F16*4)+ROUNDDOWN(F16*4*10%,0)+ROUNDDOWN(F16*4*10%,0) -> 608 | U16: =(G16*5)+ROUNDDOWN(G16*5*10%,0)+ROUNDDOWN(G16*5*10%,0) -> 761 | V16: =(H16*6)+ROUNDDOWN(H16*6*10%,0)+ROUNDDOWN(H16*6*10%,0) -> 914 | W16: =(I16*6)+ROUNDDOWN(I16*6*10%,0)+ROUNDDOWN(I16*6*10%,0) -> 914 | X16: =(J16*6)+ROUNDDOWN(J16*6*10%,0)+ROUNDDOWN(J16*6*10%,0) -> 914 | Y16: =(K16*6)+ROUNDDOWN(K16*6*10%,0)+ROUNDDOWN(K16*6*10%,0) -> 914 | Z16: =(L16*6)+ROUNDDOWN(L16*6*10%,0)+ROUNDDOWN(L16*6*10%,0) -> 914 | AA16: =(M16*6)+ROUNDDOWN(M16*6*10%,0)+ROUNDDOWN(M16*6*10%,0) -> 914 | AB16: =(N16*6)+ROUNDDOWN(N16*6*10%,0)+ROUNDDOWN(N16*6*10%,0) -> 914 | AC16: =(O16*6)+ROUNDDOWN(O16*6*10%,0)+ROUNDDOWN(O16*6*10%,0) -> 914 | ... AE16: =(Q16*6)+ROUNDDOWN(Q16*6*10%,0)+ROUNDDOWN(Q16*6*10%,0) -> 914
B17: Unisul | C17: Pedra Branca/SC | D17: Autorização | F17: 160 | G17: 160 | H17: 160 | I17: 160 | J17: 160 | K17: 160 | L17: 160 | M17: 160 | N17: 160 | O17: 160 | P17: 160 | Q17: 160 | T17: =(F17*6)+ROUNDDOWN(F17*6*10%,0)+ROUNDDOWN(F17*6*10%,0) -> 1152 | U17: =(G17*6)+ROUNDDOWN(G17*6*10%,0)+ROUNDDOWN(G17*6*10%,0) -> 1152 | V17: =(H17*6)+ROUNDDOWN(H17*6*10%,0)+ROUNDDOWN(H17*6*10%,0) -> 1152 | W17: =(I17*6)+ROUNDDOWN(I17*6*10%,0)+ROUNDDOWN(I17*6*10%,0) -> 1152 | X17: =(J17*6)+ROUNDDOWN(J17*6*10%,0)+ROUNDDOWN(J17*6*10%,0) -> 1152 | Y17: =(K17*6)+ROUNDDOWN(K17*6*10%,0)+ROUNDDOWN(K17*6*10%,0) -> 1152 | Z17: =(L17*6)+ROUNDDOWN(L17*6*10%,0)+ROUNDDOWN(L17*6*10%,0) -> 1152 | AA17: =(M17*6)+ROUNDDOWN(M17*6*10%,0)+ROUNDDOWN(M17*6*10%,0) -> 1152 | ... AE17: =(Q17*6)+ROUNDDOWN(Q17*6*10%,0)+ROUNDDOWN(Q17*6*10%,0) -> 1152
B18: UNIFACS | C18: Salvador/BA | D18: Autorização | F18: 100 | G18: 100 | H18: 100 | I18: 100 | J18: 100 | K18: 100 | L18: 100 | M18: 100 | N18: 100 | O18: 100 | P18: 100 | Q18: 100 | T18: =(F18*6)+ROUNDDOWN(F18*6*10%,0)+ROUNDDOWN(F18*6*10%,0) -> 720 | U18: =(G18*6)+ROUNDDOWN(G18*6*10%,0)+ROUNDDOWN(G18*6*10%,0) -> 720 | V18: =(H18*6)+ROUNDDOWN(H18*6*10%,0)+ROUNDDOWN(H18*6*10%,0) -> 720 | W18: =(I18*6)+ROUNDDOWN(I18*6*10%,0)+ROUNDDOWN(I18*6*10%,0) -> 720 | X18: =(J18*6)+ROUNDDOWN(J18*6*10%,0)+ROUNDDOWN(J18*6*10%,0) -> 720 | Y18: =(K18*6)+ROUNDDOWN(K18*6*10%,0)+ROUNDDOWN(K18*6*10%,0) -> 720 | Z18: =(L18*6)+ROUNDDOWN(L18*6*10%,0)+ROUNDDOWN(L18*6*10%,0) -> 720 | AA18: =(M18*6)+ROUNDDOWN(M18*6*10%,0)+ROUNDDOWN(M18*6*10%,0) -> 720 | ... AE18: =(Q18*6)+ROUNDDOWN(Q18*6*10%,0)+ROUNDDOWN(Q18*6*10%,0) -> 720
B19: =B18 -> UNIFACS | C19: =C18 -> Salvador/BA | D19: Aumento 1 | F19: 50 | G19: 50 | H19: 50 | I19: 50 | J19: 50 | K19: 50 | L19: 50 | M19: 50 | N19: 50 | O19: 50 | P19: 50 | Q19: 50 | T19: =(F19*6)+ROUNDDOWN(F19*6*10%,0)+ROUNDDOWN(F19*6*10%,0) -> 360 | U19: =(G19*6)+ROUNDDOWN(G19*6*10%,0)+ROUNDDOWN(G19*6*10%,0) -> 360 | V19: =(H19*6)+ROUNDDOWN(H19*6*10%,0)+ROUNDDOWN(H19*6*10%,0) -> 360 | W19: =(I19*6)+ROUNDDOWN(I19*6*10%,0)+ROUNDDOWN(I19*6*10%,0) -> 360 | X19: =(J19*6)+ROUNDDOWN(J19*6*10%,0)+ROUNDDOWN(J19*6*10%,0) -> 360 | Y19: =(K19*6)+ROUNDDOWN(K19*6*10%,0)+ROUNDDOWN(K19*6*10%,0) -> 360 | Z19: =(L19*6)+ROUNDDOWN(L19*6*10%,0)+ROUNDDOWN(L19*6*10%,0) -> 360 | AA19: =(M19*6)+ROUNDDOWN(M19*6*10%,0)+ROUNDDOWN(M19*6*10%,0) -> 360 | ... AE19: =(Q19*6)+ROUNDDOWN(Q19*6*10%,0)+ROUNDDOWN(Q19*6*10%,0) -> 360
B20: =B19 -> UNIFACS | C20: =C19 -> Salvador/BA | D20: Aumento 2 | F20: 120 | G20: 120 | H20: 120 | I20: 120 | J20: 120 | K20: 120 | L20: 120 | M20: 120 | N20: 120 | O20: 120 | P20: 120 | Q20: 120 | T20: =(F20*5)+ROUNDDOWN(F20*5*10%,0)+ROUNDDOWN(F20*5*10%,0) -> 720 | U20: =(G20*6)+ROUNDDOWN(G20*6*10%,0)+ROUNDDOWN(G20*6*10%,0) -> 864 | V20: =(H20*6)+ROUNDDOWN(H20*6*10%,0)+ROUNDDOWN(H20*6*10%,0) -> 864 | W20: =(I20*6)+ROUNDDOWN(I20*6*10%,0)+ROUNDDOWN(I20*6*10%,0) -> 864 | X20: =(J20*6)+ROUNDDOWN(J20*6*10%,0)+ROUNDDOWN(J20*6*10%,0) -> 864 | Y20: =(K20*6)+ROUNDDOWN(K20*6*10%,0)+ROUNDDOWN(K20*6*10%,0) -> 864 | Z20: =(L20*6)+ROUNDDOWN(L20*6*10%,0)+ROUNDDOWN(L20*6*10%,0) -> 864 | AA20: =(M20*6)+ROUNDDOWN(M20*6*10%,0)+ROUNDDOWN(M20*6*10%,0) -> 864 | AB20: =(N20*6)+ROUNDDOWN(N20*6*10%,0)+ROUNDDOWN(N20*6*10%,0) -> 864 | ... AE20: =(Q20*6)+ROUNDDOWN(Q20*6*10%,0)+ROUNDDOWN(Q20*6*10%,0) -> 864
B21: UNP | C21: Natal/RN | D21: Autorização | F21: 120 | G21: 120 | H21: 120 | I21: 120 | J21: 120 | K21: 120 | L21: 120 | M21: 120 | N21: 120 | O21: 120 | P21: 120 | Q21: 120 | T21: =(F21*6)+ROUNDDOWN(F21*6*10%,0)+ROUNDDOWN(F21*6*10%,0) -> 864 | U21: =(G21*6)+ROUNDDOWN(G21*6*10%,0)+ROUNDDOWN(G21*6*10%,0) -> 864 | V21: =(H21*6)+ROUNDDOWN(H21*6*10%,0)+ROUNDDOWN(H21*6*10%,0) -> 864 | W21: =(I21*6)+ROUNDDOWN(I21*6*10%,0)+ROUNDDOWN(I21*6*10%,0) -> 864 | X21: =(J21*6)+ROUNDDOWN(J21*6*10%,0)+ROUNDDOWN(J21*6*10%,0) -> 864 | Y21: =(K21*6)+ROUNDDOWN(K21*6*10%,0)+ROUNDDOWN(K21*6*10%,0) -> 864 | Z21: =(L21*6)+ROUNDDOWN(L21*6*10%,0)+ROUNDDOWN(L21*6*10%,0) -> 864 | AA21: =(M21*6)+ROUNDDOWN(M21*6*10%,0)+ROUNDDOWN(M21*6*10%,0) -> 864 | ... AE21: =(Q21*6)+ROUNDDOWN(Q21*6*10%,0)+ROUNDDOWN(Q21*6*10%,0) -> 864
B22: =B21 -> UNP | C22: =C21 -> Natal/RN | D22: Aumento 1 | F22: 17 | G22: 17 | H22: 17 | I22: 17 | J22: 17 | K22: 17 | L22: 17 | M22: 17 | N22: 17 | O22: 17 | P22: 17 | Q22: 17 | T22: =(F22*6)+ROUNDDOWN(F22*6*10%,0)+ROUNDDOWN(F22*6*10%,0) -> 122 | U22: =(G22*6)+ROUNDDOWN(G22*6*10%,0)+ROUNDDOWN(G22*6*10%,0) -> 122 | V22: =(H22*6)+ROUNDDOWN(H22*6*10%,0)+ROUNDDOWN(H22*6*10%,0) -> 122 | W22: =(I22*6)+ROUNDDOWN(I22*6*10%,0)+ROUNDDOWN(I22*6*10%,0) -> 122 | X22: =(J22*6)+ROUNDDOWN(J22*6*10%,0)+ROUNDDOWN(J22*6*10%,0) -> 122 | Y22: =(K22*6)+ROUNDDOWN(K22*6*10%,0)+ROUNDDOWN(K22*6*10%,0) -> 122 | Z22: =(L22*6)+ROUNDDOWN(L22*6*10%,0)+ROUNDDOWN(L22*6*10%,0) -> 122 | AA22: =(M22*6)+ROUNDDOWN(M22*6*10%,0)+ROUNDDOWN(M22*6*10%,0) -> 122 | ... AE22: =(Q22*6)+ROUNDDOWN(Q22*6*10%,0)+ROUNDDOWN(Q22*6*10%,0) -> 122
B23: =B22 -> UNP | C23: =C22 -> Natal/RN | D23: Aumento 2 | F23: 55 | G23: 55 | H23: 55 | I23: 55 | J23: 55 | K23: 55 | L23: 55 | M23: 55 | N23: 55 | O23: 55 | P23: 55 | Q23: 55 | T23: =(F23*6)+ROUNDDOWN(F23*6*10%,0)+ROUNDDOWN(F23*6*10%,0) -> 396 | U23: =(G23*6)+ROUNDDOWN(G23*6*10%,0)+ROUNDDOWN(G23*6*10%,0) -> 396 | V23: =(H23*6)+ROUNDDOWN(H23*6*10%,0)+ROUNDDOWN(H23*6*10%,0) -> 396 | W23: =(I23*6)+ROUNDDOWN(I23*6*10%,0)+ROUNDDOWN(I23*6*10%,0) -> 396 | X23: =(J23*6)+ROUNDDOWN(J23*6*10%,0)+ROUNDDOWN(J23*6*10%,0) -> 396 | Y23: =(K23*6)+ROUNDDOWN(K23*6*10%,0)+ROUNDDOWN(K23*6*10%,0) -> 396 | Z23: =(L23*6)+ROUNDDOWN(L23*6*10%,0)+ROUNDDOWN(L23*6*10%,0) -> 396 | AA23: =(M23*6)+ROUNDDOWN(M23*6*10%,0)+ROUNDDOWN(M23*6*10%,0) -> 396 | ... AE23: =(Q23*6)+ROUNDDOWN(Q23*6*10%,0)+ROUNDDOWN(Q23*6*10%,0) -> 396
B24: UAM | C24: São Paulo/SP | D24: Autorização | F24: 100 | G24: 100 | H24: 100 | I24: 100 | J24: 100 | K24: 100 | L24: 100 | M24: 100 | N24: 100 | O24: 100 | P24: 100 | Q24: 100 | T24: =(F24*6)+ROUNDDOWN(F24*6*10%,0)+ROUNDDOWN(F24*6*10%,0) -> 720 | U24: =(G24*6)+ROUNDDOWN(G24*6*10%,0)+ROUNDDOWN(G24*6*10%,0) -> 720 | V24: =(H24*6)+ROUNDDOWN(H24*6*10%,0)+ROUNDDOWN(H24*6*10%,0) -> 720 | W24: =(I24*6)+ROUNDDOWN(I24*6*10%,0)+ROUNDDOWN(I24*6*10%,0) -> 720 | X24: =(J24*6)+ROUNDDOWN(J24*6*10%,0)+ROUNDDOWN(J24*6*10%,0) -> 720 | Y24: =(K24*6)+ROUNDDOWN(K24*6*10%,0)+ROUNDDOWN(K24*6*10%,0) -> 720 | Z24: =(L24*6)+ROUNDDOWN(L24*6*10%,0)+ROUNDDOWN(L24*6*10%,0) -> 720 | AA24: =(M24*6)+ROUNDDOWN(M24*6*10%,0)+ROUNDDOWN(M24*6*10%,0) -> 720 | ... AE24: =(Q24*6)+ROUNDDOWN(Q24*6*10%,0)+ROUNDDOWN(Q24*6*10%,0) -> 720
B25: =B24 -> UAM | C25: =C24 -> São Paulo/SP | D25: Aumento 1 | F25: 30 | G25: 30 | H25: 30 | I25: 30 | J25: 30 | K25: 30 | L25: 30 | M25: 30 | N25: 30 | O25: 30 | P25: 30 | Q25: 30 | T25: =(F25*6)+ROUNDDOWN(F25*6*10%,0)+ROUNDDOWN(F25*6*10%,0) -> 216 | U25: =(G25*6)+ROUNDDOWN(G25*6*10%,0)+ROUNDDOWN(G25*6*10%,0) -> 216 | V25: =(H25*6)+ROUNDDOWN(H25*6*10%,0)+ROUNDDOWN(H25*6*10%,0) -> 216 | W25: =(I25*6)+ROUNDDOWN(I25*6*10%,0)+ROUNDDOWN(I25*6*10%,0) -> 216 | X25: =(J25*6)+ROUNDDOWN(J25*6*10%,0)+ROUNDDOWN(J25*6*10%,0) -> 216 | Y25: =(K25*6)+ROUNDDOWN(K25*6*10%,0)+ROUNDDOWN(K25*6*10%,0) -> 216 | Z25: =(L25*6)+ROUNDDOWN(L25*6*10%,0)+ROUNDDOWN(L25*6*10%,0) -> 216 | AA25: =(M25*6)+ROUNDDOWN(M25*6*10%,0)+ROUNDDOWN(M25*6*10%,0) -> 216 | ... AE25: =(Q25*6)+ROUNDDOWN(Q25*6*10%,0)+ROUNDDOWN(Q25*6*10%,0) -> 216
B26: =B25 -> UAM | C26: =C25 -> São Paulo/SP | D26: Aumento 2 | F26: 65 | G26: 65 | H26: 65 | I26: 65 | J26: 65 | K26: 65 | L26: 65 | M26: 65 | N26: 65 | O26: 65 | P26: 65 | Q26: 65 | T26: =(F26*6)+ROUNDDOWN(F26*6*10%,0)+ROUNDDOWN(F26*6*10%,0) -> 468 | U26: =(G26*6)+ROUNDDOWN(G26*6*10%,0)+ROUNDDOWN(G26*6*10%,0) -> 468 | V26: =(H26*6)+ROUNDDOWN(H26*6*10%,0)+ROUNDDOWN(H26*6*10%,0) -> 468 | W26: =(I26*6)+ROUNDDOWN(I26*6*10%,0)+ROUNDDOWN(I26*6*10%,0) -> 468 | X26: =(J26*6)+ROUNDDOWN(J26*6*10%,0)+ROUNDDOWN(J26*6*10%,0) -> 468 | Y26: =(K26*6)+ROUNDDOWN(K26*6*10%,0)+ROUNDDOWN(K26*6*10%,0) -> 468 | Z26: =(L26*6)+ROUNDDOWN(L26*6*10%,0)+ROUNDDOWN(L26*6*10%,0) -> 468 | AA26: =(M26*6)+ROUNDDOWN(M26*6*10%,0)+ROUNDDOWN(M26*6*10%,0) -> 468 | ... AE26: =(Q26*6)+ROUNDDOWN(Q26*6*10%,0)+ROUNDDOWN(Q26*6*10%,0) -> 468
B27: UAM | C27: Piracicaba/SP* | D27: Autorização | F27: 75 | G27: 75 | H27: 75 | I27: 75 | J27: 75 | K27: 75 | L27: 75 | M27: 75 | N27: 75 | O27: 75 | P27: 75 | Q27: 75 | T27: =(F27*4)+ROUNDDOWN(F27*4*10%,0)+ROUNDDOWN(F27*4*10%,0) -> 360 | U27: =(G27*5)+ROUNDDOWN(G27*5*10%,0)+ROUNDDOWN(G27*5*10%,0) -> 449 | V27: =(H27*6)+ROUNDDOWN(H27*6*10%,0)+ROUNDDOWN(H27*6*10%,0) -> 540 | W27: =(I27*6)+ROUNDDOWN(I27*6*10%,0)+ROUNDDOWN(I27*6*10%,0) -> 540 | X27: =(J27*6)+ROUNDDOWN(J27*6*10%,0)+ROUNDDOWN(J27*6*10%,0) -> 540 | Y27: =(K27*6)+ROUNDDOWN(K27*6*10%,0)+ROUNDDOWN(K27*6*10%,0) -> 540 | Z27: =(L27*6)+ROUNDDOWN(L27*6*10%,0)+ROUNDDOWN(L27*6*10%,0) -> 540 | AA27: =(M27*6)+ROUNDDOWN(M27*6*10%,0)+ROUNDDOWN(M27*6*10%,0) -> 540 | AB27: =(N27*6)+ROUNDDOWN(N27*6*10%,0)+ROUNDDOWN(N27*6*10%,0) -> 540 | AC27: =(O27*6)+ROUNDDOWN(O27*6*10%,0)+ROUNDDOWN(O27*6*10%,0) -> 540 | ... AE27: =(Q27*6)+ROUNDDOWN(Q27*6*10%,0)+ROUNDDOWN(Q27*6*10%,0) -> 540
B28: =B27 -> UAM | C28: =C27 -> Piracicaba/SP* | D28: Aumento 1 | F28: 25 | G28: 25 | H28: 25 | I28: 25 | J28: 25 | K28: 25 | L28: 25 | M28: 25 | N28: 25 | O28: 25 | P28: 25 | Q28: 25 | T28: =(F28*2)+ROUNDDOWN(F28*2*10%,0)+ROUNDDOWN(F28*2*10%,0) -> 60 | U28: =(G28*3)+ROUNDDOWN(G28*3*10%,0)+ROUNDDOWN(G28*3*10%,0) -> 89 | V28: =(H28*4)+ROUNDDOWN(H28*4*10%,0)+ROUNDDOWN(H28*4*10%,0) -> 120 | W28: =(I28*5)+ROUNDDOWN(I28*5*10%,0)+ROUNDDOWN(I28*5*10%,0) -> 149 | X28: =(J28*5)+ROUNDDOWN(J28*5*10%,0)+ROUNDDOWN(J28*5*10%,0) -> 149 | Y28: =(K28*5)+ROUNDDOWN(K28*5*10%,0)+ROUNDDOWN(K28*5*10%,0) -> 149 | Z28: =(L28*5)+ROUNDDOWN(L28*5*10%,0)+ROUNDDOWN(L28*5*10%,0) -> 149 | AA28: =(M28*6)+ROUNDDOWN(M28*6*10%,0)+ROUNDDOWN(M28*6*10%,0) -> 180 | AB28: =(N28*6)+ROUNDDOWN(N28*6*10%,0)+ROUNDDOWN(N28*6*10%,0) -> 180 | AC28: =(O28*6)+ROUNDDOWN(O28*6*10%,0)+ROUNDDOWN(O28*6*10%,0) -> 180 | AD28: =(P28*6)+ROUNDDOWN(P28*6*10%,0)+ROUNDDOWN(P28*6*10%,0) -> 180 | AE28: =(Q28*6)+ROUNDDOWN(Q28*6*10%,0)+ROUNDDOWN(Q28*6*10%,0) -> 180
B29: =B28 -> UAM | C29: =C28 -> Piracicaba/SP* | D29: Aumento 2 | G29: 13 | H29: 13 | I29: 13 | J29: 13 | K29: 13 | L29: 13 | M29: 13 | N29: 13 | O29: 13 | P29: 13 | Q29: 13 | U29: =(G29*1)+ROUND(G29*1*10%,0)+ROUND(G29*1*10%,0) -> 15 | V29: =(H29*2)+ROUNDDOWN(H29*2*10%,0)+ROUNDDOWN(H29*2*10%,0) -> 30 | W29: =(I29*3)+ROUNDDOWN(I29*3*10%,0)+ROUNDDOWN(I29*3*10%,0) -> 45 | X29: =(J29*3)+ROUNDDOWN(J29*3*10%,0)+ROUNDDOWN(J29*3*10%,0) -> 45 | Y29: =(K29*3)+ROUNDDOWN(K29*3*10%,0)+ROUNDDOWN(K29*3*10%,0) -> 45 | Z29: =(L29*3)+ROUNDDOWN(L29*3*10%,0)+ROUNDDOWN(L29*3*10%,0) -> 45 | AA29: =(M29*4)+ROUNDDOWN(M29*4*10%,0)+ROUNDDOWN(M29*4*10%,0) -> 62 | AB29: =(N29*5)+ROUNDDOWN(N29*5*10%,0)+ROUNDDOWN(N29*5*10%,0) -> 77 | AC29: =(O29*6)+ROUNDDOWN(O29*6*10%,0)+ROUNDDOWN(O29*6*10%,0) -> 92 | AD29: =(P29*6)+ROUNDDOWN(P29*6*10%,0)+ROUNDDOWN(P29*6*10%,0) -> 92 | AE29: =(Q29*6)+ROUNDDOWN(Q29*6*10%,0)+ROUNDDOWN(Q29*6*10%,0) -> 92
B30: UAM | C30: São José dos Campos/SP* | D30: Autorização | F30: 100 | G30: 100 | H30: 100 | I30: 100 | J30: 100 | K30: 100 | L30: 100 | M30: 100 | N30: 100 | O30: 100 | P30: 100 | Q30: 100 | T30: =(F30*4)+ROUNDDOWN(F30*4*10%,0)+ROUNDDOWN(F30*4*10%,0) -> 480 | U30: =(G30*5)+ROUNDDOWN(G30*5*10%,0)+ROUNDDOWN(G30*5*10%,0) -> 600 | V30: =(H30*6)+ROUNDDOWN(H30*6*10%,0)+ROUNDDOWN(H30*6*10%,0) -> 720 | W30: =(I30*6)+ROUNDDOWN(I30*6*10%,0)+ROUNDDOWN(I30*6*10%,0) -> 720 | X30: =(J30*6)+ROUNDDOWN(J30*6*10%,0)+ROUNDDOWN(J30*6*10%,0) -> 720 | Y30: =(K30*6)+ROUNDDOWN(K30*6*10%,0)+ROUNDDOWN(K30*6*10%,0) -> 720 | Z30: =(L30*6)+ROUNDDOWN(L30*6*10%,0)+ROUNDDOWN(L30*6*10%,0) -> 720 | AA30: =(M30*6)+ROUNDDOWN(M30*6*10%,0)+ROUNDDOWN(M30*6*10%,0) -> 720 | AB30: =(N30*6)+ROUNDDOWN(N30*6*10%,0)+ROUNDDOWN(N30*6*10%,0) -> 720 | AC30: =(O30*6)+ROUNDDOWN(O30*6*10%,0)+ROUNDDOWN(O30*6*10%,0) -> 720 | ... AE30: =(Q30*6)+ROUNDDOWN(Q30*6*10%,0)+ROUNDDOWN(Q30*6*10%,0) -> 720
B31: =B30 -> UAM | C31: =C30 -> São José dos Campos/SP* | D31: Aumento | F31: 40 | G31: 40 | H31: 40 | I31: 40 | J31: 40 | K31: 40 | L31: 40 | M31: 40 | N31: 40 | O31: 40 | P31: 40 | Q31: 40 | T31: =(F31*2)+ROUNDDOWN(F31*2*10%,0)+ROUNDDOWN(F31*2*10%,0) -> 96 | U31: =(G31*3)+ROUNDDOWN(G31*3*10%,0)+ROUNDDOWN(G31*3*10%,0) -> 144 | V31: =(H31*4)+ROUNDDOWN(H31*4*10%,0)+ROUNDDOWN(H31*4*10%,0) -> 192 | W31: =(I31*5)+ROUNDDOWN(I31*5*10%,0)+ROUNDDOWN(I31*5*10%,0) -> 240 | X31: =(J31*5)+ROUNDDOWN(J31*5*10%,0)+ROUNDDOWN(J31*5*10%,0) -> 240 | Y31: =(K31*5)+ROUNDDOWN(K31*5*10%,0)+ROUNDDOWN(K31*5*10%,0) -> 240 | Z31: =(L31*5)+ROUNDDOWN(L31*5*10%,0)+ROUNDDOWN(L31*5*10%,0) -> 240 | AA31: =(M31*6)+ROUNDDOWN(M31*6*10%,0)+ROUNDDOWN(M31*6*10%,0) -> 288 | AB31: =(N31*6)+ROUNDDOWN(N31*6*10%,0)+ROUNDDOWN(N31*6*10%,0) -> 288 | AC31: =(O31*6)+ROUNDDOWN(O31*6*10%,0)+ROUNDDOWN(O31*6*10%,0) -> 288 | AD31: =(P31*6)+ROUNDDOWN(P31*6*10%,0)+ROUNDDOWN(P31*6*10%,0) -> 288 | AE31: =(Q31*6)+ROUNDDOWN(Q31*6*10%,0)+ROUNDDOWN(Q31*6*10%,0) -> 288
B32: Unifg | C32: Brumado/BA* | D32: Autorização | F32: 50 | G32: 50 | H32: 50 | I32: 50 | J32: 50 | K32: 50 | L32: 50 | M32: 50 | N32: 50 | O32: 50 | P32: 50 | Q32: 50 | T32: =(F32*1)+ROUNDDOWN(F32*1*10%,0)+ROUNDDOWN(F32*1*10%,0) -> 60 | U32: =(G32*2)+ROUNDDOWN(G32*2*10%,0)+ROUNDDOWN(G32*2*10%,0) -> 120 | V32: =(H32*3)+ROUNDDOWN(H32*3*10%,0)+ROUNDDOWN(H32*3*10%,0) -> 180 | W32: =(I32*4)+ROUNDDOWN(I32*4*10%,0)+ROUNDDOWN(I32*4*10%,0) -> 240 | X32: =(J32*4)+ROUNDDOWN(J32*4*10%,0)+ROUNDDOWN(J32*4*10%,0) -> 240 | Y32: =(K32*4)+ROUNDDOWN(K32*4*10%,0)+ROUNDDOWN(K32*4*10%,0) -> 240 | Z32: =(L32*4)+ROUNDDOWN(L32*4*10%,0)+ROUNDDOWN(L32*4*10%,0) -> 240 | AA32: =(M32*5)+ROUNDDOWN(M32*5*10%,0)+ROUNDDOWN(M32*5*10%,0) -> 300 | AB32: =(N32*6)+ROUNDDOWN(N32*6*10%,0)+ROUNDDOWN(N32*6*10%,0) -> 360 | AC32: =(O32*6)+ROUNDDOWN(O32*6*10%,0)+ROUNDDOWN(O32*6*10%,0) -> 360 | AD32: =(P32*6)+ROUNDDOWN(P32*6*10%,0)+ROUNDDOWN(P32*6*10%,0) -> 360 | AE32: =(Q32*6)+ROUNDDOWN(Q32*6*10%,0)+ROUNDDOWN(Q32*6*10%,0) -> 360
B33: UNA | C33: Tucuruí* | D33: Autorização | K33: 50 | L33: 50 | M33: 50 | N33: 50 | O33: 50 | P33: 50 | Q33: 50 | Y33: =(K33*1)+ROUNDDOWN(K33*1*10%,0)+ROUNDDOWN(K33*1*10%,0) -> 60 | Z33: =(L33*1)+ROUNDDOWN(L33*1*10%,0)+ROUNDDOWN(L33*1*10%,0) -> 60 | AA33: =(M33*2)+ROUNDDOWN(M33*2*10%,0)+ROUNDDOWN(M33*2*10%,0) -> 120 | AB33: =(N33*3)+ROUNDDOWN(N33*3*10%,0)+ROUNDDOWN(N33*3*10%,0) -> 180 | AC33: =(O33*4)+ROUNDDOWN(O33*4*10%,0)+ROUNDDOWN(O33*4*10%,0) -> 240 | AD33: =(P33*5)+ROUNDDOWN(P33*5*10%,0)+ROUNDDOWN(P33*5*10%,0) -> 300 | AE33: =(Q33*6)+ROUNDDOWN(Q33*6*10%,0)+ROUNDDOWN(Q33*6*10%,0) -> 360
C34: Total | E34: =SUM(E6:E33) -> 495 | F34: =SUM(F6:F33) -> 1729 | G34: =SUM(G6:G33) -> 1742 | H34: =SUM(H6:H33) -> 1742 | I34: =SUM(I6:I33) -> 1742 | J34: =SUM(J6:J33) -> 1742 | K34: =SUM(K6:K33) -> 1892 | L34: =SUM(L6:L33) -> 1892 | ... Q34: =SUM(Q6:Q33) -> 1892 | S34: =SUM(S6:S33) -> 2828 | T34: =SUM(T6:T33) -> 10507 | U34: =SUM(U6:U33) -> 11372 | V34: =SUM(V6:V33) -> 11986 | W34: =SUM(W6:W33) -> 12234 | X34: =SUM(X6:X33) -> 12234 | Y34: =SUM(Y6:Y33) -> 12414 | Z34: =SUM(Z6:Z33) -> 12414 | ... AE34: =SUM(AE6:AE33) -> 13620
C37: Ano em que a vaga se torna madura / vaga já madura na data da aquisição.
C38: Projeção - maturação da vaga já existente (crescimento contratado)
B39: * | C39: Cursos autorizados através do programa Mais Médicos. Dados para o final do período.
B40: ** | C40: Número máximo de alunos inclui as vagas adicionais às autorizadas para os programas FIES (10%) e PROUNI (10%)

Sheet >> visões descontinuadas

Sheet DRE Ensino Acadêmico - Antigo
B1: DRE Ensino Acadêmico - Antigo
B2: Voltar
B4: R$ milhões | C4: 1T20 | D4: 2T20 | E4: 3T20 | F4: 4T20 | G4: 1T21 | H4: 2T21 | I4: 3T21 | J4: 4T21 | K4: 1T22 | L4: 2T22 | M4: 3T22 | N4: 4T22 | O4: 1T23 | P4: 2T23 | Q4: 3T23 | R4: 4T23
B5: (exceto quando indicado)
B6: Receita Bruta | C6: 655.24744 | D6: 632.24568 | E6: 637.48068 | F6: 634.38519 | G6: 759.49084 | H6: 1039.6479 | I6: 1525.3277 | J6: 1529.7893 | K6: 1676.1885 | L6: 1729.9269 | M6: 1732.3739 | N6: 1549.1053 | O6: 1840.397 | P6: 1856.5983 | Q6: 1775.5896 | R6: 1758.5264
B7: Descontos, Deduções & Bolsas | C7: -327.27406 | D7: -283.46078 | E7: -299.03169 | F7: -279.86032 | G7: -357.50115 | H7: -473.90924 | I7: -716.70079 | J7: -707.04638 | K7: -780.04415 | L7: -825.24361 | M7: -843.26985 | N7: -730.75261 | O7: -889.52884 | P7: -936.8454 | Q7: -853.62518 | R7: -869.94539
B8: Impostos & Taxas | C8: -9.4651284 | D8: -10.076811 | E8: -10.279912 | F8: -10.215843 | G8: -11.59819 | H8: -19.685463 | I8: -32.674632 | J8: -32.913405 | K8: -33.905432 | L8: -35.150973 | M8: -33.800976 | N8: -29.464549 | O8: -33.811973 | P8: -32.867016 | Q8: -32.985428 | R8: -31.673812
B9: Receita Líquida | C9: 318.50825 | D9: 338.70809 | E9: 328.16908 | F9: 344.30902 | G9: 390.3915 | H9: 546.05319 | I9: 775.95228 | J9: 789.82953 | K9: 862.23891 | L9: 869.53232 | M9: 855.30304 | N9: 788.88818 | O9: 917.0562 | P9: 886.88591 | Q9: 888.97901 | R9: 856.90719
B10: Total de Custos | C10: -119.55281 | D10: -144.41362 | E10: -133.79051 | F10: -147.93616 | G10: -141.59146 | H10: -203.50354 | I10: -265.91062 | J10: -328.38522 | K10: -242.59061 | L10: -330.58367 | M10: -314.38088 | N10: -347.29058 | O10: -273.0692 | P10: -356.40059 | Q10: -292.12424 | R10: -318.017
B11: Pessoal | C11: -97.613298 | D11: -127.17935 | E11: -114.16629 | F11: -124.95399 | G11: -116.17366 | H11: -164.56361 | I11: -213.94788 | J11: -253.60995 | K11: -177.57929 | L11: -243.84264 | M11: -231.32667 | N11: -246.78098 | O11: -198.3974 | P11: -266.55267 | Q11: -215.42359 | R11: -230.26609
B12: Serviços de Terceiros | C12: -7.402457 | D12: -5.1515507 | E12: -6.3371781 | F12: -5.8522822 | G12: -8.729867 | H12: -13.972842 | I12: -19.628094 | J12: -21.300995 | K12: -19.311597 | L12: -23.205663 | M12: -20.737931 | N12: -24.665822 | O12: -21.444016 | P12: -26.240378 | Q12: -26.493018 | R12: -19.314767
B13: Aluguel & Ocupação | C13: -7.1041909 | D13: -5.5759205 | E13: -5.4509874 | F13: -5.4096639 | G13: -7.0219037 | H13: -10.197971 | I13: -3.9863812 | J13: -12.90589 | K13: -19.421127 | L13: -20.736608 | M13: -18.874837 | N13: -26.267089 | O13: -15.061891 | P13: -20.192368 | Q13: -15.421797 | R13: -18.535931
B14: Outras | C14: -7.432866 | D14: -6.5068042 | E14: -7.8360536 | F14: -11.72022 | G14: -9.66603 | H14: -14.769114 | I14: -28.348266 | J14: -40.568383 | K14: -26.278596 | L14: -42.798749 | M14: -43.441449 | N14: -49.576687 | O14: -38.165888 | P14: -43.415172 | Q14: -34.785835 | R14: -49.900215
B15: Lucro Bruto (excl Depreciação e Amortização) | C15: 198.95543 | D15: 194.29447 | E15: 194.37857 | F15: 196.37286 | G15: 248.80004 | H15: 342.54965 | I15: 510.04166 | J15: 461.44432 | K15: 619.64829 | L15: 538.94866 | M15: 540.92216 | N15: 441.5976 | O15: 643.987 | P15: 530.48532 | Q15: 596.85477 | R15: 538.8902
B16: Despesas Comerciais | C16: -28.611446 | D16: -38.602157 | E16: -28.239531 | F16: -51.850171 | G16: -31.681178 | H16: -65.045291 | I16: -20.520357 | J16: -143.66767 | K16: -104.95619 | L16: -86.564275 | M16: -74.314082 | N16: -104.91749 | O16: -118.20264 | P16: -93.537331 | Q16: -117.68002 | R16: -92.503185
B17: PDD | C17: -9.7994838 | D17: -28.148002 | E17: -13.292345 | F17: -26.640942 | G17: -13.080446 | H17: -45.901734 | I17: 21.253499 | J17: -98.125285 | K17: -54.690174 | L17: -59.946287 | M17: -19.625069 | N17: -39.694105 | O17: -55.461212 | P17: -33.643269 | Q17: -49.695074 | R17: -32.968951
... B29: Resultado Operacional | C29: 145.74045 | D29: 127.4921 | E29: 127.5484 | F29: 96.268812 | G29: 186.82877 | H29: 219.65085 | I29: 432.76006 | J29: 244.29497 | K29: 422.06341 | L29: 367.3531 | M29: 374.15209 | N29: 238.95 | O29: 409.29699 | P29: 338.31686 | Q29: 372.20094 | R29: 333.72206

Sheet DRE Lifelong Learning - Antigo
B1: DRE Ensino Lifelong Learning - Antigo
B2: Voltar
B4: R$ milhões | C4: 1T20 | D4: 2T20 | E4: 3T20 | F4: 4T20 | G4: 1T21 | H4: 2T21 | I4: 3T21 | J4: 4T21 | K4: 1T22 | L4: 2T22 | M4: 3T22 | N4: 4T22 | O4: 1T23 | P4: 2T23 | Q4: 3T23 | R4: 4T23
B5: (exceto quando indicado)
B6: Receita Bruta | C6: 28.846346 | D6: 27.30807 | E6: 34.283184 | F6: 42.652434 | G6: 28.162234 | H6: 56.908288 | I6: 89.041666 | J6: 116.34798 | K6: 85.328554 | L6: 92.579288 | M6: 96.855068 | N6: 116.21309 | O6: 88.505609 | P6: 106.6071 | Q6: 110.46506 | R6: 110.27467
B7: Descontos, Deduções & Bolsas | C7: -7.2818075 | D7: -8.6392751 | E7: -9.8254679 | F7: -8.5875718 | G7: -8.4170217 | H7: -23.535264 | I7: -44.570453 | J7: -52.440032 | K7: -42.024918 | L7: -48.155748 | M7: -42.779145 | N7: -55.156641 | O7: -48.268998 | P7: -57.369707 | Q7: -54.609933 | R7: -57.293166
B8: Impostos & Taxas | C8: -1.4550744 | D8: -1.2424946 | E8: -1.6815008 | F8: -2.4486306 | G8: -1.4251887 | H8: -2.5192364 | I8: -3.7401459 | J8: -5.2299427 | K8: -3.162371 | L8: -3.4833068 | M8: -4.1424908 | N8: -4.8036964 | O8: -2.870524 | P8: -3.6991102 | Q8: -4.4270495 | R8: -4.2026184
B9: Receita Líquida | C9: 20.109464 | D9: 17.426301 | E9: 22.776215 | F9: 31.616231 | G9: 18.320024 | H9: 30.853788 | I9: 40.731066 | J9: 58.678005 | K9: 40.141264 | L9: 40.940233 | M9: 49.933432 | N9: 56.25275 | O9: 37.366087 | P9: 45.538278 | Q9: 51.428074 | R9: 48.778881
B10: Total de Custos | C10: -6.7894348 | D10: -4.8137359 | E10: -6.4366296 | F10: -11.377062 | G10: -5.9167669 | H10: -8.5267072 | I10: -13.204381 | J10: -23.508327 | K10: -8.803422 | L10: -9.8502331 | M10: -15.126897 | N10: -19.270266 | O10: -6.8145097 | P10: -7.7853034 | Q10: -11.038674 | R10: -9.1514299
B11: Pessoal | C11: -2.0985601 | D11: -1.7043022 | E11: -1.6491215 | F11: -1.6924584 | G11: -1.3091622 | H11: -1.7638797 | I11: -2.5381331 | J11: -2.2428478 | K11: -1.5417105 | L11: -2.2505424 | M11: -2.1621937 | N11: -1.9391263 | O11: -0.95383613 | P11: -1.6145732 | Q11: -0.68723589 | R11: -1.3894767
B12: Serviços de Terceiros | C12: -3.0160712 | D12: -2.3514748 | E12: -3.901118 | F12: -6.6345658 | G12: -3.725226 | H12: -5.2878672 | I12: -8.4545298 | J12: -12.91171 | K12: -5.4524391 | L12: -5.8994299 | M12: -9.2456725 | N12: -10.689027 | O12: -3.7122473 | P12: -4.6798009 | Q12: -6.940885 | R12: -5.723948
B13: Aluguel & Ocupação | C13: -0.52952947 | D13: -0.39296191 | E13: -0.3895389 | F13: -0.40496634 | G13: -0.49266875 | H13: -0.79555162 | I13: -0.65871221 | J13: -2.5852094 | K13: -0.90238636 | L13: -0.64002453 | M13: -0.26043526 | N13: -1.6236252 | O13: -0.3953782 | P13: -0.03751342 | Q13: -0.21399757 | R13: -0.11145282
B14: Outras | C14: -1.1452741 | D14: -0.36499697 | E14: -0.49685124 | F14: -2.6450713 | G14: -0.38971 | H14: -0.6794086 | I14: -1.5530061 | J14: -5.768559 | K14: -0.90688609 | L14: -1.0602363 | M14: -3.4585956 | N14: -5.0184871 | O14: -1.753048 | P14: -1.4534159 | Q14: -3.1965552 | R14: -1.9265524
B15: Lucro Bruto (excl Depreciação e Amortização) | C15: 13.320029 | D15: 12.612565 | E15: 16.339586 | F15: 20.239169 | G15: 12.403257 | H15: 22.327081 | I15: 27.526685 | J15: 35.169678 | K15: 31.337842 | L15: 31.09 | M15: 34.806535 | N15: 36.982484 | O15: 30.551577 | P15: 37.752975 | Q15: 40.3894 | R15: 39.627451
B16: Despesas Comerciais | C16: -3.5554262 | D16: -3.8573082 | E16: -3.8860741 | F16: -6.371506 | G16: -4.958577 | H16: -4.190372 | I16: -17.189595 | J16: -15.664831 | K16: -4.1974768 | L16: -8.7047218 | M16: -13.434999 | N16: -8.8577194 | O16: -4.0749053 | P16: -11.913458 | Q16: -12.834334 | R16: -13.55484
B17: PDD | C17: -1.7517728 | D17: -1.2037252 | E17: -1.5179906 | F17: -3.0690085 | G17: -2.416691 | H17: -0.88539049 | I17: -13.332356 | J17: -8.9555777 | K17: -1.0018587 | L17: -5.2929969 | M17: -9.5439543 | N17: -4.7010159 | O17: 0.51640857 | P17: -6.9913312 | Q17: -4.83425 | R17: -9.3259039
